Workbook
Name _Int_cvijGsdv: 'VEHICULOS POR ITEMS UNITARIOS'!$B$375

Sheet VEHICULOS POR ITEMS UNITARIOS
A1: ESTUDIO DE MERCADO PROCESO CUYO OBJETO ES: “LA PRESTACIÓN DEL SERVICIO DE MANTENIMIENTO GENERAL A TODO COSTO Y REVISIÓN TÉCNICO-MECÁNICA PARA LOS VEHÍCULOS PERTENECIENTES A EL GRUPO AÉREO DEL ORIENTE”.
D7: MITSUBISHI MONTERO HARDTOP | H7: CHEVROLET DMAX | L7: AMBULANCIA FORD RANGER | P7: AMBULANCIA CHEVROLET DMAX | T7: FORD SUPER DUTY | X7: TOYOTA HILUX | AB7: NISSAN NP300 FRONTIER | AF7: RENAULT MASTER | AJ7: CHEVROLET NHR RWD | AN7: CHEVROLET NPR | AR7: CHEVROLET NQR RW | AV7: CHEVROLET NKR | AZ7: CHEVROLET FVR 700P | BD7: CARROTANQUE CHEVROLET FVR | BH7: CARROTANQUE CHEVROLET NPR
A8: ITEM | B8: DESCRIPCIÓN / VEHÍCULO | C8: N° UNIDADES | D8: FUENTE 1: TALLERES REGIONALES DE TRANSPORTE NIT: 901.645.666-1 | E8: FUENTE 2: IMPORTADORA KOREA SAS NIT: 830.023.518-3 | F8: FUENTE 3: CARVIP COLOMBIA NIT: 901.663.266-5 | G8: VALOR PROMEDIO (VALOR ESTIMADO POR LA ENTIDAD) | H8: FUENTE 1: TALLERES REGIONALES DE TRANSPORTE NIT: 901.645.666-1 | I8: FUENTE 2: IMPORTADORA KOREA SAS NIT: 830.023.518-3 | J8: FUENTE 3: CARVIP COLOMBIA NIT: 901.663.266-5 | K8: VALOR PROMEDIO (VALOR ESTIMADO POR LA ENTIDAD) | L8: FUENTE 1: TALLERES REGIONALES DE TRANSPORTE NIT: 901.645.666-1 | M8: FUENTE 2: IMPORTADORA KOREA SAS NIT: 830.023.518-3 | N8: FUENTE 3: CARVIP COLOMBIA NIT: 901.663.266-5 | O8: VALOR PROMEDIO (VALOR ESTIMADO POR LA ENTIDAD) | P8: FUENTE 1: TALLERES REGIONALES DE TRANSPORTE NIT: 901.645.666-1 | Q8: FUENTE 2: IMPORTADORA KOREA SAS NIT: 830.023.518-3 | R8: FUENTE 3: CARVIP COLOMBIA NIT: 901.663.266-5 | S8: VALOR PROMEDIO (VALOR ESTIMADO POR LA ENTIDAD) | T8: FUENTE 1: TALLERES REGIONALES DE TRANSPORTE NIT: 901.645.666-1 | U8: FUENTE 2: IMPORTADORA KOREA SAS NIT: 830.023.518-3 | V8: FUENTE 3: CARVIP COLOMBIA NIT: 901.663.266-5 | W8: VALOR PROMEDIO (VALOR ESTIMADO POR LA ENTIDAD) | X8: FUENTE 1: TALLERES REGIONALES DE TRANSPORTE NIT: 901.645.666-1 | Y8: FUENTE 2: IMPORTADORA KOREA SAS NIT: 830.023.518-3 | Z8: FUENTE 3: CARVIP COLOMBIA NIT: 901.663.266-5 | AA8: VALOR PROMEDIO (VALOR ESTIMADO POR LA ENTIDAD) | AB8: FUENTE 1: TALLERES REGIONALES DE TRANSPORTE NIT: 901.645.666-1 | AC8: FUENTE 2: IMPORTADORA KOREA SAS NIT: 830.023.518-3 | AD8: FUENTE 3: CARVIP COLOMBIA NIT: 901.663.266-5 | AE8: VALOR PROMEDIO (VALOR ESTIMADO POR LA ENTIDAD) | AF8: FUENTE 1: TALLERES REGIONALES DE TRANSPORTE NIT: 901.645.666-1 | AG8: FUENTE 2: IMPORTADORA KOREA SAS NIT: 830.023.518-3 | AH8: FUENTE 3: CARVIP COLOMBIA NIT: 901.663.266-5 | AI8: VALOR PROMEDIO (VALOR ESTIMADO POR LA ENTIDAD) | AJ8: FUENTE 1: TALLERES REGIONALES DE TRANSPORTE NIT: 901.645.666-1 | AK8: FUENTE 2: IMPORTADORA KOREA SAS NIT: 830.023.518-3 | AL8: FUENTE 3: CARVIP COLOMBIA NIT: 901.663.266-5 | AM8: VALOR PROMEDIO (VALOR ESTIMADO POR LA ENTIDAD) | AN8: FUENTE 1: TALLERES REGIONALES DE TRANSPORTE NIT: 901.645.666-1 | AO8: FUENTE 2: IMPORTADORA KOREA SAS NIT: 830.023.518-3 | AP8: FUENTE 3: CARVIP COLOMBIA NIT: 901.663.266-5 | AQ8: VALOR PROMEDIO (VALOR ESTIMADO POR LA ENTIDAD) | AR8: FUENTE 1: TALLERES REGIONALES DE TRANSPORTE NIT: 901.645.666-1 | AS8: FUENTE 2: IMPORTADORA KOREA SAS NIT: 830.023.518-3 | AT8: FUENTE 3: CARVIP COLOMBIA NIT: 901.663.266-5 | AU8: VALOR PROMEDIO (VALOR ESTIMADO POR LA ENTIDAD) | AV8: FUENTE 1: TALLERES REGIONALES DE TRANSPORTE NIT: 901.645.666-1 | AW8: FUENTE 2: IMPORTADORA KOREA SAS NIT: 830.023.518-3 | AX8: FUENTE 3: CARVIP COLOMBIA NIT: 901.663.266-5 | AY8: VALOR PROMEDIO (VALOR ESTIMADO POR LA ENTIDAD) | AZ8: FUENTE 1: TALLERES REGIONALES DE TRANSPORTE NIT: 901.645.666-1 | BA8: FUENTE 2: IMPORTADORA KOREA SAS NIT: 830.023.518-3 | BB8: FUENTE 3: CARVIP COLOMBIA NIT: 901.663.266-5 | BC8: VALOR PROMEDIO (VALOR ESTIMADO POR LA ENTIDAD) | BD8: FUENTE 1: TALLERES REGIONALES DE TRANSPORTE NIT: 901.645.666-1 | BE8: FUENTE 2: IMPORTADORA KOREA SAS NIT: 830.023.518-3 | BF8: FUENTE 3: CARVIP COLOMBIA NIT: 901.663.266-5 | BG8: VALOR PROMEDIO (VALOR ESTIMADO POR LA ENTIDAD) | BH8: FUENTE 1: TALLERES REGIONALES DE TRANSPORTE NIT: 901.645.666-1 | BI8: FUENTE 2: IMPORTADORA KOREA SAS NIT: 830.023.518-3 | BJ8: FUENTE 3: CARVIP COLOMBIA NIT: 901.663.266-5 | BK8: VALOR PROMEDIO (VALOR ESTIMADO POR LA ENTIDAD)
B9: DESCRIPCIÓN | D9: VALOR UNITARIO A TODO COSTO SIN IVA | E9: VALOR UNITARIO A TODO COSTO SIN IVA | F9: VALOR UNITARIO A TODO COSTO SIN IVA | G9: VALOR UNITARIO A TODO COSTO SIN IVA | H9: VALOR UNITARIO A TODO COSTO SIN IVA | I9: VALOR UNITARIO A TODO COSTO SIN IVA | J9: VALOR UNITARIO A TODO COSTO SIN IVA | K9: VALOR UNITARIO A TODO COSTO SIN IVA | L9: VALOR UNITARIO A TODO COSTO SIN IVA | M9: VALOR UNITARIO A TODO COSTO SIN IVA | N9: VALOR UNITARIO A TODO COSTO SIN IVA | O9: VALOR UNITARIO A TODO COSTO SIN IVA | P9: VALOR UNITARIO A TODO COSTO SIN IVA | Q9: VALOR UNITARIO A TODO COSTO SIN IVA | R9: VALOR UNITARIO A TODO COSTO SIN IVA | S9: VALOR UNITARIO A TODO COSTO SIN IVA | T9: VALOR UNITARIO A TODO COSTO SIN IVA | U9: VALOR UNITARIO A TODO COSTO SIN IVA | V9: VALOR UNITARIO A TODO COSTO SIN IVA | W9: VALOR UNITARIO A TODO COSTO SIN IVA | X9: VALOR UNITARIO A TODO COSTO SIN IVA | Y9: VALOR UNITARIO A TODO COSTO SIN IVA | Z9: VALOR UNITARIO A TODO COSTO SIN IVA | AA9: VALOR UNITARIO A TODO COSTO SIN IVA | AB9: VALOR UNITARIO A TODO COSTO SIN IVA | AC9: VALOR UNITARIO A TODO COSTO SIN IVA | AD9: VALOR UNITARIO A TODO COSTO SIN IVA | AE9: VALOR UNITARIO A TODO COSTO SIN IVA | AF9: VALOR UNITARIO A TODO COSTO SIN IVA | AG9: VALOR UNITARIO A TODO COSTO SIN IVA | AH9: VALOR UNITARIO A TODO COSTO SIN IVA | AI9: VALOR UNITARIO A TODO COSTO SIN IVA | AJ9: VALOR UNITARIO A TODO COSTO SIN IVA | AK9: VALOR UNITARIO A TODO COSTO SIN IVA | AL9: VALOR UNITARIO A TODO COSTO SIN IVA | AM9: VALOR UNITARIO A TODO COSTO SIN IVA | AN9: VALOR UNITARIO A TODO COSTO SIN IVA | AO9: VALOR UNITARIO A TODO COSTO SIN IVA | AP9: VALOR UNITARIO A TODO COSTO SIN IVA | AQ9: VALOR UNITARIO A TODO COSTO SIN IVA | AR9: VALOR UNITARIO A TODO COSTO SIN IVA | AS9: VALOR UNITARIO A TODO COSTO SIN IVA | AT9: VALOR UNITARIO A TODO COSTO SIN IVA | AU9: VALOR UNITARIO A TODO COSTO SIN IVA | AV9: VALOR UNITARIO A TODO COSTO SIN IVA | AW9: VALOR UNITARIO A TODO COSTO SIN IVA | AX9: VALOR UNITARIO A TODO COSTO SIN IVA | AY9: VALOR UNITARIO A TODO COSTO SIN IVA | AZ9: VALOR UNITARIO A TODO COSTO SIN IVA | BA9: VALOR UNITARIO A TODO COSTO SIN IVA | BB9: VALOR UNITARIO A TODO COSTO SIN IVA | BC9: VALOR UNITARIO A TODO COSTO SIN IVA | BD9: VALOR UNITARIO A TODO COSTO SIN IVA | BE9: VALOR UNITARIO A TODO COSTO SIN IVA | BF9: VALOR UNITARIO A TODO COSTO SIN IVA | BG9: VALOR UNITARIO A TODO COSTO SIN IVA | BH9: VALOR UNITARIO A TODO COSTO SIN IVA | BI9: VALOR UNITARIO A TODO COSTO SIN IVA | BJ9: VALOR UNITARIO A TODO COSTO SIN IVA | BK9: VALOR UNITARIO A TODO COSTO SIN IVA
B10: COMPONENTES MOTOR
A11: 1 | B11: Cambio de Aceite hidráulico | C11: 1 | D11: 273718.34 | E11: 233000 | F11: 248834.85 | G11: =ROUND(AVERAGE(D11,E11,F11),2) -> 251851.06 | H11: 366782.57 | I11: 312220 | J11: 333438.7 | K11: =ROUND(AVERAGE(H11,I11,J11),2) -> 337480.42 | L11: 491488.65 | M11: 418374.8 | N11: 446807.86 | O11: =ROUND(AVERAGE(L11,M11,N11),2) -> 452223.77 | P11: 366782.57 | Q11: 312220 | R11: 333438.7 | S11: =ROUND(AVERAGE(P11,Q11,R11),2) -> 337480.42 | T11: 531834.73 | U11: 452719 | V11: 483486.12 | W11: =ROUND(AVERAGE(T11,U11,V11),2) -> 489346.61 | X11: 421799.96 | Y11: 359053 | Z11: 383454.51 | AA11: =ROUND(AVERAGE(X11,Y11,Z11),2) -> 388102.49 | AB11: 585018.2 | AC11: 497990.9 | AD11: 531834.73 | AE11: =ROUND(AVERAGE(AB11,AC11,AD11),2) -> 538281.28 | AF11: 614269.11 | AG11: 522890.45 | AH11: 558426.46 | AI11: =ROUND(AVERAGE(AF11,AG11,AH11),2) -> 565195.34 | AJ11: 675696.02 | AK11: 575179.49 | AL11: 614269.11 | AM11: =ROUND(AVERAGE(AJ11,AK11,AL11),2) -> 621714.87 | AN11: 709480.82 | AO11: 603938.46 | AP11: 644982.57 | AQ11: =ROUND(AVERAGE(AN11,AO11,AP11),2) -> 652800.62 | AR11: 722994.74 | AS11: 615442.05 | AT11: 657267.95 | AU11: =ROUND(AVERAGE(AR11,AS11,AT11),2) -> 665234.92 | AV11: 780834.32 | AW11: 664677.42 | AX11: 709849.38 | AY11: =ROUND(AVERAGE(AV11,AW11,AX11),2) -> 718453.71 | AZ11: 937001.19 | BA11: 797612.9 | BB11: 851819.26 | BC11: =ROUND(AVERAGE(AZ11,BA11,BB11),2) -> 862144.45 | BD11: 937001.19 | BE11: 797612.9 | BF11: 851819.26 | BG11: =ROUND(AVERAGE(BD11,BE11,BF11),2) -> 862144.45 | BH11: 812067.7 | BI11: 691264.51 | BJ11: 738243.36 | BK11: =ROUND(AVERAGE(BH11,BI11,BJ11),2) -> 747191.86
A12: 2 | B12: Cambio de Aceite motor | C12: 1 | D12: 361170.29 | E12: 307000 | F12: 328336.63 | G12: =ROUND(AVERAGE(D12,E12,F12),2) -> 332168.97 | H12: 483968.19 | I12: 411380 | J12: 439971.08 | K12: =ROUND(AVERAGE(H12,I12,J12),2) -> 445106.42 | L12: 648517.37 | M12: 551249.2 | N12: 589561.25 | O12: =ROUND(AVERAGE(L12,M12,N12),2) -> 596442.61 | P12: 483968.19 | Q12: 411380 | R12: 439971.08 | S12: =ROUND(AVERAGE(P12,Q12,R12),2) -> 445106.42 | T12: 701753.87 | U12: 596501 | V12: 637958.07 | W12: =ROUND(AVERAGE(T12,U12,V12),2) -> 645404.31 | X12: 556563.42 | Y12: 473087 | Z12: 505966.74 | AA12: =ROUND(AVERAGE(X12,Y12,Z12),2) -> 511872.39 | AB12: 771929.26 | AC12: 656151.1 | AD12: 701753.87 | AE12: =ROUND(AVERAGE(AB12,AC12,AD12),2) -> 709944.74 | AF12: 810525.72 | AG12: 688958.66 | AH12: 736841.57 | AI12: =ROUND(AVERAGE(AF12,AG12,AH12),2) -> 745441.98 | AJ12: 891578.3 | AK12: 757854.52 | AL12: 810525.72 | AM12: =ROUND(AVERAGE(AJ12,AK12,AL12),2) -> 819986.18 | AN12: 936157.21 | AO12: 795747.25 | AP12: 851052.01 | AQ12: =ROUND(AVERAGE(AN12,AO12,AP12),2) -> 860985.49 | AR12: 953988.78 | AS12: 810904.34 | AT12: 867262.52 | AU12: =ROUND(AVERAGE(AR12,AS12,AT12),2) -> 877385.21 | AV12: 1030307.9 | AW12: 875776.68 | AX12: 936643.53 | AY12: =ROUND(AVERAGE(AV12,AW12,AX12),2) -> 947576.03 | AZ12: 1236369.5 | BA12: 1050932 | BB12: 1123972.2 | BC12: =ROUND(AVERAGE(AZ12,BA12,BB12),2) -> 1137091.2 | BD12: 1236369.5 | BE12: 1050932 | BF12: 1123972.2 | BG12: =ROUND(AVERAGE(BD12,BE12,BF12),2) -> 1137091.2 | BH12: 1071520.2 | BI12: 910807.75 | BJ12: 974109.27 | BK12: =ROUND(AVERAGE(BH12,BI12,BJ12),2) -> 985479.07
A13: 3 | B13: Cambio de Hidraulico | C13: 1 | D13: 212832.49 | E13: 181000 | F13: 193484.08 | G13: =ROUND(AVERAGE(D13,E13,F13),2) -> 195772.19 | H13: 285195.54 | I13: 242540 | J13: 259268.67 | K13: =ROUND(AVERAGE(H13,I13,J13),2) -> 262334.74 | L13: 382162.02 | M13: 325003.6 | N13: 347420.02 | O13: =ROUND(AVERAGE(L13,M13,N13),2) -> 351528.55 | P13: 285195.54 | Q13: 242540 | R13: 259268.67 | S13: =ROUND(AVERAGE(P13,Q13,R13),2) -> 262334.74 | T13: 413533.53 | U13: 351683 | V13: 375939.57 | W13: =ROUND(AVERAGE(T13,U13,V13),2) -> 380385.37 | X13: 327974.87 | Y13: 278921 | Z13: 298158.97 | AA13: =ROUND(AVERAGE(X13,Y13,Z13),2) -> 301684.95 | AB13: 454886.89 | AC13: 386851.3 | AD13: 413533.53 | AE13: =ROUND(AVERAGE(AB13,AC13,AD13),2) -> 418423.91 | AF13: 477631.23 | AG13: 406193.87 | AH13: 434210.21 | AI13: =ROUND(AVERAGE(AF13,AG13,AH13),2) -> 439345.1 | AJ13: 525394.35 | AK13: 446813.25 | AL13: 477631.23 | AM13: =ROUND(AVERAGE(AJ13,AK13,AL13),2) -> 483279.61 | AN13: 551664.07 | AO13: 469153.91 | AP13: 501512.79 | AQ13: =ROUND(AVERAGE(AN13,AO13,AP13),2) -> 507443.59 | AR13: 562171.96 | AS13: 478090.18 | AT13: 511065.42 | AU13: =ROUND(AVERAGE(AR13,AS13,AT13),2) -> 517109.18 | AV13: 607145.71 | AW13: 516337.39 | AX13: 551950.65 | AY13: =ROUND(AVERAGE(AV13,AW13,AX13),2) -> 558477.92 | AZ13: 728574.86 | BA13: 619604.87 | BB13: 662340.78 | BC13: =ROUND(AVERAGE(AZ13,BA13,BB13),2) -> 670173.5 | BD13: 728574.86 | BE13: 619604.87 | BF13: 662340.78 | BG13: =ROUND(AVERAGE(BD13,BE13,BF13),2) -> 670173.5 | BH13: 631431.54 | BI13: 536990.89 | BJ13: 574028.68 | BK13: =ROUND(AVERAGE(BH13,BI13,BJ13),2) -> 580817.04
A14: 4 | B14: Cambio de valvulina | C14: 1 | D14: 180585.14 | E14: 153000 | F14: 164168.31 | G14: =ROUND(AVERAGE(D14,E14,F14),2) -> 165917.82 | H14: 241984.09 | I14: 205020 | J14: 219985.54 | K14: =ROUND(AVERAGE(H14,I14,J14),2) -> 222329.88 | L14: 324258.69 | M14: 274726.8 | N14: 294780.62 | O14: =ROUND(AVERAGE(L14,M14,N14),2) -> 297922.04 | P14: 241984.09 | Q14: 205020 | R14: 219985.54 | S14: =ROUND(AVERAGE(P14,Q14,R14),2) -> 222329.88 | T14: 350876.94 | U14: 297279 | V14: 318979.03 | W14: =ROUND(AVERAGE(T14,U14,V14),2) -> 322378.32 | X14: 278281.71 | Y14: 235773 | Z14: 252983.37 | AA14: =ROUND(AVERAGE(X14,Y14,Z14),2) -> 255679.36 | AB14: 385964.63 | AC14: 327006.9 | AD14: 350876.94 | AE14: =ROUND(AVERAGE(AB14,AC14,AD14),2) -> 354616.16 | AF14: 405262.86 | AG14: 343357.25 | AH14: 368420.78 | AI14: =ROUND(AVERAGE(AF14,AG14,AH14),2) -> 372346.96 | AJ14: 445789.15 | AK14: 377692.97 | AL14: 405262.86 | AM14: =ROUND(AVERAGE(AJ14,AK14,AL14),2) -> 409581.66 | AN14: 468078.61 | AO14: 396577.62 | AP14: 425526 | AQ14: =ROUND(AVERAGE(AN14,AO14,AP14),2) -> 430060.74 | AR14: 476994.39 | AS14: 404131.48 | AT14: 433631.26 | AU14: =ROUND(AVERAGE(AR14,AS14,AT14),2) -> 438252.38 | AV14: 515153.94 | AW14: 436462 | AX14: 468321.76 | AY14: =ROUND(AVERAGE(AV14,AW14,AX14),2) -> 473312.57 | AZ14: 618184.73 | BA14: 523754.39 | BB14: 561986.12 | BC14: =ROUND(AVERAGE(AZ14,BA14,BB14),2) -> 567975.08 | BD14: 618184.73 | BE14: 523754.39 | BF14: 561986.12 | BG14: =ROUND(AVERAGE(BD14,BE14,BF14),2) -> 567975.08 | BH14: 535760.1 | BI14: 453920.48 | BJ14: 487054.63 | BK14: =ROUND(AVERAGE(BH14,BI14,BJ14),2) -> 492245.07
A15: 5 | B15: Cambio Arandelas De Inyectores | C15: 1 | D15: 363320.11 | E15: 309000 | F15: 330291.01 | G15: =ROUND(AVERAGE(D15,E15,F15),2) -> 334203.71 | H15: 486848.95 | I15: 414060 | J15: 442589.96 | K15: =ROUND(AVERAGE(H15,I15,J15),2) -> 447832.97 | L15: 652377.59 | M15: 554840.4 | N15: 593070.54 | O15: =ROUND(AVERAGE(L15,M15,N15),2) -> 600096.18 | P15: 486848.95 | Q15: 414060 | R15: 442589.96 | S15: =ROUND(AVERAGE(P15,Q15,R15),2) -> 447832.97 | T15: 705930.98 | U15: 600387 | V15: 641755.44 | W15: =ROUND(AVERAGE(T15,U15,V15),2) -> 649357.81 | X15: 559876.29 | Y15: 476169 | Z15: 508978.45 | AA15: =ROUND(AVERAGE(X15,Y15,Z15),2) -> 515007.91 | AB15: 776524.08 | AC15: 660425.7 | AD15: 705930.98 | AE15: =ROUND(AVERAGE(AB15,AC15,AD15),2) -> 714293.59 | AF15: 815350.28 | AG15: 693446.99 | AH15: 741227.53 | AI15: =ROUND(AVERAGE(AF15,AG15,AH15),2) -> 750008.27 | AJ15: 896885.31 | AK15: 762791.68 | AL15: 815350.28 | AM15: =ROUND(AVERAGE(AJ15,AK15,AL15),2) -> 825009.09 | AN15: 941729.58 | AO15: 800931.27 | AP15: 856117.8 | AQ15: =ROUND(AVERAGE(AN15,AO15,AP15),2) -> 866259.55 | AR15: 959667.28 | AS15: 816187.1 | AT15: 872424.8 | AU15: =ROUND(AVERAGE(AR15,AS15,AT15),2) -> 882759.73 | AV15: 1036440.7 | AW15: 881482.07 | AX15: 942218.79 | AY15: =ROUND(AVERAGE(AV15,AW15,AX15),2) -> 953380.51 | AZ15: 1243728.8 | BA15: 1057778.5 | BB15: 1130662.5 | BC15: =ROUND(AVERAGE(AZ15,BA15,BB15),2) -> 1144056.6 | BD15: 1243728.8 | BE15: 1057778.5 | BF15: 1130662.5 | BG15: =ROUND(AVERAGE(BD15,BE15,BF15),2) -> 1144056.6 | BH15: 1077898.3 | BI15: 916741.35 | BJ15: 979907.54 | BK15: =ROUND(AVERAGE(BH15,BI15,BJ15),2) -> 991515.73
A16: 6 | B16: Cambio Bomba De Inyeccion De Combustible | C16: 1 | D16: N/A | E16: N/A | F16: N/A | G16: N/A | H16: 7000605.9 | I16: 5950800 | J16: 11500000 | K16: =ROUND(AVERAGE(H16,I16,J16),2) -> 8150468.7 | L16: 7700666.5 | M16: 6545880 | N16: 15410000 | O16: =ROUND(AVERAGE(L16,M16,N16),2) -> 9885515.5 | P16: 8470733.2 | Q16: 7200468 | R16: 11500000 | S16: =ROUND(AVERAGE(P16,Q16,R16),2) -> 9057067.1 | T16: 9317806.5 | U16: 7920514.8 | V16: 16675000 | W16: =ROUND(AVERAGE(T16,U16,V16),2) -> 11304440 | X16: 10249587 | Y16: 8712566.3 | Z16: 13225000 | AA16: =ROUND(AVERAGE(X16,Y16,Z16),2) -> 10729051 | AB16: 11274546 | AC16: 9583822.9 | AD16: 18342500 | AE16: =ROUND(AVERAGE(AB16,AC16,AD16),2) -> 13066956 | AF16: 12402000 | AG16: 10542205 | AH16: 19259625 | AI16: =ROUND(AVERAGE(AF16,AG16,AH16),2) -> 14067944 | AJ16: 13642201 | AK16: 11596426 | AL16: 21185588 | AM16: =ROUND(AVERAGE(AJ16,AK16,AL16),2) -> 15474738 | AN16: 15006421 | AO16: 12756068 | AP16: 22244867 | AQ16: =ROUND(AVERAGE(AN16,AO16,AP16),2) -> 16669119 | AR16: 16507063 | AS16: 14031675 | AT16: 22668579 | AU16: =ROUND(AVERAGE(AR16,AS16,AT16),2) -> 17735772 | AV16: 18157769 | AW16: 15434843 | AX16: 24482065 | AY16: =ROUND(AVERAGE(AV16,AW16,AX16),2) -> 19358225 | AZ16: 19973546 | BA16: 16978327 | BB16: 29378478 | BC16: =ROUND(AVERAGE(AZ16,BA16,BB16),2) -> 22110117 | BD16: 21970900 | BE16: 18676160 | BF16: 29378478 | BG16: =ROUND(AVERAGE(BD16,BE16,BF16),2) -> 23341846 | BH16: 24167990 | BI16: 20543776 | BJ16: 25461348 | BK16: =ROUND(AVERAGE(BH16,BI16,BJ16),2) -> 23391038
A17: 7 | B17: Cambio Bombin | C17: 1 | D17: N/A | E17: N/A | F17: N/A | G17: N/A | H17: 621201.17 | I17: 527800 | J17: 674500 | K17: =ROUND(AVERAGE(H17,I17,J17),2) -> 607833.72 | L17: 683321.29 | M17: 580580 | N17: 903830 | O17: =ROUND(AVERAGE(L17,M17,N17),2) -> 722577.1 | P17: 751653.42 | Q17: 638638 | R17: 674500 | S17: =ROUND(AVERAGE(P17,Q17,R17),2) -> 688263.81 | T17: 826818.76 | U17: 702501.8 | V17: 978025 | W17: =ROUND(AVERAGE(T17,U17,V17),2) -> 835781.85 | X17: 909500.64 | Y17: 772751.98 | Z17: 775675 | AA17: =ROUND(AVERAGE(X17,Y17,Z17),2) -> 819309.21 | AB17: 1000450.7 | AC17: 850027.18 | AD17: 1075827.5 | AE17: =ROUND(AVERAGE(AB17,AC17,AD17),2) -> 975435.13 | AF17: 1100495.8 | AG17: 935029.9 | AH17: 1129618.9 | AI17: =ROUND(AVERAGE(AF17,AG17,AH17),2) -> 1055048.2 | AJ17: 1210545.3 | AK17: 1028532.9 | AL17: 1242580.8 | AM17: =ROUND(AVERAGE(AJ17,AK17,AL17),2) -> 1160553 | AN17: 1331599.9 | AO17: 1131386.2 | AP17: 1304709.8 | AQ17: =ROUND(AVERAGE(AN17,AO17,AP17),2) -> 1255898.6 | AR17: 1464759.9 | AS17: 1244524.8 | AT17: 1329561.4 | AU17: =ROUND(AVERAGE(AR17,AS17,AT17),2) -> 1346282 | AV17: 1611235.9 | AW17: 1368977.3 | AX17: 1435926.3 | AY17: =ROUND(AVERAGE(AV17,AW17,AX17),2) -> 1472046.5 | AZ17: 1772359.4 | BA17: 1505875 | BB17: 1723111.6 | BC17: =ROUND(AVERAGE(AZ17,BA17,BB17),2) -> 1667115.3 | BD17: 1949595.4 | BE17: 1656462.5 | BF17: 1723111.6 | BG17: =ROUND(AVERAGE(BD17,BE17,BF17),2) -> 1776389.8 | BH17: 2144554.9 | BI17: 1822108.7 | BJ17: 1493363.4 | BK17: =ROUND(AVERAGE(BH17,BI17,BJ17),2) -> 1820009
A18: 8 | B18: Cambio Camisas Bloque | C18: 1 | D18: 3889225.5 | E18: 3306000 | F18: 3889225.5 | G18: =ROUND(AVERAGE(D18,E18,F18),2) -> 3694817 | H18: 5211562.2 | I18: 4430040 | J18: 5211562.2 | K18: =ROUND(AVERAGE(H18,I18,J18),2) -> 4951054.8 | L18: 6983493.4 | M18: 5936253.6 | N18: 6983493.4 | O18: =ROUND(AVERAGE(L18,M18,N18),2) -> 6634413.4 | P18: 5211562.2 | Q18: 4430040 | R18: 5211562.2 | S18: =ROUND(AVERAGE(P18,Q18,R18),2) -> 4951054.8 | T18: 7556765.2 | U18: 6423558 | V18: 7556765.2 | W18: =ROUND(AVERAGE(T18,U18,V18),2) -> 7179029.5 | X18: 5993296.5 | Y18: 5094546 | Z18: 5993296.5 | AA18: =ROUND(AVERAGE(X18,Y18,Z18),2) -> 5693713 | AB18: 8312441.7 | AC18: 7065913.8 | AD18: 8312441.7 | AE18: =ROUND(AVERAGE(AB18,AC18,AD18),2) -> 7896932.4 | AF18: 8728063.8 | AG18: 7419209.5 | AH18: 8728063.8 | AI18: =ROUND(AVERAGE(AF18,AG18,AH18),2) -> 8291779 | AJ18: 9600870.2 | AK18: 8161130.4 | AL18: 9600870.2 | AM18: =ROUND(AVERAGE(AJ18,AK18,AL18),2) -> 9120956.9 | AN18: 10080914 | AO18: 8569187 | AP18: 10080914 | AQ18: =ROUND(AVERAGE(AN18,AO18,AP18),2) -> 9577004.8 | AR18: 10272931 | AS18: 8732409.6 | AT18: 10272931 | AU18: =ROUND(AVERAGE(AR18,AS18,AT18),2) -> 9759423.9 | AV18: 11094766 | AW18: 9431002.3 | AX18: 11094766 | AY18: =ROUND(AVERAGE(AV18,AW18,AX18),2) -> 10540178 | AZ18: 13313719 | BA18: 11317203 | BB18: 13313719 | BC18: =ROUND(AVERAGE(AZ18,BA18,BB18),2) -> 12648213 | BD18: 13313719 | BE18: 11317203 | BF18: 13313719 | BG18: =ROUND(AVERAGE(BD18,BE18,BF18),2) -> 12648213 | BH18: 11538556 | BI18: 9808242.4 | BJ18: 11538556 | BK18: =ROUND(AVERAGE(BH18,BI18,BJ18),2) -> 10961785
A19: 9 | B19: Cambio Catalizador | C19: 1 | D19: 3078155.9 | E19: 2616000 | F19: 3078155.9 | G19: =ROUND(AVERAGE(D19,E19,F19),2) -> 2924103.9 | H19: 4124728.9 | I19: 3505440 | J19: 4124728.9 | K19: =ROUND(AVERAGE(H19,I19,J19),2) -> 3918299.2 | L19: 5527136.7 | M19: 4697289.6 | N19: 5527136.7 | O19: =ROUND(AVERAGE(L19,M19,N19),2) -> 5250521 | P19: 4124728.9 | Q19: 3505440 | R19: 4124728.9 | S19: =ROUND(AVERAGE(P19,Q19,R19),2) -> 3918299.2 | T19: 5980856.9 | U19: 5082888 | V19: 5980856.9 | W19: =ROUND(AVERAGE(T19,U19,V19),2) -> 5681533.9 | X19: 4743438.2 | Y19: 4031256 | Z19: 4743438.2 | AA19: =ROUND(AVERAGE(X19,Y19,Z19),2) -> 4506044.1 | AB19: 6578942.6 | AC19: 5591176.8 | AD19: 6578942.6 | AE19: =ROUND(AVERAGE(AB19,AC19,AD19),2) -> 6249687.3 | AF19: 6907889.7 | AG19: 5870735.6 | AH19: 6907889.7 | AI19: =ROUND(AVERAGE(AF19,AG19,AH19),2) -> 6562171.7 | AJ19: 7598678.7 | AK19: 6457809.2 | AL19: 7598678.7 | AM19: =ROUND(AVERAGE(AJ19,AK19,AL19),2) -> 7218388.8 | AN19: 7978612.6 | AO19: 6780699.7 | AP19: 7978612.6 | AQ19: =ROUND(AVERAGE(AN19,AO19,AP19),2) -> 7579308.3 | AR19: 8130586.2 | AS19: 6909855.8 | AT19: 8130586.2 | AU19: =ROUND(AVERAGE(AR19,AS19,AT19),2) -> 7723676.1 | AV19: 8781033.1 | AW19: 7462644.3 | AX19: 8781033.1 | AY19: =ROUND(AVERAGE(AV19,AW19,AX19),2) -> 8341570.1 | AZ19: 10537240 | BA19: 8955173.2 | BB19: 10537240 | BC19: =ROUND(AVERAGE(AZ19,BA19,BB19),2) -> 10009884 | BD19: 10537240 | BE19: 8955173.2 | BF19: 10537240 | BG19: =ROUND(AVERAGE(BD19,BE19,BF19),2) -> 10009884 | BH19: 9132274.4 | BI19: 7761150.1 | BJ19: 9132274.4 | BK19: =ROUND(AVERAGE(BH19,BI19,BJ19),2) -> 8675232.9
A20: 10 | B20: Cambio Cauchos Valvulas | C20: 1 | D20: 1446244.7 | E20: 1229000 | F20: 1446244.7 | G20: =ROUND(AVERAGE(D20,E20,F20),2) -> 1373829.8 | H20: 1937967.9 | I20: 1646860 | J20: 1937967.9 | K20: =ROUND(AVERAGE(H20,I20,J20),2) -> 1840931.9 | L20: 2596876.9 | M20: 2206792.4 | N20: 2596876.9 | O20: =ROUND(AVERAGE(L20,M20,N20),2) -> 2466848.8 | P20: 1937967.9 | Q20: 1646860 | R20: 1937967.9 | S20: =ROUND(AVERAGE(P20,Q20,R20),2) -> 1840931.9 | T20: 2810053.4 | U20: 2387947 | V20: 2810053.4 | W20: =ROUND(AVERAGE(T20,U20,V20),2) -> 2669351.3 | X20: 2228663 | Y20: 1893889 | Z20: 2228663 | AA20: =ROUND(AVERAGE(X20,Y20,Z20),2) -> 2117071.7 | AB20: 3091058.7 | AC20: 2626741.7 | AD20: 3091058.7 | AE20: =ROUND(AVERAGE(AB20,AC20,AD20),2) -> 2936286.4 | AF20: 3245611.7 | AG20: 2758078.8 | AH20: 3245611.7 | AI20: =ROUND(AVERAGE(AF20,AG20,AH20),2) -> 3083100.7 | AJ20: 3570172.8 | AK20: 3033886.7 | AL20: 3570172.8 | AM20: =ROUND(AVERAGE(AJ20,AK20,AL20),2) -> 3391410.8 | AN20: 3748681.5 | AO20: 3185581 | AP20: 3748681.5 | AQ20: =ROUND(AVERAGE(AN20,AO20,AP20),2) -> 3560981.3 | AR20: 3820084.9 | AS20: 3246258.7 | AT20: 3820084.9 | AU20: =ROUND(AVERAGE(AR20,AS20,AT20),2) -> 3628809.5 | AV20: 4125691.7 | AW20: 3505959.4 | AX20: 4125691.7 | AY20: =ROUND(AVERAGE(AV20,AW20,AX20),2) -> 3919114.3 | AZ20: 4950830.1 | BA20: 4207151.3 | BB20: 4950830.1 | BC20: =ROUND(AVERAGE(AZ20,BA20,BB20),2) -> 4702937.2 | BD20: 4950830.1 | BE20: 4207151.3 | BF20: 4950830.1 | BG20: =ROUND(AVERAGE(BD20,BE20,BF20),2) -> 4702937.2 | BH20: 4290719.4 | BI20: 3646197.8 | BJ20: 4290719.4 | BK20: =ROUND(AVERAGE(BH20,BI20,BJ20),2) -> 4075878.9
A21: 11 | B21: Cambio Correa De Reparticion | C21: 1 | D21: 477847.06 | E21: 406000 | F21: 477847.06 | G21: =ROUND(AVERAGE(D21,E21,F21),2) -> 453898.04 | H21: N/A | I21: N/A | J21: N/A | K21: N/A | L21: 812345 | M21: 812345 | N21: 774900 | O21: =ROUND(AVERAGE(L21,M21,N21),2) -> 799863.33 | P21: N/A | Q21: N/A | R21: N/A | S21: N/A | T21: 1745699 | U21: 1745699 | V21: 2329400 | W21: =ROUND(AVERAGE(T21,U21,V21),2) -> 1940266 | X21: 666888 | Y21: 666888 | Z21: 549524.11 | AA21: =ROUND(AVERAGE(X21,Y21,Z21),2) -> 627766.7 | AB21: 1920268.9 | AC21: 1920268.9 | AD21: 2562340 | AE21: =ROUND(AVERAGE(AB21,AC21,AD21),2) -> 2134292.6 | AF21: 2016282.3 | AG21: 2016282.3 | AH21: 2690457 | AI21: =ROUND(AVERAGE(AF21,AG21,AH21),2) -> 2241007.2 | AJ21: 2217910.6 | AK21: 2217910.6 | AL21: 2959502.7 | AM21: =ROUND(AVERAGE(AJ21,AK21,AL21),2) -> 2465108 | AN21: 2328806.1 | AO21: 2328806.1 | AP21: 3107477.8 | AQ21: =ROUND(AVERAGE(AN21,AO21,AP21),2) -> 2588363.4 | AR21: 2373164.3 | AS21: 2373164.3 | AT21: 3166667.9 | AU21: =ROUND(AVERAGE(AR21,AS21,AT21),2) -> 2637665.5 | AV21: 2563017.5 | AW21: 2563017.5 | AX21: 3420001.3 | AY21: =ROUND(AVERAGE(AV21,AW21,AX21),2) -> 2848678.8 | AZ21: 3075621 | BA21: 3075621 | BB21: 4104001.6 | BC21: =ROUND(AVERAGE(AZ21,BA21,BB21),2) -> 3418414.5 | BD21: 3075621 | BE21: 3075621 | BF21: 4104001.6 | BG21: =ROUND(AVERAGE(BD21,BE21,BF21),2) -> 3418414.5 | BH21: 2665538.2 | BI21: 2665538.2 | BJ21: 3556801.4 | BK21: =ROUND(AVERAGE(BH21,BI21,BJ21),2) -> 2962625.9
A22: 12 | B22: Cambio Cremallera Volante | C22: 1 | D22: 1216604.5 | E22: 1034000 | F22: 1216604.5 | G22: =ROUND(AVERAGE(D22,E22,F22),2) -> 1155736.3 | H22: 1630250 | I22: 1385560 | J22: 1630250 | K22: =ROUND(AVERAGE(H22,I22,J22),2) -> 1548686.7 | L22: 2184535 | M22: 1856650.4 | N22: 2184535 | O22: =ROUND(AVERAGE(L22,M22,N22),2) -> 2075240.1 | P22: 1630250 | Q22: 1385560 | R22: 1630250 | S22: =ROUND(AVERAGE(P22,Q22,R22),2) -> 1548686.7 | T22: 2363862.5 | U22: 2009062 | V22: 2363862.5 | W22: =ROUND(AVERAGE(T22,U22,V22),2) -> 2245595.6 | X22: 1874787.5 | Y22: 1593394 | Z22: 1874787.5 | AA22: =ROUND(AVERAGE(X22,Y22,Z22),2) -> 1780989.7 | AB22: 2600248.7 | AC22: 2209968.2 | AD22: 2600248.7 | AE22: =ROUND(AVERAGE(AB22,AC22,AD22),2) -> 2470155.2 | AF22: 2730261.2 | AG22: 2320466.6 | AH22: 2730261.2 | AI22: =ROUND(AVERAGE(AF22,AG22,AH22),2) -> 2593663 | AJ22: 3003287.3 | AK22: 2552513.3 | AL22: 3003287.3 | AM22: =ROUND(AVERAGE(AJ22,AK22,AL22),2) -> 2853029.3 | AN22: 3153451.6 | AO22: 2680138.9 | AP22: 3153451.6 | AQ22: =ROUND(AVERAGE(AN22,AO22,AP22),2) -> 2995680.7 | AR22: 3213517.4 | AS22: 2731189.2 | AT22: 3213517.4 | AU22: =ROUND(AVERAGE(AR22,AS22,AT22),2) -> 3052741.3 | AV22: 3470598.8 | AW22: 2949684.3 | AX22: 3470598.8 | AY22: =ROUND(AVERAGE(AV22,AW22,AX22),2) -> 3296960.6 | AZ22: 4164718.5 | BA22: 3539621.2 | BB22: 4164718.5 | BC22: =ROUND(AVERAGE(AZ22,BA22,BB22),2) -> 3956352.8 | BD22: 4164718.5 | BE22: 3539621.2 | BF22: 4164718.5 | BG22: =ROUND(AVERAGE(BD22,BE22,BF22),2) -> 3956352.8 | BH22: 3609422.7 | BI22: 3067671.7 | BJ22: 3609422.7 | BK22: =ROUND(AVERAGE(BH22,BI22,BJ22),2) -> 3428839.1
A23: 13 | B23: Suministro Y Cambio Damper Cigüeñal | C23: 1 | D23: 766118.8 | E23: 651000 | F23: 766118.8 | G23: =ROUND(AVERAGE(D23,E23,F23),2) -> 727745.86 | H23: 1026599.2 | I23: 872340 | J23: 1026599.2 | K23: =ROUND(AVERAGE(H23,I23,J23),2) -> 975179.46 | L23: 1375642.9 | M23: 1168935.6 | N23: 1375642.9 | O23: =ROUND(AVERAGE(L23,M23,N23),2) -> 1306740.5 | P23: 1026599.2 | Q23: 872340 | R23: 1026599.2 | S23: =ROUND(AVERAGE(P23,Q23,R23),2) -> 975179.46 | T23: 1488568.8 | U23: 1264893 | V23: 1488568.8 | W23: =ROUND(AVERAGE(T23,U23,V23),2) -> 1414010.2 | X23: 1180589.1 | Y23: 1003191 | Z23: 1180589.1 | AA23: =ROUND(AVERAGE(X23,Y23,Z23),2) -> 1121456.4 | AB23: 1637425.7 | AC23: 1391382.3 | AD23: 1637425.7 | AE23: =ROUND(AVERAGE(AB23,AC23,AD23),2) -> 1555411.2 | AF23: 1719297 | AG23: 1460951.4 | AH23: 1719297 | AI23: =ROUND(AVERAGE(AF23,AG23,AH23),2) -> 1633181.8 | AJ23: 1891226.7 | AK23: 1607046.6 | AL23: 1891226.7 | AM23: =ROUND(AVERAGE(AJ23,AK23,AL23),2) -> 1796500 | AN23: 1985788 | AO23: 1687398.9 | AP23: 1985788 | AQ23: =ROUND(AVERAGE(AN23,AO23,AP23),2) -> 1886325 | AR23: 2023612.6 | AS23: 1719539.8 | AT23: 2023612.6 | AU23: =ROUND(AVERAGE(AR23,AS23,AT23),2) -> 1922255 | AV23: 2185501.6 | AW23: 1857103 | AX23: 2185501.6 | AY23: =ROUND(AVERAGE(AV23,AW23,AX23),2) -> 2076035.4 | AZ23: 2622601.9 | BA23: 2228523.6 | BB23: 2622601.9 | BC23: =ROUND(AVERAGE(AZ23,BA23,BB23),2) -> 2491242.5 | BD23: 2622601.9 | BE23: 2228523.6 | BF23: 2622601.9 | BG23: =ROUND(AVERAGE(BD23,BE23,BF23),2) -> 2491242.5 | BH23: 2272921.6 | BI23: 1931387.1 | BJ23: 2272921.6 | BK23: =ROUND(AVERAGE(BH23,BI23,BJ23),2) -> 2159076.8
A24: 14 | B24: Cambio Empaque Carter | C24: 1 | D24: 477847.06 | E24: 406000 | F24: 477847.06 | G24: =ROUND(AVERAGE(D24,E24,F24),2) -> 453898.04 | H24: 640315.05 | I24: 544040 | J24: 640315.05 | K24: =ROUND(AVERAGE(H24,I24,J24),2) -> 608223.37 | L24: 858022.17 | M24: 729013.6 | N24: 858022.17 | O24: =ROUND(AVERAGE(L24,M24,N24),2) -> 815019.32 | P24: 640315.05 | Q24: 544040 | R24: 640315.05 | S24: =ROUND(AVERAGE(P24,Q24,R24),2) -> 608223.37 | T24: 928456.83 | U24: 788858 | V24: 928456.83 | W24: =ROUND(AVERAGE(T24,U24,V24),2) -> 881923.89 | X24: 736362.31 | Y24: 625646 | Z24: 736362.31 | AA24: =ROUND(AVERAGE(X24,Y24,Z24),2) -> 699456.88 | AB24: 1021302.5 | AC24: 867743.8 | AD24: 1021302.5 | AE24: =ROUND(AVERAGE(AB24,AC24,AD24),2) -> 970116.27 | AF24: 1072367.6 | AG24: 911130.99 | AH24: 1072367.6 | AI24: =ROUND(AVERAGE(AF24,AG24,AH24),2) -> 1018622.1 | AJ24: 1179604.4 | AK24: 1002244.1 | AL24: 1179604.4 | AM24: =ROUND(AVERAGE(AJ24,AK24,AL24),2) -> 1120484.3 | AN24: 1238584.6 | AO24: 1052356.3 | AP24: 1238584.6 | AQ24: =ROUND(AVERAGE(AN24,AO24,AP24),2) -> 1176508.5 | AR24: 1262176.7 | AS24: 1072401.2 | AT24: 1262176.7 | AU24: =ROUND(AVERAGE(AR24,AS24,AT24),2) -> 1198918.2 | AV24: 1363150.8 | AW24: 1158193.3 | AX24: 1363150.8 | AY24: =ROUND(AVERAGE(AV24,AW24,AX24),2) -> 1294831.6 | AZ24: 1635781 | BA24: 1389831.9 | BB24: 1635781 | BC24: =ROUND(AVERAGE(AZ24,BA24,BB24),2) -> 1553798 | BD24: 1635781 | BE24: 1389831.9 | BF24: 1635781 | BG24: =ROUND(AVERAGE(BD24,BE24,BF24),2) -> 1553798 | BH24: 1417676.9 | BI24: 1204521 | BJ24: 1417676.9 | BK24: =ROUND(AVERAGE(BH24,BI24,BJ24),2) -> 1346624.9
A25: 15 | B25: Cambio Empaque Multiple Admision | C25: 1 | D25: 375241.86 | E25: 319000 | F25: 375241.86 | G25: =ROUND(AVERAGE(D25,E25,F25),2) -> 356494.57 | H25: 502824.09 | I25: 427460 | J25: 502824.09 | K25: =ROUND(AVERAGE(H25,I25,J25),2) -> 477702.73 | L25: 673784.28 | M25: 572796.4 | N25: 673784.28 | O25: =ROUND(AVERAGE(L25,M25,N25),2) -> 640121.66 | P25: 502824.09 | Q25: 427460 | R25: 502824.09 | S25: =ROUND(AVERAGE(P25,Q25,R25),2) -> 477702.73 | T25: 729094.93 | U25: 619817 | V25: 729094.93 | W25: =ROUND(AVERAGE(T25,U25,V25),2) -> 692668.96 | X25: 578247.71 | Y25: 491579 | Z25: 578247.71 | AA25: =ROUND(AVERAGE(X25,Y25,Z25),2) -> 549358.14 | AB25: 802004.43 | AC25: 681798.7 | AD25: 802004.43 | AE25: =ROUND(AVERAGE(AB25,AC25,AD25),2) -> 761935.85 | AF25: 842104.65 | AG25: 715888.64 | AH25: 842104.65 | AI25: =ROUND(AVERAGE(AF25,AG25,AH25),2) -> 800032.64 | AJ25: 926315.11 | AK25: 787477.5 | AL25: 926315.11 | AM25: =ROUND(AVERAGE(AJ25,AK25,AL25),2) -> 880035.91 | AN25: 972630.87 | AO25: 826851.37 | AP25: 972630.87 | AQ25: =ROUND(AVERAGE(AN25,AO25,AP25),2) -> 924037.7 | AR25: 991157.17 | AS25: 842600.92 | AT25: 991157.17 | AU25: =ROUND(AVERAGE(AR25,AS25,AT25),2) -> 941638.42 | AV25: 1070449.7 | AW25: 910009 | AX25: 1070449.7 | AY25: =ROUND(AVERAGE(AV25,AW25,AX25),2) -> 1016969.5 | AZ25: 1284539.7 | BA25: 1092010.8 | BB25: 1284539.7 | BC25: =ROUND(AVERAGE(AZ25,BA25,BB25),2) -> 1220363.4 | BD25: 1284539.7 | BE25: 1092010.8 | BF25: 1284539.7 | BG25: =ROUND(AVERAGE(BD25,BE25,BF25),2) -> 1220363.4 | BH25: 1113267.7 | BI25: 946409.36 | BJ25: 1113267.7 | BK25: =ROUND(AVERAGE(BH25,BI25,BJ25),2) -> 1057648.3
A26: 16 | B26: Cambio Empaque Multiple Escape | C26: 1 | D26: 375241.86 | E26: 319000 | F26: 375241.86 | G26: =ROUND(AVERAGE(D26,E26,F26),2) -> 356494.57 | H26: 502824.09 | I26: 427460 | J26: 502824.09 | K26: =ROUND(AVERAGE(H26,I26,J26),2) -> 477702.73 | L26: 673784.28 | M26: 572796.4 | N26: 673784.28 | O26: =ROUND(AVERAGE(L26,M26,N26),2) -> 640121.66 | P26: 502824.09 | Q26: 427460 | R26: 502824.09 | S26: =ROUND(AVERAGE(P26,Q26,R26),2) -> 477702.73 | T26: 729094.93 | U26: 619817 | V26: 729094.93 | W26: =ROUND(AVERAGE(T26,U26,V26),2) -> 692668.96 | X26: 578247.71 | Y26: 491579 | Z26: 578247.71 | AA26: =ROUND(AVERAGE(X26,Y26,Z26),2) -> 549358.14 | AB26: 802004.43 | AC26: 681798.7 | AD26: 802004.43 | AE26: =ROUND(AVERAGE(AB26,AC26,AD26),2) -> 761935.85 | AF26: 842104.65 | AG26: 715888.64 | AH26: 842104.65 | AI26: =ROUND(AVERAGE(AF26,AG26,AH26),2) -> 800032.64 | AJ26: 926315.11 | AK26: 787477.5 | AL26: 926315.11 | AM26: =ROUND(AVERAGE(AJ26,AK26,AL26),2) -> 880035.91 | AN26: 972630.87 | AO26: 826851.37 | AP26: 972630.87 | AQ26: =ROUND(AVERAGE(AN26,AO26,AP26),2) -> 924037.7 | AR26: 991157.17 | AS26: 842600.92 | AT26: 991157.17 | AU26: =ROUND(AVERAGE(AR26,AS26,AT26),2) -> 941638.42 | AV26: 1070449.7 | AW26: 910009 | AX26: 1070449.7 | AY26: =ROUND(AVERAGE(AV26,AW26,AX26),2) -> 1016969.5 | AZ26: 1284539.7 | BA26: 1092010.8 | BB26: 1284539.7 | BC26: =ROUND(AVERAGE(AZ26,BA26,BB26),2) -> 1220363.4 | BD26: 1284539.7 | BE26: 1092010.8 | BF26: 1284539.7 | BG26: =ROUND(AVERAGE(BD26,BE26,BF26),2) -> 1220363.4 | BH26: 1113267.7 | BI26: 946409.36 | BJ26: 1113267.7 | BK26: =ROUND(AVERAGE(BH26,BI26,BJ26),2) -> 1057648.3
A27: 17 | B27: Cambio Empaque Tapa Valvulas | C27: 1 | D27: 349834.86 | E27: 297000 | F27: 349834.86 | G27: =ROUND(AVERAGE(D27,E27,F27),2) -> 332223.24 | H27: 468778.71 | I27: 397980 | J27: 468778.71 | K27: =ROUND(AVERAGE(H27,I27,J27),2) -> 445179.14 | L27: 628163.47 | M27: 533293.2 | N27: 628163.47 | O27: =ROUND(AVERAGE(L27,M27,N27),2) -> 596540.05 | P27: 468778.71 | Q27: 397980 | R27: 468778.71 | S27: =ROUND(AVERAGE(P27,Q27,R27),2) -> 445179.14 | T27: 679729.13 | U27: 577071 | V27: 679729.13 | W27: =ROUND(AVERAGE(T27,U27,V27),2) -> 645509.75 | X27: 539095.52 | Y27: 457677 | Z27: 539095.52 | AA27: =ROUND(AVERAGE(X27,Y27,Z27),2) -> 511956.01 | AB27: 747702.04 | AC27: 634778.1 | AD27: 747702.04 | AE27: =ROUND(AVERAGE(AB27,AC27,AD27),2) -> 710060.73 | AF27: 785087.15 | AG27: 666517.01 | AH27: 785087.15 | AI27: =ROUND(AVERAGE(AF27,AG27,AH27),2) -> 745563.77 | AJ27: 863595.86 | AK27: 733168.71 | AL27: 863595.86 | AM27: =ROUND(AVERAGE(AJ27,AK27,AL27),2) -> 820120.14 | AN27: 906775.65 | AO27: 769827.14 | AP27: 906775.65 | AQ27: =ROUND(AVERAGE(AN27,AO27,AP27),2) -> 861126.15 | AR27: 924047.57 | AS27: 784490.51 | AT27: 924047.57 | AU27: =ROUND(AVERAGE(AR27,AS27,AT27),2) -> 877528.55 | AV27: 997971.38 | AW27: 847249.76 | AX27: 997971.38 | AY27: =ROUND(AVERAGE(AV27,AW27,AX27),2) -> 947730.84 | AZ27: 1197565.7 | BA27: 1016699.7 | BB27: 1197565.7 | BC27: =ROUND(AVERAGE(AZ27,BA27,BB27),2) -> 1137277 | BD27: 1197565.7 | BE27: 1016699.7 | BF27: 1197565.7 | BG27: =ROUND(AVERAGE(BD27,BE27,BF27),2) -> 1137277 | BH27: 1037890.2 | BI27: 881139.75 | BJ27: 1037890.2 | BK27: =ROUND(AVERAGE(BH27,BI27,BJ27),2) -> 985640.07
A28: 18 | B28: Cambio Empaquetadura Culata | C28: 1 | D28: 1895753.1 | E28: 1611000 | F28: 1895753.1 | G28: =ROUND(AVERAGE(D28,E28,F28),2) -> 1800835.4 | H28: 2540309.2 | I28: 2158740 | J28: 2540309.2 | K28: =ROUND(AVERAGE(H28,I28,J28),2) -> 2413119.5 | L28: 3404014.3 | M28: 2892711.6 | N28: 3404014.3 | O28: =ROUND(AVERAGE(L28,M28,N28),2) -> 3233580.1 | P28: 2540309.2 | Q28: 2158740 | R28: 2540309.2 | S28: =ROUND(AVERAGE(P28,Q28,R28),2) -> 2413119.5 | T28: 3683448.4 | U28: 3130173 | V28: 3683448.4 | W28: =ROUND(AVERAGE(T28,U28,V28),2) -> 3499023.2 | X28: 2921355.6 | Y28: 2482551 | Z28: 2921355.6 | AA28: =ROUND(AVERAGE(X28,Y28,Z28),2) -> 2775087.4 | AB28: 4051793.2 | AC28: 3443190.3 | AD28: 4051793.2 | AE28: =ROUND(AVERAGE(AB28,AC28,AD28),2) -> 3848925.6 | AF28: 4254382.9 | AG28: 3615349.8 | AH28: 4254382.9 | AI28: =ROUND(AVERAGE(AF28,AG28,AH28),2) -> 4041371.8 | AJ28: 4679821.1 | AK28: 3976884.8 | AL28: 4679821.1 | AM28: =ROUND(AVERAGE(AJ28,AK28,AL28),2) -> 4445509 | AN28: 4913812.2 | AO28: 4175729 | AP28: 4913812.2 | AQ28: =ROUND(AVERAGE(AN28,AO28,AP28),2) -> 4667784.5 | AR28: 5007408.6 | AS28: 4255266.7 | AT28: 5007408.6 | AU28: =ROUND(AVERAGE(AR28,AS28,AT28),2) -> 4756694.7 | AV28: 5408001.3 | AW28: 4595688.1 | AX28: 5408001.3 | AY28: =ROUND(AVERAGE(AV28,AW28,AX28),2) -> 5137230.2 | AZ28: 6489601.6 | BA28: 5514825.7 | BB28: 6489601.6 | BC28: =ROUND(AVERAGE(AZ28,BA28,BB28),2) -> 6164676.3 | BD28: 6489601.6 | BE28: 5514825.7 | BF28: 6489601.6 | BG28: =ROUND(AVERAGE(BD28,BE28,BF28),2) -> 6164676.3 | BH28: 5624321.4 | BI28: 4779515.6 | BJ28: 5624321.4 | BK28: =ROUND(AVERAGE(BH28,BI28,BJ28),2) -> 5342719.4
A29: 19 | B29: Cambio Flexible De Escape | C29: 1 | D29: 825727.53 | E29: 702000 | F29: 825727.53 | G29: =ROUND(AVERAGE(D29,E29,F29),2) -> 784485.02 | H29: 1106474.9 | I29: 940680 | J29: 1106474.9 | K29: =ROUND(AVERAGE(H29,I29,J29),2) -> 1051209.9 | L29: 1482676.4 | M29: 1260511.2 | N29: 1482676.4 | O29: =ROUND(AVERAGE(L29,M29,N29),2) -> 1408621.3 | P29: 1106474.9 | Q29: 940680 | R29: 1106474.9 | S29: =ROUND(AVERAGE(P29,Q29,R29),2) -> 1051209.9 | T29: 1604388.6 | U29: 1363986 | V29: 1604388.6 | W29: =ROUND(AVERAGE(T29,U29,V29),2) -> 1524254.4 | X29: 1272446.1 | Y29: 1081782 | Z29: 1272446.1 | AA29: =ROUND(AVERAGE(X29,Y29,Z29),2) -> 1208891.4 | AB29: 1764827.4 | AC29: 1500384.6 | AD29: 1764827.4 | AE29: =ROUND(AVERAGE(AB29,AC29,AD29),2) -> 1676679.8 | AF29: 1853068.8 | AG29: 1575403.8 | AH29: 1853068.8 | AI29: =ROUND(AVERAGE(AF29,AG29,AH29),2) -> 1760513.8 | AJ29: 2038375.7 | AK29: 1732944.2 | AL29: 2038375.7 | AM29: =ROUND(AVERAGE(AJ29,AK29,AL29),2) -> 1936565.2 | AN29: 2140294.5 | AO29: 1819591.4 | AP29: 2140294.5 | AQ29: =ROUND(AVERAGE(AN29,AO29,AP29),2) -> 2033393.5 | AR29: 2181062 | AS29: 1854250.3 | AT29: 2181062 | AU29: =ROUND(AVERAGE(AR29,AS29,AT29),2) -> 2072124.8 | AV29: 2355547 | AW29: 2002590.3 | AX29: 2355547 | AY29: =ROUND(AVERAGE(AV29,AW29,AX29),2) -> 2237894.8 | AZ29: 2826656.4 | BA29: 2403108.4 | BB29: 2826656.4 | BC29: =ROUND(AVERAGE(AZ29,BA29,BB29),2) -> 2685473.7 | BD29: 2826656.4 | BE29: 2403108.4 | BF29: 2826656.4 | BG29: =ROUND(AVERAGE(BD29,BE29,BF29),2) -> 2685473.7 | BH29: 2449768.8 | BI29: 2082693.9 | BJ29: 2449768.8 | BK29: =ROUND(AVERAGE(BH29,BI29,BJ29),2) -> 2327410.5
A30: 20 | B30: Cambio Guia De Valvula | C30: 1 | D30: 1895753.1 | E30: 1611000 | F30: 1895753.1 | G30: =ROUND(AVERAGE(D30,E30,F30),2) -> 1800835.4 | H30: 2540309.2 | I30: 2158740 | J30: 2540309.2 | K30: =ROUND(AVERAGE(H30,I30,J30),2) -> 2413119.5 | L30: 3404014.3 | M30: 2892711.6 | N30: 3404014.3 | O30: =ROUND(AVERAGE(L30,M30,N30),2) -> 3233580.1 | P30: 2540309.2 | Q30: 2158740 | R30: 2540309.2 | S30: =ROUND(AVERAGE(P30,Q30,R30),2) -> 2413119.5 | T30: 3683448.4 | U30: 3130173 | V30: 3683448.4 | W30: =ROUND(AVERAGE(T30,U30,V30),2) -> 3499023.2 | X30: 2921355.6 | Y30: 2482551 | Z30: 2921355.6 | AA30: =ROUND(AVERAGE(X30,Y30,Z30),2) -> 2775087.4 | AB30: 4051793.2 | AC30: 3443190.3 | AD30: 4051793.2 | AE30: =ROUND(AVERAGE(AB30,AC30,AD30),2) -> 3848925.6 | AF30: 4254382.9 | AG30: 3615349.8 | AH30: 4254382.9 | AI30: =ROUND(AVERAGE(AF30,AG30,AH30),2) -> 4041371.8 | AJ30: 4679821.1 | AK30: 3976884.8 | AL30: 4679821.1 | AM30: =ROUND(AVERAGE(AJ30,AK30,AL30),2) -> 4445509 | AN30: 4913812.2 | AO30: 4175729 | AP30: 4913812.2 | AQ30: =ROUND(AVERAGE(AN30,AO30,AP30),2) -> 4667784.5 | AR30: 5007408.6 | AS30: 4255266.7 | AT30: 5007408.6 | AU30: =ROUND(AVERAGE(AR30,AS30,AT30),2) -> 4756694.7 | AV30: 5408001.3 | AW30: 4595688.1 | AX30: 5408001.3 | AY30: =ROUND(AVERAGE(AV30,AW30,AX30),2) -> 5137230.2 | AZ30: 6489601.6 | BA30: 5514825.7 | BB30: 6489601.6 | BC30: =ROUND(AVERAGE(AZ30,BA30,BB30),2) -> 6164676.3 | BD30: 6489601.6 | BE30: 5514825.7 | BF30: 6489601.6 | BG30: =ROUND(AVERAGE(BD30,BE30,BF30),2) -> 6164676.3 | BH30: 5624321.4 | BI30: 4779515.6 | BJ30: 5624321.4 | BK30: =ROUND(AVERAGE(BH30,BI30,BJ30),2) -> 5342719.4
A31: 21 | B31: Cambio Inyector De Combustible GASOLINA | C31: 1 | D31: 418824.64 | E31: 356000 | F31: 418824.64 | G31: =ROUND(AVERAGE(D31,E31,F31),2) -> 397883.09 | H31: N/A | I31: N/A | J31: N/A | K31: N/A | L31: N/A | M31: N/A | N31: N/A | O31: N/A | P31: N/A | Q31: N/A | R31: N/A | S31: N/A | T31: N/A | U31: N/A | V31: N/A | W31: N/A | X31: N/A | Y31: N/A | Z31: N/A | AA31: N/A | AB31: N/A | AC31: N/A | AD31: N/A | AE31: N/A | AF31: N/A | AG31: N/A | AH31: N/A | AI31: N/A | AJ31: N/A | AK31: N/A | AL31: N/A | AM31: N/A | AN31: N/A | AO31: N/A | AP31: N/A | AQ31: N/A | AR31: N/A | AS31: N/A | AT31: N/A | AU31: N/A | AV31: N/A | AW31: N/A | AX31: N/A | AY31: N/A | AZ31: N/A | BA31: N/A | BB31: N/A | BC31: N/A | BD31: N/A | BE31: N/A | BF31: N/A | BG31: N/A | BH31: N/A | BI31: N/A | BJ31: N/A | BK31: N/A
A32: 22 | B32: Cambio Inyector De Combustible DIESEL | C32: 1 | D32: N/A | E32: N/A | F32: N/A | G32: N/A | H32: 3220900 | I32: 3220900 | J32: 3220900 | K32: =ROUND(AVERAGE(H32,I32,J32),2) -> 3220900 | L32: 4316006 | M32: 4316006 | N32: 4316006 | O32: =ROUND(AVERAGE(L32,M32,N32),2) -> 4316006 | P32: 3220900 | Q32: 3220900 | R32: 3220900 | S32: =ROUND(AVERAGE(P32,Q32,R32),2) -> 3220900 | T32: 4670305 | U32: 4670305 | V32: 4670305 | W32: =ROUND(AVERAGE(T32,U32,V32),2) -> 4670305 | X32: 3704035 | Y32: 3704035 | Z32: 3704035 | AA32: =ROUND(AVERAGE(X32,Y32,Z32),2) -> 3704035 | AB32: 5137335.5 | AC32: 5137335.5 | AD32: 5137335.5 | AE32: =ROUND(AVERAGE(AB32,AC32,AD32),2) -> 5137335.5 | AF32: 5394202.3 | AG32: 5394202.3 | AH32: 5394202.3 | AI32: =ROUND(AVERAGE(AF32,AG32,AH32),2) -> 5394202.3 | AJ32: 5933622.5 | AK32: 5933622.5 | AL32: 5933622.5 | AM32: =ROUND(AVERAGE(AJ32,AK32,AL32),2) -> 5933622.5 | AN32: 6230303.6 | AO32: 6230303.6 | AP32: 6230303.6 | AQ32: =ROUND(AVERAGE(AN32,AO32,AP32),2) -> 6230303.6 | AR32: 6348976.1 | AS32: 6348976.1 | AT32: 6348976.1 | AU32: =ROUND(AVERAGE(AR32,AS32,AT32),2) -> 6348976.1 | AV32: 6856894.2 | AW32: 6856894.2 | AX32: 6856894.2 | AY32: =ROUND(AVERAGE(AV32,AW32,AX32),2) -> 6856894.2 | AZ32: 8228273 | BA32: 8228273 | BB32: 8228273 | BC32: =ROUND(AVERAGE(AZ32,BA32,BB32),2) -> 8228273 | BD32: 8228273 | BE32: 8228273 | BF32: 8228273 | BG32: =ROUND(AVERAGE(BD32,BE32,BF32),2) -> 8228273 | BH32: 7131169.9 | BI32: 7131169.9 | BJ32: 7131169.9 | BK32: =ROUND(AVERAGE(BH32,BI32,BJ32),2) -> 7131169.9
A33: 23 | B33: Cambio Patin Tensor | C33: 1 | D33: 525631.76 | E33: 447000 | F33: 477847.06 | G33: =ROUND(AVERAGE(D33,E33,F33),2) -> 483492.94 | H33: 704346.56 | I33: 598980 | J33: 640315.05 | K33: =ROUND(AVERAGE(H33,I33,J33),2) -> 647880.54 | L33: 943824.39 | M33: 802633.2 | N33: 858022.17 | O33: =ROUND(AVERAGE(L33,M33,N33),2) -> 868159.92 | P33: 704346.56 | Q33: 598980 | R33: 640315.05 | S33: =ROUND(AVERAGE(P33,Q33,R33),2) -> 647880.54 | T33: 1021302.5 | U33: 868521 | V33: 928456.83 | W33: =ROUND(AVERAGE(T33,U33,V33),2) -> 939426.78 | X33: 809998.54 | Y33: 688827 | Z33: 736362.31 | AA33: =ROUND(AVERAGE(X33,Y33,Z33),2) -> 745062.62 | AB33: 1123432.8 | AC33: 955373.1 | AD33: 1021302.5 | AE33: =ROUND(AVERAGE(AB33,AC33,AD33),2) -> 1033369.5 | AF33: 1179604.4 | AG33: 1003141.8 | AH33: 1072367.6 | AI33: =ROUND(AVERAGE(AF33,AG33,AH33),2) -> 1085037.9 | AJ33: 1297564.8 | AK33: 1103455.9 | AL33: 1179604.4 | AM33: =ROUND(AVERAGE(AJ33,AK33,AL33),2) -> 1193541.7 | AN33: 1362443.1 | AO33: 1158628.7 | AP33: 1238584.6 | AQ33: =ROUND(AVERAGE(AN33,AO33,AP33),2) -> 1253218.8 | AR33: 1388394.4 | AS33: 1180697.8 | AT33: 1262176.7 | AU33: =ROUND(AVERAGE(AR33,AS33,AT33),2) -> 1277089.6 | AV33: 1499465.9 | AW33: 1275153.7 | AX33: 1363150.8 | AY33: =ROUND(AVERAGE(AV33,AW33,AX33),2) -> 1379256.8 | AZ33: 1799359.1 | BA33: 1530184.4 | BB33: 1635781 | BC33: =ROUND(AVERAGE(AZ33,BA33,BB33),2) -> 1655108.2 | BD33: 1799359.1 | BE33: 1530184.4 | BF33: 1635781 | BG33: =ROUND(AVERAGE(BD33,BE33,BF33),2) -> 1655108.2 | BH33: 1559444.6 | BI33: 1326159.8 | BJ33: 1417676.9 | BK33: =ROUND(AVERAGE(BH33,BI33,BJ33),2) -> 1434427.1
A34: 24 | B34: Cambio Piñon Cigüeñal | C34: 1 | D34: 696542.7 | E34: 592000 | F34: 633220.64 | G34: =ROUND(AVERAGE(D34,E34,F34),2) -> 640587.78 | H34: 933367.22 | I34: 793280 | J34: 848515.66 | K34: =ROUND(AVERAGE(H34,I34,J34),2) -> 858387.63 | L34: 1250712.1 | M34: 1062995.2 | N34: 1137011 | O34: =ROUND(AVERAGE(L34,M34,N34),2) -> 1150239.4 | P34: 933367.22 | Q34: 793280 | R34: 848515.66 | S34: =ROUND(AVERAGE(P34,Q34,R34),2) -> 858387.63 | T34: 1353382.5 | U34: 1150256 | V34: 1230347.7 | W34: =ROUND(AVERAGE(T34,U34,V34),2) -> 1244662.1 | X34: 1073372.3 | Y34: 912272 | Z34: 975793 | AA34: =ROUND(AVERAGE(X34,Y34,Z34),2) -> 987145.77 | AB34: 1488720.7 | AC34: 1265281.6 | AD34: 1353382.5 | AE34: =ROUND(AVERAGE(AB34,AC34,AD34),2) -> 1369128.3 | AF34: 1563156.8 | AG34: 1328545.7 | AH34: 1421051.6 | AI34: =ROUND(AVERAGE(AF34,AG34,AH34),2) -> 1437584.7 | AJ34: 1719472.4 | AK34: 1461400.2 | AL34: 1563156.8 | AM34: =ROUND(AVERAGE(AJ34,AK34,AL34),2) -> 1581343.1 | AN34: 1805446 | AO34: 1534470.3 | AP34: 1641314.6 | AQ34: =ROUND(AVERAGE(AN34,AO34,AP34),2) -> 1660410.3 | AR34: 1839835.5 | AS34: 1563698.3 | AT34: 1672577.7 | AU34: =ROUND(AVERAGE(AR34,AS34,AT34),2) -> 1692037.2 | AV34: 1987022.3 | AW34: 1688794.1 | AX34: 1806383.9 | AY34: =ROUND(AVERAGE(AV34,AW34,AX34),2) -> 1827400.1 | AZ34: 2384426.8 | BA34: 2026553 | BB34: 2167660.7 | BC34: =ROUND(AVERAGE(AZ34,BA34,BB34),2) -> 2192880.2 | BD34: 2384426.8 | BE34: 2026553 | BF34: 2167660.7 | BG34: =ROUND(AVERAGE(BD34,BE34,BF34),2) -> 2192880.2 | BH34: 2066503.2 | BI34: 1756345.9 | BJ34: 1878639.3 | BK34: =ROUND(AVERAGE(BH34,BI34,BJ34),2) -> 1900496.1
A35: 25 | B35: Cambio Piston | C35: 1 | D35: 4278148.1 | E35: 3636000 | F35: 3889225.5 | G35: =ROUND(AVERAGE(D35,E35,F35),2) -> 3934457.9 | H35: 5732718.4 | I35: 4872240 | J35: 5211562.2 | K35: =ROUND(AVERAGE(H35,I35,J35),2) -> 5272173.5 | L35: 7681842.7 | M35: 6528801.6 | N35: 6983493.4 | O35: =ROUND(AVERAGE(L35,M35,N35),2) -> 7064712.5 | P35: 5732718.4 | Q35: 4872240 | R35: 5211562.2 | S35: =ROUND(AVERAGE(P35,Q35,R35),2) -> 5272173.5 | T35: 8312441.7 | U35: 7064748 | V35: 7556765.2 | W35: =ROUND(AVERAGE(T35,U35,V35),2) -> 7644651.6 | X35: 6592626.2 | Y35: 5603076 | Z35: 5993296.5 | AA35: =ROUND(AVERAGE(X35,Y35,Z35),2) -> 6062999.6 | AB35: 9143685.9 | AC35: 7771222.8 | AD35: 8312441.7 | AE35: =ROUND(AVERAGE(AB35,AC35,AD35),2) -> 8409116.8 | AF35: 9600870.2 | AG35: 8159783.9 | AH35: 8728063.8 | AI35: =ROUND(AVERAGE(AF35,AG35,AH35),2) -> 8829572.6 | AJ35: 10560957 | AK35: 8975762.3 | AL35: 9600870.2 | AM35: =ROUND(AVERAGE(AJ35,AK35,AL35),2) -> 9712529.9 | AN35: 11089005 | AO35: 9424550.5 | AP35: 10080914 | AQ35: =ROUND(AVERAGE(AN35,AO35,AP35),2) -> 10198156 | AR35: 11300224 | AS35: 9604065.7 | AT35: 10272931 | AU35: =ROUND(AVERAGE(AR35,AS35,AT35),2) -> 10392407 | AV35: 12204242 | AW35: 10372391 | AX35: 11094766 | AY35: =ROUND(AVERAGE(AV35,AW35,AX35),2) -> 11223800 | AZ35: 14645091 | BA35: 12446869 | BB35: 13313719 | BC35: =ROUND(AVERAGE(AZ35,BA35,BB35),2) -> 13468559 | BD35: 14645091 | BE35: 12446869 | BF35: 13313719 | BG35: =ROUND(AVERAGE(BD35,BE35,BF35),2) -> 13468559 | BH35: 12692412 | BI35: 10787287 | BJ35: 11538556 | BK35: =ROUND(AVERAGE(BH35,BI35,BJ35),2) -> 11672752
A36: 26 | B36: Cambio Polea Con Rodamiento | C36: 1 | D36: 696542.7 | E36: 592000 | F36: 633220.64 | G36: =ROUND(AVERAGE(D36,E36,F36),2) -> 640587.78 | H36: 933367.22 | I36: 793280 | J36: 848515.66 | K36: =ROUND(AVERAGE(H36,I36,J36),2) -> 858387.63 | L36: 1250712.1 | M36: 1062995.2 | N36: 1137011 | O36: =ROUND(AVERAGE(L36,M36,N36),2) -> 1150239.4 | P36: 933367.22 | Q36: 793280 | R36: 848515.66 | S36: =ROUND(AVERAGE(P36,Q36,R36),2) -> 858387.63 | T36: 1353382.5 | U36: 1150256 | V36: 1230347.7 | W36: =ROUND(AVERAGE(T36,U36,V36),2) -> 1244662.1 | X36: 1073372.3 | Y36: 912272 | Z36: 975793 | AA36: =ROUND(AVERAGE(X36,Y36,Z36),2) -> 987145.77 | AB36: 1488720.7 | AC36: 1265281.6 | AD36: 1353382.5 | AE36: =ROUND(AVERAGE(AB36,AC36,AD36),2) -> 1369128.3 | AF36: 1563156.8 | AG36: 1328545.7 | AH36: 1421051.6 | AI36: =ROUND(AVERAGE(AF36,AG36,AH36),2) -> 1437584.7 | AJ36: 1719472.4 | AK36: 1461400.2 | AL36: 1563156.8 | AM36: =ROUND(AVERAGE(AJ36,AK36,AL36),2) -> 1581343.1 | AN36: 1805446 | AO36: 1534470.3 | AP36: 1641314.6 | AQ36: =ROUND(AVERAGE(AN36,AO36,AP36),2) -> 1660410.3 | AR36: 1839835.5 | AS36: 1563698.3 | AT36: 1672577.7 | AU36: =ROUND(AVERAGE(AR36,AS36,AT36),2) -> 1692037.2 | AV36: 1987022.3 | AW36: 1688794.1 | AX36: 1806383.9 | AY36: =ROUND(AVERAGE(AV36,AW36,AX36),2) -> 1827400.1 | AZ36: 2384426.8 | BA36: 2026553 | BB36: 2167660.7 | BC36: =ROUND(AVERAGE(AZ36,BA36,BB36),2) -> 2192880.2 | BD36: 2384426.8 | BE36: 2026553 | BF36: 2167660.7 | BG36: =ROUND(AVERAGE(BD36,BE36,BF36),2) -> 2192880.2 | BH36: 2066503.2 | BI36: 1756345.9 | BJ36: 1878639.3 | BK36: =ROUND(AVERAGE(BH36,BI36,BJ36),2) -> 1900496.1
A37: 27 | B37: Cambio Punta De Inyector DIESEL | C37: 1 | D37: N/A | E37: N/A | F37: N/A | G37: N/A | H37: 654899 | I37: 654899 | J37: 654899 | K37: =ROUND(AVERAGE(H37,I37,J37),2) -> 654899 | L37: 877564.66 | M37: 877564.66 | N37: 877564.66 | O37: =ROUND(AVERAGE(L37,M37,N37),2) -> 877564.66 | P37: 654899 | Q37: 654899 | R37: 654899 | S37: =ROUND(AVERAGE(P37,Q37,R37),2) -> 654899 | T37: 949603.55 | U37: 949603.55 | V37: 949603.55 | W37: =ROUND(AVERAGE(T37,U37,V37),2) -> 949603.55 | X37: 753133.85 | Y37: 753133.85 | Z37: 753133.85 | AA37: =ROUND(AVERAGE(X37,Y37,Z37),2) -> 753133.85 | AB37: 1044563.9 | AC37: 1044563.9 | AD37: 1044563.9 | AE37: =ROUND(AVERAGE(AB37,AC37,AD37),2) -> 1044563.9 | AF37: 1096792.1 | AG37: 1096792.1 | AH37: 1096792.1 | AI37: =ROUND(AVERAGE(AF37,AG37,AH37),2) -> 1096792.1 | AJ37: 1206471.3 | AK37: 1206471.3 | AL37: 1206471.3 | AM37: =ROUND(AVERAGE(AJ37,AK37,AL37),2) -> 1206471.3 | AN37: 1266794.9 | AO37: 1266794.9 | AP37: 1266794.9 | AQ37: =ROUND(AVERAGE(AN37,AO37,AP37),2) -> 1266794.9 | AR37: 1290924.3 | AS37: 1290924.3 | AT37: 1290924.3 | AU37: =ROUND(AVERAGE(AR37,AS37,AT37),2) -> 1290924.3 | AV37: 1394198.2 | AW37: 1394198.2 | AX37: 1394198.2 | AY37: =ROUND(AVERAGE(AV37,AW37,AX37),2) -> 1394198.2 | AZ37: 1673037.9 | BA37: 1673037.9 | BB37: 1673037.9 | BC37: =ROUND(AVERAGE(AZ37,BA37,BB37),2) -> 1673037.9 | BD37: 1673037.9 | BE37: 1673037.9 | BF37: 1673037.9 | BG37: =ROUND(AVERAGE(BD37,BE37,BF37),2) -> 1673037.9 | BH37: 1449966.2 | BI37: 1449966.2 | BJ37: 1449966.2 | BK37: =ROUND(AVERAGE(BH37,BI37,BJ37),2) -> 1449966.2
A38: 28 | B38: Cambio Retenedor De Inyector | C38: 1 | D38: 352571 | E38: 300000 | F38: 320519.09 | G38: =ROUND(AVERAGE(D38,E38,F38),2) -> 324363.36 | H38: 472445.14 | I38: 402000 | J38: 429495.58 | K38: =ROUND(AVERAGE(H38,I38,J38),2) -> 434646.9 | L38: 633076.48 | M38: 538680 | N38: 575524.08 | O38: =ROUND(AVERAGE(L38,M38,N38),2) -> 582426.85 | P38: 472445.14 | Q38: 402000 | R38: 429495.58 | S38: =ROUND(AVERAGE(P38,Q38,R38),2) -> 434646.9 | T38: 685045.45 | U38: 582900 | V38: 622768.59 | W38: =ROUND(AVERAGE(T38,U38,V38),2) -> 630238.01 | X38: 543311.91 | Y38: 462300 | Z38: 493919.92 | AA38: =ROUND(AVERAGE(X38,Y38,Z38),2) -> 499843.94 | AB38: 753549.99 | AC38: 641190 | AD38: 685045.45 | AE38: =ROUND(AVERAGE(AB38,AC38,AD38),2) -> 693261.81 | AF38: 791227.49 | AG38: 673249.5 | AH38: 719297.72 | AI38: =ROUND(AVERAGE(AF38,AG38,AH38),2) -> 727924.9 | AJ38: 870350.24 | AK38: 740574.45 | AL38: 791227.49 | AM38: =ROUND(AVERAGE(AJ38,AK38,AL38),2) -> 800717.39 | AN38: 913867.75 | AO38: 777603.17 | AP38: 830788.87 | AQ38: =ROUND(AVERAGE(AN38,AO38,AP38),2) -> 840753.26 | AR38: 931274.76 | AS38: 792414.66 | AT38: 846613.42 | AU38: =ROUND(AVERAGE(AR38,AS38,AT38),2) -> 856767.61 | AV38: 1005776.7 | AW38: 855807.83 | AX38: 914342.49 | AY38: =ROUND(AVERAGE(AV38,AW38,AX38),2) -> 925309.02 | AZ38: 1206932.1 | BA38: 1026969.4 | BB38: 1097211 | BC38: =ROUND(AVERAGE(AZ38,BA38,BB38),2) -> 1110370.8 | BD38: 1206932.1 | BE38: 1026969.4 | BF38: 1097211 | BG38: =ROUND(AVERAGE(BD38,BE38,BF38),2) -> 1110370.8 | BH38: 1046007.8 | BI38: 890040.15 | BJ38: 950916.19 | BK38: =ROUND(AVERAGE(BH38,BI38,BJ38),2) -> 962321.38
A39: 29 | B39: Cambio Silenciador | C39: 1 | D39: 693317.97 | E39: 589000 | F39: 630289.06 | G39: =ROUND(AVERAGE(D39,E39,F39),2) -> 637535.68 | H39: 929046.08 | I39: 789260 | J39: 844587.34 | K39: =ROUND(AVERAGE(H39,I39,J39),2) -> 854297.81 | L39: 1244921.7 | M39: 1057608.4 | N39: 1131747 | O39: =ROUND(AVERAGE(L39,M39,N39),2) -> 1144759.1 | P39: 929046.08 | Q39: 789260 | R39: 844587.34 | S39: =ROUND(AVERAGE(P39,Q39,R39),2) -> 854297.81 | T39: 1347116.8 | U39: 1144427 | V39: 1224651.6 | W39: =ROUND(AVERAGE(T39,U39,V39),2) -> 1238731.8 | X39: 1068403 | Y39: 907649 | Z39: 971275.44 | AA39: =ROUND(AVERAGE(X39,Y39,Z39),2) -> 982442.48 | AB39: 1481828.5 | AC39: 1258869.7 | AD39: 1347116.8 | AE39: =ROUND(AVERAGE(AB39,AC39,AD39),2) -> 1362605 | AF39: 1555919.9 | AG39: 1321813.2 | AH39: 1414472.7 | AI39: =ROUND(AVERAGE(AF39,AG39,AH39),2) -> 1430735.2 | AJ39: 1711511.9 | AK39: 1453994.5 | AL39: 1555919.9 | AM39: =ROUND(AVERAGE(AJ39,AK39,AL39),2) -> 1573808.8 | AN39: 1797087.5 | AO39: 1526694.2 | AP39: 1633715.9 | AQ39: =ROUND(AVERAGE(AN39,AO39,AP39),2) -> 1652499.2 | AR39: 1831317.7 | AS39: 1555774.1 | AT39: 1664834.3 | AU39: =ROUND(AVERAGE(AR39,AS39,AT39),2) -> 1683975.4 | AV39: 1977823.2 | AW39: 1680236 | AX39: 1798021.1 | AY39: =ROUND(AVERAGE(AV39,AW39,AX39),2) -> 1818693.4 | AZ39: 2373387.8 | BA39: 2016283.3 | BB39: 2157625.3 | BC39: =ROUND(AVERAGE(AZ39,BA39,BB39),2) -> 2182432.1 | BD39: 2373387.8 | BE39: 2016283.3 | BF39: 2157625.3 | BG39: =ROUND(AVERAGE(BD39,BE39,BF39),2) -> 2182432.1 | BH39: 2056936.1 | BI39: 1747445.5 | BJ39: 1869941.9 | BK39: =ROUND(AVERAGE(BH39,BI39,BJ39),2) -> 1891441.2
A40: 30 | B40: Cambio Soporte De Bateria | C40: 1 | D40: 193484.08 | E40: 164000 | F40: 175894.62 | G40: =ROUND(AVERAGE(D40,E40,F40),2) -> 177792.9 | H40: 259268.67 | I40: 219760 | J40: 235698.79 | K40: =ROUND(AVERAGE(H40,I40,J40),2) -> 238242.49 | L40: 347420.02 | M40: 294478.4 | N40: 315836.38 | O40: =ROUND(AVERAGE(L40,M40,N40),2) -> 319244.93 | P40: 259268.67 | Q40: 219760 | R40: 235698.79 | S40: =ROUND(AVERAGE(P40,Q40,R40),2) -> 238242.49 | T40: 375939.57 | U40: 318652 | V40: 341763.25 | W40: =ROUND(AVERAGE(T40,U40,V40),2) -> 345451.61 | X40: 298158.97 | Y40: 252724 | Z40: 271053.61 | AA40: =ROUND(AVERAGE(X40,Y40,Z40),2) -> 273978.86 | AB40: 413533.53 | AC40: 350517.2 | AD40: 375939.57 | AE40: =ROUND(AVERAGE(AB40,AC40,AD40),2) -> 379996.77 | AF40: 434210.21 | AG40: 368043.06 | AH40: 394736.55 | AI40: =ROUND(AVERAGE(AF40,AG40,AH40),2) -> 398996.61 | AJ40: 477631.23 | AK40: 404847.37 | AL40: 434210.21 | AM40: =ROUND(AVERAGE(AJ40,AK40,AL40),2) -> 438896.27 | AN40: 501512.79 | AO40: 425089.73 | AP40: 455920.72 | AQ40: =ROUND(AVERAGE(AN40,AO40,AP40),2) -> 460841.08 | AR40: 511065.42 | AS40: 433186.68 | AT40: 464604.92 | AU40: =ROUND(AVERAGE(AR40,AS40,AT40),2) -> 469619.01 | AV40: 551950.65 | AW40: 467841.62 | AX40: 501773.32 | AY40: =ROUND(AVERAGE(AV40,AW40,AX40),2) -> 507188.53 | AZ40: 662340.78 | BA40: 561409.94 | BB40: 602127.98 | BC40: =ROUND(AVERAGE(AZ40,BA40,BB40),2) -> 608626.23 | BD40: 662340.78 | BE40: 561409.94 | BF40: 602127.98 | BG40: =ROUND(AVERAGE(BD40,BE40,BF40),2) -> 608626.23 | BH40: 574028.68 | BI40: 486555.28 | BJ40: 521844.25 | BK40: =ROUND(AVERAGE(BH40,BI40,BJ40),2) -> 527476.07
A41: 31 | B41: Cambio Tapon De Motor | C41: 1 | D41: 288076.3 | E41: 245000 | F41: 261887.55 | G41: =ROUND(AVERAGE(D41,E41,F41),2) -> 264987.95 | H41: 386022.25 | I41: 328300 | J41: 350929.31 | K41: =ROUND(AVERAGE(H41,I41,J41),2) -> 355083.85 | L41: 517269.81 | M41: 439922 | N41: 470245.28 | O41: =ROUND(AVERAGE(L41,M41,N41),2) -> 475812.36 | P41: 386022.25 | Q41: 328300 | R41: 350929.31 | S41: =ROUND(AVERAGE(P41,Q41,R41),2) -> 355083.85 | T41: 559732.26 | U41: 476035 | V41: 508847.51 | W41: =ROUND(AVERAGE(T41,U41,V41),2) -> 514871.59 | X41: 443925.58 | Y41: 377545 | Z41: 403568.71 | AA41: =ROUND(AVERAGE(X41,Y41,Z41),2) -> 408346.43 | AB41: 615705.48 | AC41: 523638.5 | AD41: 559732.26 | AE41: =ROUND(AVERAGE(AB41,AC41,AD41),2) -> 566358.75 | AF41: 646490.76 | AG41: 549820.43 | AH41: 587718.87 | AI41: =ROUND(AVERAGE(AF41,AG41,AH41),2) -> 594676.68 | AJ41: 711139.83 | AK41: 604802.47 | AL41: 646490.76 | AM41: =ROUND(AVERAGE(AJ41,AK41,AL41),2) -> 654144.35 | AN41: 746696.82 | AO41: 635042.59 | AP41: 678815.29 | AQ41: =ROUND(AVERAGE(AN41,AO41,AP41),2) -> 686851.57 | AR41: 760919.62 | AS41: 647138.64 | AT41: 691745.11 | AU41: =ROUND(AVERAGE(AR41,AS41,AT41),2) -> 699934.46 | AV41: 821793.19 | AW41: 698909.73 | AX41: 747084.72 | AY41: =ROUND(AVERAGE(AV41,AW41,AX41),2) -> 755929.21 | AZ41: 986151.83 | BA41: 838691.68 | BB41: 896501.66 | BC41: =ROUND(AVERAGE(AZ41,BA41,BB41),2) -> 907115.06 | BD41: 986151.83 | BE41: 838691.68 | BF41: 896501.66 | BG41: =ROUND(AVERAGE(BD41,BE41,BF41),2) -> 907115.06 | BH41: 854664.92 | BI41: 726866.12 | BJ41: 776968.11 | BK41: =ROUND(AVERAGE(BH41,BI41,BJ41),2) -> 786166.38
A42: 32 | B42: Cambio Turbo Cargador | C42: 1 | D42: N/A | E42: N/A | F42: N/A | G42: N/A | H42: 4320300 | I42: 4320300 | J42: 4320300 | K42: =ROUND(AVERAGE(H42,I42,J42),2) -> 4320300 | L42: 5789202 | M42: 5789202 | N42: 5789202 | O42: =ROUND(AVERAGE(L42,M42,N42),2) -> 5789202 | P42: 4320300 | Q42: 4320300 | R42: 4320300 | S42: =ROUND(AVERAGE(P42,Q42,R42),2) -> 4320300 | T42: 6264435 | U42: 6264435 | V42: 6264435 | W42: =ROUND(AVERAGE(T42,U42,V42),2) -> 6264435 | X42: 4968345 | Y42: 4968345 | Z42: 4968345 | AA42: =ROUND(AVERAGE(X42,Y42,Z42),2) -> 4968345 | AB42: 6890878.5 | AC42: 6890878.5 | AD42: 6890878.5 | AE42: =ROUND(AVERAGE(AB42,AC42,AD42),2) -> 6890878.5 | AF42: 7235422.4 | AG42: 7235422.4 | AH42: 7235422.4 | AI42: =ROUND(AVERAGE(AF42,AG42,AH42),2) -> 7235422.4 | AJ42: 7958964.7 | AK42: 7958964.7 | AL42: 7958964.7 | AM42: =ROUND(AVERAGE(AJ42,AK42,AL42),2) -> 7958964.7 | AN42: 8356912.9 | AO42: 8356912.9 | AP42: 8356912.9 | AQ42: =ROUND(AVERAGE(AN42,AO42,AP42),2) -> 8356912.9 | AR42: 8516092.2 | AS42: 8516092.2 | AT42: 8516092.2 | AU42: =ROUND(AVERAGE(AR42,AS42,AT42),2) -> 8516092.2 | AV42: 9197379.6 | AW42: 9197379.6 | AX42: 9197379.6 | AY42: =ROUND(AVERAGE(AV42,AW42,AX42),2) -> 9197379.6 | AZ42: 11036855 | BA42: 11036855 | BB42: 11036855 | BC42: =ROUND(AVERAGE(AZ42,BA42,BB42),2) -> 11036855 | BD42: 11036855 | BE42: 11036855 | BF42: 11036855 | BG42: =ROUND(AVERAGE(BD42,BE42,BF42),2) -> 11036855 | BH42: 9565274.8 | BI42: 9565274.8 | BJ42: 9565274.8 | BK42: =ROUND(AVERAGE(BH42,BI42,BJ42),2) -> 9565274.8
A43: 33 | B43: Cambio Valvulas Admision Y Escape | C43: 1 | D43: 2085328.5 | E43: 1773000 | F43: 1895753.1 | G43: =ROUND(AVERAGE(D43,E43,F43),2) -> 1918027.2 | H43: 2794340.1 | I43: 2375820 | J43: 2540309.2 | K43: =ROUND(AVERAGE(H43,I43,J43),2) -> 2570156.5 | L43: 3744415.8 | M43: 3183598.8 | N43: 3404014.3 | O43: =ROUND(AVERAGE(L43,M43,N43),2) -> 3444009.6 | P43: 2794340.1 | Q43: 2375820 | R43: 2540309.2 | S43: =ROUND(AVERAGE(P43,Q43,R43),2) -> 2570156.5 | T43: 4051793.2 | U43: 3444939 | V43: 3683448.4 | W43: =ROUND(AVERAGE(T43,U43,V43),2) -> 3726726.9 | X43: 3213491.2 | Y43: 2732193 | Z43: 2921355.6 | AA43: =ROUND(AVERAGE(X43,Y43,Z43),2) -> 2955679.9 | AB43: 4456972.5 | AC43: 3789432.9 | AD43: 4051793.2 | AE43: =ROUND(AVERAGE(AB43,AC43,AD43),2) -> 4099399.5 | AF43: 4679821.1 | AG43: 3978904.5 | AH43: 4254382.9 | AI43: =ROUND(AVERAGE(AF43,AG43,AH43),2) -> 4304369.5 | AJ43: 5147803.3 | AK43: 4376795 | AL43: 4679821.1 | AM43: =ROUND(AVERAGE(AJ43,AK43,AL43),2) -> 4734806.5 | AN43: 5405193.4 | AO43: 4595634.7 | AP43: 4913812.2 | AQ43: =ROUND(AVERAGE(AN43,AO43,AP43),2) -> 4971546.8 | AR43: 5508149.5 | AS43: 4683170.6 | AT43: 5007408.6 | AU43: =ROUND(AVERAGE(AR43,AS43,AT43),2) -> 5066242.9 | AV43: 5948801.4 | AW43: 5057824.3 | AX43: 5408001.3 | AY43: =ROUND(AVERAGE(AV43,AW43,AX43),2) -> 5471542.3 | AZ43: 7138561.7 | BA43: 6069389.2 | BB43: 6489601.6 | BC43: =ROUND(AVERAGE(AZ43,BA43,BB43),2) -> 6565850.8 | BD43: 7138561.7 | BE43: 6069389.2 | BF43: 6489601.6 | BG43: =ROUND(AVERAGE(BD43,BE43,BF43),2) -> 6565850.8 | BH43: 6186753.5 | BI43: 5260137.3 | BJ43: 5624321.4 | BK43: =ROUND(AVERAGE(BH43,BI43,BJ43),2) -> 5690404
A44: 34 | B44: Cambio riel de presion de combustible | C44: 1 | D44: 908300.28 | E44: 772000 | F44: 825727.53 | G44: =ROUND(AVERAGE(D44,E44,F44),2) -> 835342.6 | H44: 1217122.4 | I44: 1034480 | J44: 1106474.9 | K44: =ROUND(AVERAGE(H44,I44,J44),2) -> 1119359.1 | L44: 1630944 | M44: 1386203.2 | N44: 1482676.4 | O44: =ROUND(AVERAGE(L44,M44,N44),2) -> 1499941.2 | P44: 1217122.4 | Q44: 1034480 | R44: 1106474.9 | S44: =ROUND(AVERAGE(P44,Q44,R44),2) -> 1119359.1 | T44: 1764827.4 | U44: 1499996 | V44: 1604388.6 | W44: =ROUND(AVERAGE(T44,U44,V44),2) -> 1623070.7 | X44: 1399690.7 | Y44: 1189652 | Z44: 1272446.1 | AA44: =ROUND(AVERAGE(X44,Y44,Z44),2) -> 1287262.9 | AB44: 1941310.2 | AC44: 1649995.6 | AD44: 1764827.4 | AE44: =ROUND(AVERAGE(AB44,AC44,AD44),2) -> 1785377.8 | AF44: 2038375.7 | AG44: 1732495.4 | AH44: 1853068.8 | AI44: =ROUND(AVERAGE(AF44,AG44,AH44),2) -> 1874646.6 | AJ44: 2242213.3 | AK44: 1905744.9 | AL44: 2038375.7 | AM44: =ROUND(AVERAGE(AJ44,AK44,AL44),2) -> 2062111.3 | AN44: 2354323.9 | AO44: 2001032.2 | AP44: 2140294.5 | AQ44: =ROUND(AVERAGE(AN44,AO44,AP44),2) -> 2165216.9 | AR44: 2399168.2 | AS44: 2039147.1 | AT44: 2181062 | AU44: =ROUND(AVERAGE(AR44,AS44,AT44),2) -> 2206459.1 | AV44: 2591101.7 | AW44: 2202278.8 | AX44: 2355547 | AY44: =ROUND(AVERAGE(AV44,AW44,AX44),2) -> 2382975.8 | AZ44: 3109322 | BA44: 2642734.6 | BB44: 2826656.4 | BC44: =ROUND(AVERAGE(AZ44,BA44,BB44),2) -> 2859571 | BD44: 3109322 | BE44: 2642734.6 | BF44: 2826656.4 | BG44: =ROUND(AVERAGE(BD44,BE44,BF44),2) -> 2859571 | BH44: N/A | BI44: N/A | BJ44: N/A | BK44: N/A
A45: 35 | B45: cambio sensor presion combustible GASOLINA | C45: 1 | D45: 264213.27 | E45: 225000 | F45: 240193.88 | G45: =ROUND(AVERAGE(D45,E45,F45),2) -> 243135.71 | H45: N/A | I45: N/A | J45: N/A | K45: N/A | L45: N/A | M45: N/A | N45: N/A | O45: N/A | P45: N/A | Q45: N/A | R45: N/A | S45: N/A | T45: N/A | U45: N/A | V45: N/A | W45: N/A | X45: N/A | Y45: N/A | Z45: N/A | AA45: N/A | AB45: N/A | AC45: N/A | AD45: N/A | AE45: N/A | AF45: N/A | AG45: N/A | AH45: N/A | AI45: N/A | AJ45: N/A | AK45: N/A | AL45: N/A | AM45: N/A | AN45: N/A | AO45: N/A | AP45: N/A | AQ45: N/A | AR45: N/A | AS45: N/A | AT45: N/A | AU45: N/A | AV45: N/A | AW45: N/A | AX45: N/A | AY45: N/A | AZ45: N/A | BA45: N/A | BB45: N/A | BC45: N/A | BD45: N/A | BE45: N/A | BF45: N/A | BG45: N/A | BH45: N/A | BI45: N/A | BJ45: N/A | BK45: N/A
A46: 36 | B46: cambio sensor presion combustible DIESEL | C46: 1 | D46: N/A | E46: N/A | F46: N/A | G46: N/A | H46: 668596 | I46: 668596 | J46: 668596 | K46: =ROUND(AVERAGE(H46,I46,J46),2) -> 668596 | L46: 895918.64 | M46: 895918.64 | N46: 895918.64 | O46: =ROUND(AVERAGE(L46,M46,N46),2) -> 895918.64 | P46: 668596 | Q46: 668596 | R46: 668596 | S46: =ROUND(AVERAGE(P46,Q46,R46),2) -> 668596 | T46: 969464.2 | U46: 969464.2 | V46: 969464.2 | W46: =ROUND(AVERAGE(T46,U46,V46),2) -> 969464.2 | X46: 768885.4 | Y46: 768885.4 | Z46: 768885.4 | AA46: =ROUND(AVERAGE(X46,Y46,Z46),2) -> 768885.4 | AB46: 1066410.6 | AC46: 1066410.6 | AD46: 1066410.6 | AE46: =ROUND(AVERAGE(AB46,AC46,AD46),2) -> 1066410.6 | AF46: 1119731.2 | AG46: 1119731.2 | AH46: 1119731.2 | AI46: =ROUND(AVERAGE(AF46,AG46,AH46),2) -> 1119731.1 | AJ46: 1231704.3 | AK46: 1231704.3 | AL46: 1231704.3 | AM46: =ROUND(AVERAGE(AJ46,AK46,AL46),2) -> 1231704.3 | AN46: 1293289.5 | AO46: 1293289.5 | AP46: 1293289.5 | AQ46: =ROUND(AVERAGE(AN46,AO46,AP46),2) -> 1293289.5 | AR46: 1317923.6 | AS46: 1317923.6 | AT46: 1317923.6 | AU46: =ROUND(AVERAGE(AR46,AS46,AT46),2) -> 1317923.6 | AV46: 1423357.4 | AW46: 1423357.4 | AX46: 1423357.4 | AY46: =ROUND(AVERAGE(AV46,AW46,AX46),2) -> 1423357.4 | AZ46: 1708028.9 | BA46: 1708028.9 | BB46: 1708028.9 | BC46: =ROUND(AVERAGE(AZ46,BA46,BB46),2) -> 1708028.9 | BD46: 1708028.9 | BE46: 1708028.9 | BF46: 1708028.9 | BG46: =ROUND(AVERAGE(BD46,BE46,BF46),2) -> 1708028.9 | BH46: 1480291.7 | BI46: 1480291.7 | BJ46: 1480291.7 | BK46: =ROUND(AVERAGE(BH46,BI46,BJ46),2) -> 1480291.8
A47: 37 | B47: Cambio sensor flujo de aire | C47: 1 | D47: 960970.95 | E47: 817000 | F47: 873609.95 | G47: =ROUND(AVERAGE(D47,E47,F47),2) -> 883860.3 | H47: 1287701.1 | I47: 1094780 | J47: 1170637.3 | K47: =ROUND(AVERAGE(H47,I47,J47),2) -> 1184372.8 | L47: 1725519.4 | M47: 1467005.2 | N47: 1568654 | O47: =ROUND(AVERAGE(L47,M47,N47),2) -> 1587059.6 | P47: 1287701.1 | Q47: 1094780 | R47: 1170637.3 | S47: =ROUND(AVERAGE(P47,Q47,R47),2) -> 1184372.8 | T47: 1867166.6 | U47: 1587431 | V47: 1697424.1 | W47: =ROUND(AVERAGE(T47,U47,V47),2) -> 1717340.6 | X47: 1480856.2 | Y47: 1258997 | Z47: 1346232.9 | AA47: =ROUND(AVERAGE(X47,Y47,Z47),2) -> 1362028.7 | AB47: 2053883.2 | AC47: 1746174.1 | AD47: 1867166.6 | AE47: =ROUND(AVERAGE(AB47,AC47,AD47),2) -> 1889074.6 | AF47: 2156577.4 | AG47: 1833482.8 | AH47: 1960524.9 | AI47: =ROUND(AVERAGE(AF47,AG47,AH47),2) -> 1983528.4 | AJ47: 2372235.1 | AK47: 2016831.1 | AL47: 2156577.4 | AM47: =ROUND(AVERAGE(AJ47,AK47,AL47),2) -> 2181881.2 | AN47: 2490846.9 | AO47: 2117672.6 | AP47: 2264406.2 | AQ47: =ROUND(AVERAGE(AN47,AO47,AP47),2) -> 2290975.2 | AR47: 2538291.6 | AS47: 2158009.3 | AT47: 2307537.8 | AU47: =ROUND(AVERAGE(AR47,AS47,AT47),2) -> 2334612.9 | AV47: 2741354.9 | AW47: 2330650 | AX47: 2492140.8 | AY47: =ROUND(AVERAGE(AV47,AW47,AX47),2) -> 2521381.9 | AZ47: 3289625.9 | BA47: 2796780 | BB47: 2990569 | BC47: =ROUND(AVERAGE(AZ47,BA47,BB47),2) -> 3025658.3 | BD47: 3289625.9 | BE47: 2796780 | BF47: 2990569 | BG47: =ROUND(AVERAGE(BD47,BE47,BF47),2) -> 3025658.3 | BH47: N/A | BI47: N/A | BJ47: N/A | BK47: N/A
A48: 38 | B48: Cambio riel de inyeccion GASOLINA | C48: 1 | D48: 492416.99 | E48: 419000 | F48: 447651.81 | G48: =ROUND(AVERAGE(D48,E48,F48),2) -> 453022.94 | H48: N/A | I48: N/A | J48: N/A | K48: N/A | L48: N/A | M48: N/A | N48: N/A | O48: N/A | P48: N/A | Q48: N/A | R48: N/A | S48: N/A | T48: N/A | U48: N/A | V48: N/A | W48: N/A | X48: N/A | Y48: N/A | Z48: N/A | AA48: N/A | AB48: N/A | AC48: N/A | AD48: N/A | AE48: N/A | AF48: N/A | AG48: N/A | AH48: N/A | AI48: N/A | AJ48: N/A | AK48: N/A | AL48: N/A | AM48: N/A | AN48: N/A | AO48: N/A | AP48: N/A | AQ48: N/A | AR48: N/A | AS48: N/A | AT48: N/A | AU48: N/A | AV48: N/A | AW48: N/A | AX48: N/A | AY48: N/A | AZ48: N/A | BA48: N/A | BB48: N/A | BC48: N/A | BD48: N/A | BE48: N/A | BF48: N/A | BG48: N/A | BH48: N/A | BI48: N/A | BJ48: N/A | BK48: N/A
A49: 39 | B49: Cambio riel de inyeccion DIESEL | C49: 1 | D49: N/A | E49: N/A | F49: N/A | G49: N/A | H49: 2134980 | I49: 2134980 | J49: 2134980 | K49: =ROUND(AVERAGE(H49,I49,J49),2) -> 2134980 | L49: 2860873.2 | M49: 2860873.2 | N49: 2860873.2 | O49: =ROUND(AVERAGE(L49,M49,N49),2) -> 2860873.2 | P49: 2134980 | Q49: 2134980 | R49: 2134980 | S49: =ROUND(AVERAGE(P49,Q49,R49),2) -> 2134980 | T49: 3095721 | U49: 3095721 | V49: 3095721 | W49: =ROUND(AVERAGE(T49,U49,V49),2) -> 3095721 | X49: 2455227 | Y49: 2455227 | Z49: 2455227 | AA49: =ROUND(AVERAGE(X49,Y49,Z49),2) -> 2455227 | AB49: 3405293.1 | AC49: 3405293.1 | AD49: 3405293.1 | AE49: =ROUND(AVERAGE(AB49,AC49,AD49),2) -> 3405293.1 | AF49: 3575557.8 | AG49: 3575557.8 | AH49: 3575557.8 | AI49: =ROUND(AVERAGE(AF49,AG49,AH49),2) -> 3575557.8 | AJ49: 3933113.5 | AK49: 3933113.5 | AL49: 3933113.5 | AM49: =ROUND(AVERAGE(AJ49,AK49,AL49),2) -> 3933113.5 | AN49: 4129769.2 | AO49: 4129769.2 | AP49: 4129769.2 | AQ49: =ROUND(AVERAGE(AN49,AO49,AP49),2) -> 4129769.2 | AR49: 4208431.5 | AS49: 4208431.5 | AT49: 4208431.5 | AU49: =ROUND(AVERAGE(AR49,AS49,AT49),2) -> 4208431.5 | AV49: 4545106 | AW49: 4545106 | AX49: 4545106 | AY49: =ROUND(AVERAGE(AV49,AW49,AX49),2) -> 4545106 | AZ49: 5454127.2 | BA49: 5454127.2 | BB49: 5454127.2 | BC49: =ROUND(AVERAGE(AZ49,BA49,BB49),2) -> 5454127.2 | BD49: 5454127.2 | BE49: 5454127.2 | BF49: 5454127.2 | BG49: =ROUND(AVERAGE(BD49,BE49,BF49),2) -> 5454127.2 | BH49: 4726910.2 | BI49: 4726910.2 | BJ49: 4726910.2 | BK49: =ROUND(AVERAGE(BH49,BI49,BJ49),2) -> 4726910.2
A50: 40 | B50: Cambio Ventilador O Ventaviola | C50: 1 | D50: 693317.97 | E50: 589000 | F50: 630289.06 | G50: =ROUND(AVERAGE(D50,E50,F50),2) -> 637535.68 | H50: 929046.08 | I50: 789260 | J50: 844587.34 | K50: =ROUND(AVERAGE(H50,I50,J50),2) -> 854297.81 | L50: 1244921.7 | M50: 1057608.4 | N50: 1131747 | O50: =ROUND(AVERAGE(L50,M50,N50),2) -> 1144759.1 | P50: 929046.08 | Q50: 789260 | R50: 844587.34 | S50: =ROUND(AVERAGE(P50,Q50,R50),2) -> 854297.81 | T50: 1347116.8 | U50: 1144427 | V50: 1224651.6 | W50: =ROUND(AVERAGE(T50,U50,V50),2) -> 1238731.8 | X50: 1068403 | Y50: 907649 | Z50: 971275.44 | AA50: =ROUND(AVERAGE(X50,Y50,Z50),2) -> 982442.48 | AB50: 1481828.5 | AC50: 1258869.7 | AD50: 1347116.8 | AE50: =ROUND(AVERAGE(AB50,AC50,AD50),2) -> 1362605 | AF50: 1555919.9 | AG50: 1321813.2 | AH50: 1414472.7 | AI50: =ROUND(AVERAGE(AF50,AG50,AH50),2) -> 1430735.2 | AJ50: 1711511.9 | AK50: 1453994.5 | AL50: 1555919.9 | AM50: =ROUND(AVERAGE(AJ50,AK50,AL50),2) -> 1573808.8 | AN50: 1797087.5 | AO50: 1526694.2 | AP50: 1633715.9 | AQ50: =ROUND(AVERAGE(AN50,AO50,AP50),2) -> 1652499.2 | AR50: 1831317.7 | AS50: 1555774.1 | AT50: 1664834.3 | AU50: =ROUND(AVERAGE(AR50,AS50,AT50),2) -> 1683975.4 | AV50: 1977823.2 | AW50: 1680236 | AX50: 1798021.1 | AY50: =ROUND(AVERAGE(AV50,AW50,AX50),2) -> 1818693.4 | AZ50: 2373387.8 | BA50: 2016283.3 | BB50: 2157625.3 | BC50: =ROUND(AVERAGE(AZ50,BA50,BB50),2) -> 2182432.1 | BD50: 2373387.8 | BE50: 2016283.3 | BF50: 2157625.3 | BG50: =ROUND(AVERAGE(BD50,BE50,BF50),2) -> 2182432.1 | BH50: 2056936.1 | BI50: 1747445.5 | BJ50: 1869941.9 | BK50: =ROUND(AVERAGE(BH50,BI50,BJ50),2) -> 1891441.2
A51: 41 | B51: Cambio de Anillos del pistón o de motor | C51: 1 | D51: 3052748.9 | E51: 2595000 | F51: 2775226.3 | G51: =ROUND(AVERAGE(D51,E51,F51),2) -> 2807658.4 | H51: 4090683.5 | I51: 3477300 | J51: 3718803.2 | K51: =ROUND(AVERAGE(H51,I51,J51),2) -> 3762262.2 | L51: 5481515.9 | M51: 4659582 | N51: 4983196.3 | O51: =ROUND(AVERAGE(L51,M51,N51),2) -> 5041431.4 | P51: 4090683.5 | Q51: 3477300 | R51: 3718803.2 | S51: =ROUND(AVERAGE(P51,Q51,R51),2) -> 3762262.2 | T51: 5931491.1 | U51: 5042085 | V51: 5392264.6 | W51: =ROUND(AVERAGE(T51,U51,V51),2) -> 5455280.2 | X51: 4704286 | Y51: 3998895 | Z51: 4276623.7 | AA51: =ROUND(AVERAGE(X51,Y51,Z51),2) -> 4326601.6 | AB51: 6524640.2 | AC51: 5546293.5 | AD51: 5931491.1 | AE51: =ROUND(AVERAGE(AB51,AC51,AD51),2) -> 6000808.2 | AF51: 6850872.2 | AG51: 5823608.2 | AH51: 6228065.6 | AI51: =ROUND(AVERAGE(AF51,AG51,AH51),2) -> 6300848.7 | AJ51: 7535959.4 | AK51: 6405969 | AL51: 6850872.2 | AM51: =ROUND(AVERAGE(AJ51,AK51,AL51),2) -> 6930933.5 | AN51: 7912757.4 | AO51: 6726267.4 | AP51: 7193415.8 | AQ51: =ROUND(AVERAGE(AN51,AO51,AP51),2) -> 7277480.2 | AR51: 8063476.6 | AS51: 6854386.8 | AT51: 7330433.2 | AU51: =ROUND(AVERAGE(AR51,AS51,AT51),2) -> 7416098.9 | AV51: 8708554.7 | AW51: 7402737.8 | AX51: 7916867.9 | AY51: =ROUND(AVERAGE(AV51,AW51,AX51),2) -> 8009386.8 | AZ51: 10450266 | BA51: 8883285.3 | BB51: 9500241.5 | BC51: =ROUND(AVERAGE(AZ51,BA51,BB51),2) -> 9611264.1 | BD51: 10450266 | BE51: 8883285.3 | BF51: 9500241.5 | BG51: =ROUND(AVERAGE(BD51,BE51,BF51),2) -> 9611264.1 | BH51: 9056896.9 | BI51: 7698847.3 | BJ51: 8233542.6 | BK51: =ROUND(AVERAGE(BH51,BI51,BJ51),2) -> 8329762.3
A52: 42 | B52: Cambio de Árbol de levas | C52: 1 | D52: 3052748.9 | E52: 2595000 | F52: 2775226.3 | G52: =ROUND(AVERAGE(D52,E52,F52),2) -> 2807658.4 | H52: 4090683.5 | I52: 3477300 | J52: 3718803.2 | K52: =ROUND(AVERAGE(H52,I52,J52),2) -> 3762262.2 | L52: 5481515.9 | M52: 4659582 | N52: 4983196.3 | O52: =ROUND(AVERAGE(L52,M52,N52),2) -> 5041431.4 | P52: 4090683.5 | Q52: 3477300 | R52: 3718803.2 | S52: =ROUND(AVERAGE(P52,Q52,R52),2) -> 3762262.2 | T52: 5931491.1 | U52: 5042085 | V52: 5392264.6 | W52: =ROUND(AVERAGE(T52,U52,V52),2) -> 5455280.2 | X52: 4704286 | Y52: 3998895 | Z52: 4276623.7 | AA52: =ROUND(AVERAGE(X52,Y52,Z52),2) -> 4326601.6 | AB52: 6524640.2 | AC52: 5546293.5 | AD52: 5931491.1 | AE52: =ROUND(AVERAGE(AB52,AC52,AD52),2) -> 6000808.2 | AF52: 6850872.2 | AG52: 5823608.2 | AH52: 6228065.6 | AI52: =ROUND(AVERAGE(AF52,AG52,AH52),2) -> 6300848.7 | AJ52: 7535959.4 | AK52: 6405969 | AL52: 6850872.2 | AM52: =ROUND(AVERAGE(AJ52,AK52,AL52),2) -> 6930933.5 | AN52: 7912757.4 | AO52: 6726267.4 | AP52: 7193415.8 | AQ52: =ROUND(AVERAGE(AN52,AO52,AP52),2) -> 7277480.2 | AR52: 8063476.6 | AS52: 6854386.8 | AT52: 7330433.2 | AU52: =ROUND(AVERAGE(AR52,AS52,AT52),2) -> 7416098.9 | AV52: 8708554.7 | AW52: 7402737.8 | AX52: 7916867.9 | AY52: =ROUND(AVERAGE(AV52,AW52,AX52),2) -> 8009386.8 | AZ52: 10450266 | BA52: 8883285.3 | BB52: 9500241.5 | BC52: =ROUND(AVERAGE(AZ52,BA52,BB52),2) -> 9611264.1 | BD52: 10450266 | BE52: 8883285.3 | BF52: 9500241.5 | BG52: =ROUND(AVERAGE(BD52,BE52,BF52),2) -> 9611264.1 | BH52: 9056896.9 | BI52: 7698847.3 | BJ52: 8233542.6 | BK52: =ROUND(AVERAGE(BH52,BI52,BJ52),2) -> 8329762.3
A53: 43 | B53: Cambio de Biela | C53: 1 | D53: 2085328.5 | E53: 1773000 | F53: 1895753.1 | G53: =ROUND(AVERAGE(D53,E53,F53),2) -> 1918027.2 | H53: 2794340.1 | I53: 2375820 | J53: 2540309.2 | K53: =ROUND(AVERAGE(H53,I53,J53),2) -> 2570156.5 | L53: 3744415.8 | M53: 3183598.8 | N53: 3404014.3 | O53: =ROUND(AVERAGE(L53,M53,N53),2) -> 3444009.6 | P53: 2794340.1 | Q53: 2375820 | R53: 2540309.2 | S53: =ROUND(AVERAGE(P53,Q53,R53),2) -> 2570156.5 | T53: 4051793.2 | U53: 3444939 | V53: 3683448.4 | W53: =ROUND(AVERAGE(T53,U53,V53),2) -> 3726726.9 | X53: 3213491.2 | Y53: 2732193 | Z53: 2921355.6 | AA53: =ROUND(AVERAGE(X53,Y53,Z53),2) -> 2955679.9 | AB53: 4456972.5 | AC53: 3789432.9 | AD53: 4051793.2 | AE53: =ROUND(AVERAGE(AB53,AC53,AD53),2) -> 4099399.5 | AF53: 4679821.1 | AG53: 3978904.5 | AH53: 4254382.9 | AI53: =ROUND(AVERAGE(AF53,AG53,AH53),2) -> 4304369.5 | AJ53: 5147803.3 | AK53: 4376795 | AL53: 4679821.1 | AM53: =ROUND(AVERAGE(AJ53,AK53,AL53),2) -> 4734806.5 | AN53: 5405193.4 | AO53: 4595634.7 | AP53: 4913812.2 | AQ53: =ROUND(AVERAGE(AN53,AO53,AP53),2) -> 4971546.8 | AR53: 5508149.5 | AS53: 4683170.6 | AT53: 5007408.6 | AU53: =ROUND(AVERAGE(AR53,AS53,AT53),2) -> 5066242.9 | AV53: 5948801.4 | AW53: 5057824.3 | AX53: 5408001.3 | AY53: =ROUND(AVERAGE(AV53,AW53,AX53),2) -> 5471542.3 | AZ53: 7138561.7 | BA53: 6069389.2 | BB53: 6489601.6 | BC53: =ROUND(AVERAGE(AZ53,BA53,BB53),2) -> 6565850.8 | BD53: 7138561.7 | BE53: 6069389.2 | BF53: 6489601.6 | BG53: =ROUND(AVERAGE(BD53,BE53,BF53),2) -> 6565850.8 | BH53: 6186753.5 | BI53: 5260137.3 | BJ53: 5624321.4 | BK53: =ROUND(AVERAGE(BH53,BI53,BJ53),2) -> 5690404
A54: 44 | B54: Cambio de Bloque motor | C54: 1 | D54: 8749780.2 | E54: 7437000 | F54: 7954345.7 | G54: =ROUND(AVERAGE(D54,E54,F54),2) -> 8047042 | H54: 11724706 | I54: 9965580 | J54: 10658823 | K54: =ROUND(AVERAGE(H54,I54,J54),2) -> 10783036 | L54: 15711105 | M54: 13353877 | N54: 14282823 | O54: =ROUND(AVERAGE(L54,M54,N54),2) -> 14449269 | P54: 11724706 | Q54: 9965580 | R54: 10658823 | S54: =ROUND(AVERAGE(P54,Q54,R54),2) -> 10783036 | T54: 17000823 | U54: 14450091 | V54: 15455294 | W54: =ROUND(AVERAGE(T54,U54,V54),2) -> 15635403 | X54: 13483411 | Y54: 11460417 | Z54: 12257647 | AA54: =ROUND(AVERAGE(X54,Y54,Z54),2) -> 12400492 | AB54: 18700905 | AC54: 15895100 | AD54: 17000823 | AE54: =ROUND(AVERAGE(AB54,AC54,AD54),2) -> 17198943 | AF54: 19635951 | AG54: 16689855 | AH54: 17850864 | AI54: =ROUND(AVERAGE(AF54,AG54,AH54),2) -> 18058890 | AJ54: 21599546 | AK54: 18358841 | AL54: 19635951 | AM54: =ROUND(AVERAGE(AJ54,AK54,AL54),2) -> 19864779 | AN54: 22679523 | AO54: 19276783 | AP54: 20617748 | AQ54: =ROUND(AVERAGE(AN54,AO54,AP54),2) -> 20858018 | AR54: 23111514 | AS54: 19643959 | AT54: 21010467 | AU54: =ROUND(AVERAGE(AR54,AS54,AT54),2) -> 21255313 | AV54: 24960435 | AW54: 21215476 | AX54: 22691304 | AY54: =ROUND(AVERAGE(AV54,AW54,AX54),2) -> 22955739 | AZ54: 29952522 | BA54: 25458571 | BB54: 27229565 | BC54: =ROUND(AVERAGE(AZ54,BA54,BB54),2) -> 27546886 | BD54: 29952522 | BE54: 25458571 | BF54: 27229565 | BG54: =ROUND(AVERAGE(BD54,BE54,BF54),2) -> 27546886 | BH54: 25958852 | BI54: 22064095 | BJ54: 23598957 | BK54: =ROUND(AVERAGE(BH54,BI54,BJ54),2) -> 23873968
A55: 45 | B55: Cambio de Bomba de aceite | C55: 1 | D55: 2085328.5 | E55: 1773000 | F55: 1895753.1 | G55: =ROUND(AVERAGE(D55,E55,F55),2) -> 1918027.2 | H55: 2794340.1 | I55: 2375820 | J55: 2540309.2 | K55: =ROUND(AVERAGE(H55,I55,J55),2) -> 2570156.5 | L55: 3744415.8 | M55: 3183598.8 | N55: 3404014.3 | O55: =ROUND(AVERAGE(L55,M55,N55),2) -> 3444009.6 | P55: 2794340.1 | Q55: 2375820 | R55: 2540309.2 | S55: =ROUND(AVERAGE(P55,Q55,R55),2) -> 2570156.5 | T55: 4051793.2 | U55: 3444939 | V55: 3683448.4 | W55: =ROUND(AVERAGE(T55,U55,V55),2) -> 3726726.9 | X55: 3213491.2 | Y55: 2732193 | Z55: 2921355.6 | AA55: =ROUND(AVERAGE(X55,Y55,Z55),2) -> 2955679.9 | AB55: 4456972.5 | AC55: 3789432.9 | AD55: 4051793.2 | AE55: =ROUND(AVERAGE(AB55,AC55,AD55),2) -> 4099399.5 | AF55: 4679821.1 | AG55: 3978904.5 | AH55: 4254382.9 | AI55: =ROUND(AVERAGE(AF55,AG55,AH55),2) -> 4304369.5 | AJ55: 5147803.3 | AK55: 4376795 | AL55: 4679821.1 | AM55: =ROUND(AVERAGE(AJ55,AK55,AL55),2) -> 4734806.5 | AN55: 5405193.4 | AO55: 4595634.7 | AP55: 4913812.2 | AQ55: =ROUND(AVERAGE(AN55,AO55,AP55),2) -> 4971546.8 | AR55: 5508149.5 | AS55: 4683170.6 | AT55: 5007408.6 | AU55: =ROUND(AVERAGE(AR55,AS55,AT55),2) -> 5066242.9 | AV55: 5948801.4 | AW55: 5057824.3 | AX55: 5408001.3 | AY55: =ROUND(AVERAGE(AV55,AW55,AX55),2) -> 5471542.3 | AZ55: 7138561.7 | BA55: 6069389.2 | BB55: 6489601.6 | BC55: =ROUND(AVERAGE(AZ55,BA55,BB55),2) -> 6565850.8 | BD55: 7138561.7 | BE55: 6069389.2 | BF55: 6489601.6 | BG55: =ROUND(AVERAGE(BD55,BE55,BF55),2) -> 6565850.8 | BH55: 6186753.5 | BI55: 5260137.3 | BJ55: 5624321.4 | BK55: =ROUND(AVERAGE(BH55,BI55,BJ55),2) -> 5690404
A56: 46 | B56: Cambio de Bomba de agua | C56: 1 | D56: 687943.41 | E56: 585000 | F56: 625403.1 | G56: =ROUND(AVERAGE(D56,E56,F56),2) -> 632782.17 | H56: 921844.17 | I56: 783900 | J56: 838040.15 | K56: =ROUND(AVERAGE(H56,I56,J56),2) -> 847928.11 | L56: 1235271.2 | M56: 1050426 | N56: 1122973.8 | O56: =ROUND(AVERAGE(L56,M56,N56),2) -> 1136223.7 | P56: 921844.17 | Q56: 783900 | R56: 838040.15 | S56: =ROUND(AVERAGE(P56,Q56,R56),2) -> 847928.11 | T56: 1336674 | U56: 1136655 | V56: 1215158.2 | W56: =ROUND(AVERAGE(T56,U56,V56),2) -> 1229495.8 | X56: 1060120.8 | Y56: 901485 | Z56: 963746.18 | AA56: =ROUND(AVERAGE(X56,Y56,Z56),2) -> 975117.32 | AB56: 1470341.4 | AC56: 1250320.5 | AD56: 1336674 | AE56: =ROUND(AVERAGE(AB56,AC56,AD56),2) -> 1352445.3 | AF56: 1543858.5 | AG56: 1312836.5 | AH56: 1403507.7 | AI56: =ROUND(AVERAGE(AF56,AG56,AH56),2) -> 1420067.6 | AJ56: 1698244.4 | AK56: 1444120.2 | AL56: 1543858.5 | AM56: =ROUND(AVERAGE(AJ56,AK56,AL56),2) -> 1562074.4 | AN56: 1783156.6 | AO56: 1516326.2 | AP56: 1621051.4 | AQ56: =ROUND(AVERAGE(AN56,AO56,AP56),2) -> 1640178.1 | AR56: 1817121.5 | AS56: 1545208.6 | AT56: 1651928.6 | AU56: =ROUND(AVERAGE(AR56,AS56,AT56),2) -> 1671419.6 | AV56: 1962491.2 | AW56: 1668825.3 | AX56: 1784082.9 | AY56: =ROUND(AVERAGE(AV56,AW56,AX56),2) -> 1805133.1 | AZ56: 2354989.4 | BA56: 2002590.3 | BB56: 2140899.5 | BC56: =ROUND(AVERAGE(AZ56,BA56,BB56),2) -> 2166159.8 | BD56: 2354989.4 | BE56: 2002590.3 | BF56: 2140899.5 | BG56: =ROUND(AVERAGE(BD56,BE56,BF56),2) -> 2166159.8 | BH56: 2040990.8 | BI56: 1735578.3 | BJ56: 1855446.2 | BK56: =ROUND(AVERAGE(BH56,BI56,BJ56),2) -> 1877338.4
A57: 47 | B57: Cambio de Bomba combustible (con D/M tanque) | C57: 1 | D57: 1015791.4 | E57: 863000 | F57: 923446.76 | G57: =ROUND(AVERAGE(D57,E57,F57),2) -> 934079.4 | H57: 1361160.5 | I57: 1156420 | J57: 1237418.7 | K57: =ROUND(AVERAGE(H57,I57,J57),2) -> 1251666.4 | L57: 1823955.1 | M57: 1549602.8 | N57: 1658141 | O57: =ROUND(AVERAGE(L57,M57,N57),2) -> 1677233 | P57: 1361160.5 | Q57: 1156420 | R57: 1237418.7 | S57: =ROUND(AVERAGE(P57,Q57,R57),2) -> 1251666.4 | T57: 1973682.8 | U57: 1676809 | V57: 1794257.1 | W57: =ROUND(AVERAGE(T57,U57,V57),2) -> 1814916.3 | X57: 1565334.6 | Y57: 1329883 | Z57: 1423031.5 | AA57: =ROUND(AVERAGE(X57,Y57,Z57),2) -> 1439416.4 | AB57: 2171051 | AC57: 1844489.9 | AD57: 1973682.8 | AE57: =ROUND(AVERAGE(AB57,AC57,AD57),2) -> 1996407.9 | AF57: 2279603.6 | AG57: 1936714.4 | AH57: 2072366.9 | AI57: =ROUND(AVERAGE(AF57,AG57,AH57),2) -> 2096228.3 | AJ57: 2507564 | AK57: 2130385.8 | AL57: 2279603.6 | AM57: =ROUND(AVERAGE(AJ57,AK57,AL57),2) -> 2305851.1 | AN57: 2632942.2 | AO57: 2236905.1 | AP57: 2393583.8 | AQ57: =ROUND(AVERAGE(AN57,AO57,AP57),2) -> 2421143.7 | AR57: 2683093.4 | AS57: 2279512.8 | AT57: 2439175.8 | AU57: =ROUND(AVERAGE(AR57,AS57,AT57),2) -> 2467260.7 | AV57: 2897740.9 | AW57: 2461873.9 | AX57: 2634309.9 | AY57: =ROUND(AVERAGE(AV57,AW57,AX57),2) -> 2664641.6 | AZ57: 3477289.1 | BA57: 2954248.6 | BB57: 3161171.9 | BC57: =ROUND(AVERAGE(AZ57,BA57,BB57),2) -> 3197569.9 | BD57: 3477289.1 | BE57: 2954248.6 | BF57: 3161171.9 | BG57: =ROUND(AVERAGE(BD57,BE57,BF57),2) -> 3197569.9 | BH57: 3013650.5 | BI57: 2560348.8 | BJ57: 2739682.3 | BK57: =ROUND(AVERAGE(BH57,BI57,BJ57),2) -> 2771227.2
A58: 48 | B58: Cambio deBomba combustible (sin D/M tanque) | C58: 1 | D58: 795434.57 | E58: 676000 | F58: 723122.33 | G58: =ROUND(AVERAGE(D58,E58,F58),2) -> 731518.97 | H58: 1065882.3 | I58: 905840 | J58: 968983.93 | K58: =ROUND(AVERAGE(H58,I58,J58),2) -> 980235.42 | L58: 1428282.3 | M58: 1213825.6 | N58: 1298438.5 | O58: =ROUND(AVERAGE(L58,M58,N58),2) -> 1313515.5 | P58: 1065882.3 | Q58: 905840 | R58: 968983.93 | S58: =ROUND(AVERAGE(P58,Q58,R58),2) -> 980235.42 | T58: 1545529.4 | U58: 1313468 | V58: 1405026.7 | W58: =ROUND(AVERAGE(T58,U58,V58),2) -> 1421341.4 | X58: 1225764.7 | Y58: 1041716 | Z58: 1114331.5 | AA58: =ROUND(AVERAGE(X58,Y58,Z58),2) -> 1127270.7 | AB58: 1700082.3 | AC58: 1444814.8 | AD58: 1545529.4 | AE58: =ROUND(AVERAGE(AB58,AC58,AD58),2) -> 1563475.5 | AF58: 1785086.4 | AG58: 1517055.5 | AH58: 1622805.8 | AI58: =ROUND(AVERAGE(AF58,AG58,AH58),2) -> 1641649.3 | AJ58: 1963595.1 | AK58: 1668761.1 | AL58: 1785086.4 | AM58: =ROUND(AVERAGE(AJ58,AK58,AL58),2) -> 1805814.2 | AN58: 2061774.8 | AO58: 1752199.1 | AP58: 1874340.7 | AQ58: =ROUND(AVERAGE(AN58,AO58,AP58),2) -> 1896104.9 | AR58: 2101046.7 | AS58: 1785574.4 | AT58: 1910042.5 | AU58: =ROUND(AVERAGE(AR58,AS58,AT58),2) -> 1932221.2 | AV58: 2269130.4 | AW58: 1928420.3 | AX58: 2062845.9 | AY58: =ROUND(AVERAGE(AV58,AW58,AX58),2) -> 2086798.9 | AZ58: 2722956.5 | BA58: 2314104.4 | BB58: 2475415 | BC58: =ROUND(AVERAGE(AZ58,BA58,BB58),2) -> 2504158.6 | BD58: 2722956.5 | BE58: 2314104.4 | BF58: 2475415 | BG58: =ROUND(AVERAGE(BD58,BE58,BF58),2) -> 2504158.6 | BH58: 2359895.7 | BI58: 2005557.1 | BJ58: 2145359.7 | BK58: =ROUND(AVERAGE(BH58,BI58,BJ58),2) -> 2170270.8
A59: 49 | B59: Cambio de bujias de precalentamiento | C59: 1 | D59: N/A | E59: N/A | F59: N/A | G59: N/A | H59: 338440 | I59: 338440 | J59: 338440 | K59: =ROUND(AVERAGE(H59,I59,J59),2) -> 338440 | L59: 453509.6 | M59: 453509.6 | N59: 453509.6 | O59: =ROUND(AVERAGE(L59,M59,N59),2) -> 453509.6 | P59: 338440 | Q59: 338440 | R59: 338440 | S59: =ROUND(AVERAGE(P59,Q59,R59),2) -> 338440 | T59: 490738 | U59: 490738 | V59: 490738 | W59: =ROUND(AVERAGE(T59,U59,V59),2) -> 490738 | X59: 389206 | Y59: 389206 | Z59: 389206 | AA59: =ROUND(AVERAGE(X59,Y59,Z59),2) -> 389206 | AB59: 539811.8 | AC59: 539811.8 | AD59: 539811.8 | AE59: =ROUND(AVERAGE(AB59,AC59,AD59),2) -> 539811.8 | AF59: 566802.39 | AG59: 566802.39 | AH59: 566802.39 | AI59: =ROUND(AVERAGE(AF59,AG59,AH59),2) -> 566802.39 | AJ59: 623482.63 | AK59: 623482.63 | AL59: 623482.63 | AM59: =ROUND(AVERAGE(AJ59,AK59,AL59),2) -> 623482.63 | AN59: 654656.76 | AO59: 654656.76 | AP59: 654656.76 | AQ59: =ROUND(AVERAGE(AN59,AO59,AP59),2) -> 654656.76 | AR59: 667126.41 | AS59: 667126.41 | AT59: 667126.41 | AU59: =ROUND(AVERAGE(AR59,AS59,AT59),2) -> 667126.41 | AV59: 720496.53 | AW59: 720496.53 | AX59: 720496.53 | AY59: =ROUND(AVERAGE(AV59,AW59,AX59),2) -> 720496.53 | AZ59: 864595.83 | BA59: 864595.83 | BB59: 864595.83 | BC59: =ROUND(AVERAGE(AZ59,BA59,BB59),2) -> 864595.83 | BD59: 864595.83 | BE59: 864595.83 | BF59: 864595.83 | BG59: =ROUND(AVERAGE(BD59,BE59,BF59),2) -> 864595.83 | BH59: 749316.39 | BI59: 749316.39 | BJ59: 749316.39 | BK59: =ROUND(AVERAGE(BH59,BI59,BJ59),2) -> 749316.39
A60: 50 | B60: Cambio Bujía motor Gasolina | C60: 1 | D60: 395567.46 | E60: 336000 | F60: 359606.78 | G60: =ROUND(AVERAGE(D60,E60,F60),2) -> 363724.75 | H60: N/A | I60: N/A | J60: N/A | K60: N/A | L60: N/A | M60: N/A | N60: N/A | O60: N/A | P60: N/A | Q60: N/A | R60: N/A | S60: N/A | T60: N/A | U60: N/A | V60: N/A | W60: N/A | X60: N/A | Y60: N/A | Z60: N/A | AA60: N/A | AB60: N/A | AC60: N/A | AD60: N/A | AE60: N/A | AF60: N/A | AG60: N/A | AH60: N/A | AI60: N/A | AJ60: N/A | AK60: N/A | AL60: N/A | AM60: N/A | AN60: N/A | AO60: N/A | AP60: N/A | AQ60: N/A | AR60: N/A | AS60: N/A | AT60: N/A | AU60: N/A | AV60: N/A | AW60: N/A | AX60: N/A | AY60: N/A | AZ60: N/A | BA60: N/A | BB60: N/A | BC60: N/A | BD60: N/A | BE60: N/A | BF60: N/A | BG60: N/A | BH60: N/A | BI60: N/A | BJ60: N/A | BK60: N/A
A61: 51 | B61: Cambio de Cárter | C61: 1 | D61: 2085328.5 | E61: 1773000 | F61: 1895753.1 | G61: =ROUND(AVERAGE(D61,E61,F61),2) -> 1918027.2 | H61: 2794340.1 | I61: 2375820 | J61: 2540309.2 | K61: =ROUND(AVERAGE(H61,I61,J61),2) -> 2570156.5 | L61: 3744415.8 | M61: 3183598.8 | N61: 3404014.3 | O61: =ROUND(AVERAGE(L61,M61,N61),2) -> 3444009.6 | P61: 2794340.1 | Q61: 2375820 | R61: 2540309.2 | S61: =ROUND(AVERAGE(P61,Q61,R61),2) -> 2570156.5 | T61: 4051793.2 | U61: 3444939 | V61: 3683448.4 | W61: =ROUND(AVERAGE(T61,U61,V61),2) -> 3726726.9 | X61: 3213491.2 | Y61: 2732193 | Z61: 2921355.6 | AA61: =ROUND(AVERAGE(X61,Y61,Z61),2) -> 2955679.9 | AB61: 4456972.5 | AC61: 3789432.9 | AD61: 4051793.2 | AE61: =ROUND(AVERAGE(AB61,AC61,AD61),2) -> 4099399.5 | AF61: 4679821.1 | AG61: 3978904.5 | AH61: 4254382.9 | AI61: =ROUND(AVERAGE(AF61,AG61,AH61),2) -> 4304369.5 | AJ61: 5147803.3 | AK61: 4376795 | AL61: 4679821.1 | AM61: =ROUND(AVERAGE(AJ61,AK61,AL61),2) -> 4734806.5 | AN61: 5405193.4 | AO61: 4595634.7 | AP61: 4913812.2 | AQ61: =ROUND(AVERAGE(AN61,AO61,AP61),2) -> 4971546.8 | AR61: 5508149.5 | AS61: 4683170.6 | AT61: 5007408.6 | AU61: =ROUND(AVERAGE(AR61,AS61,AT61),2) -> 5066242.9 | AV61: 5948801.4 | AW61: 5057824.3 | AX61: 5408001.3 | AY61: =ROUND(AVERAGE(AV61,AW61,AX61),2) -> 5471542.3 | AZ61: 7138561.7 | BA61: 6069389.2 | BB61: 6489601.6 | BC61: =ROUND(AVERAGE(AZ61,BA61,BB61),2) -> 6565850.8 | BD61: 7138561.7 | BE61: 6069389.2 | BF61: 6489601.6 | BG61: =ROUND(AVERAGE(BD61,BE61,BF61),2) -> 6565850.8 | BH61: 6186753.5 | BI61: 5260137.3 | BJ61: 5624321.4 | BK61: =ROUND(AVERAGE(BH61,BI61,BJ61),2) -> 5690404
A62: 52 | B62: Cambio de Casquetes de bancada | C62: 1 | D62: 3052748.9 | E62: 2595000 | F62: 2775226.3 | G62: =ROUND(AVERAGE(D62,E62,F62),2) -> 2807658.4 | H62: 4090683.5 | I62: 3477300 | J62: 3718803.2 | K62: =ROUND(AVERAGE(H62,I62,J62),2) -> 3762262.2 | L62: 5481515.9 | M62: 4659582 | N62: 4983196.3 | O62: =ROUND(AVERAGE(L62,M62,N62),2) -> 5041431.4 | P62: 4090683.5 | Q62: 3477300 | R62: 3718803.2 | S62: =ROUND(AVERAGE(P62,Q62,R62),2) -> 3762262.2 | T62: 5931491.1 | U62: 5042085 | V62: 5392264.6 | W62: =ROUND(AVERAGE(T62,U62,V62),2) -> 5455280.2 | X62: 4704286 | Y62: 3998895 | Z62: 4276623.7 | AA62: =ROUND(AVERAGE(X62,Y62,Z62),2) -> 4326601.6 | AB62: 6524640.2 | AC62: 5546293.5 | AD62: 5931491.1 | AE62: =ROUND(AVERAGE(AB62,AC62,AD62),2) -> 6000808.2 | AF62: 6850872.2 | AG62: 5823608.2 | AH62: 6228065.6 | AI62: =ROUND(AVERAGE(AF62,AG62,AH62),2) -> 6300848.7 | AJ62: 7535959.4 | AK62: 6405969 | AL62: 6850872.2 | AM62: =ROUND(AVERAGE(AJ62,AK62,AL62),2) -> 6930933.5 | AN62: 7912757.4 | AO62: 6726267.4 | AP62: 7193415.8 | AQ62: =ROUND(AVERAGE(AN62,AO62,AP62),2) -> 7277480.2 | AR62: 8063476.6 | AS62: 6854386.8 | AT62: 7330433.2 | AU62: =ROUND(AVERAGE(AR62,AS62,AT62),2) -> 7416098.9 | AV62: 8708554.7 | AW62: 7402737.8 | AX62: 7916867.9 | AY62: =ROUND(AVERAGE(AV62,AW62,AX62),2) -> 8009386.8 | AZ62: 10450266 | BA62: 8883285.3 | BB62: 9500241.5 | BC62: =ROUND(AVERAGE(AZ62,BA62,BB62),2) -> 9611264.1 | BD62: 10450266 | BE62: 8883285.3 | BF62: 9500241.5 | BG62: =ROUND(AVERAGE(BD62,BE62,BF62),2) -> 9611264.1 | BH62: 9056896.9 | BI62: 7698847.3 | BJ62: 8233542.6 | BK62: =ROUND(AVERAGE(BH62,BI62,BJ62),2) -> 8329762.3
A63: 53 | B63: Cambio de Casquetes de la biela | C63: 1 | D63: 3052748.9 | E63: 2595000 | F63: 2775226.3 | G63: =ROUND(AVERAGE(D63,E63,F63),2) -> 2807658.4 | H63: 4090683.5 | I63: 3477300 | J63: 3718803.2 | K63: =ROUND(AVERAGE(H63,I63,J63),2) -> 3762262.2 | L63: 5481515.9 | M63: 4659582 | N63: 4983196.3 | O63: =ROUND(AVERAGE(L63,M63,N63),2) -> 5041431.4 | P63: 4090683.5 | Q63: 3477300 | R63: 3718803.2 | S63: =ROUND(AVERAGE(P63,Q63,R63),2) -> 3762262.2 | T63: 5931491.1 | U63: 5042085 | V63: 5392264.6 | W63: =ROUND(AVERAGE(T63,U63,V63),2) -> 5455280.2 | X63: 4704286 | Y63: 3998895 | Z63: 4276623.7 | AA63: =ROUND(AVERAGE(X63,Y63,Z63),2) -> 4326601.6 | AB63: 6524640.2 | AC63: 5546293.5 | AD63: 5931491.1 | AE63: =ROUND(AVERAGE(AB63,AC63,AD63),2) -> 6000808.2 | AF63: 6850872.2 | AG63: 5823608.2 | AH63: 6228065.6 | AI63: =ROUND(AVERAGE(AF63,AG63,AH63),2) -> 6300848.7 | AJ63: 7535959.4 | AK63: 6405969 | AL63: 6850872.2 | AM63: =ROUND(AVERAGE(AJ63,AK63,AL63),2) -> 6930933.5 | AN63: 7912757.4 | AO63: 6726267.4 | AP63: 7193415.8 | AQ63: =ROUND(AVERAGE(AN63,AO63,AP63),2) -> 7277480.2 | AR63: 8063476.6 | AS63: 6854386.8 | AT63: 7330433.2 | AU63: =ROUND(AVERAGE(AR63,AS63,AT63),2) -> 7416098.9 | AV63: 8708554.7 | AW63: 7402737.8 | AX63: 7916867.9 | AY63: =ROUND(AVERAGE(AV63,AW63,AX63),2) -> 8009386.8 | AZ63: 10450266 | BA63: 8883285.3 | BB63: 9500241.5 | BC63: =ROUND(AVERAGE(AZ63,BA63,BB63),2) -> 9611264.1 | BD63: 10450266 | BE63: 8883285.3 | BF63: 9500241.5 | BG63: =ROUND(AVERAGE(BD63,BE63,BF63),2) -> 9611264.1 | BH63: 9056896.9 | BI63: 7698847.3 | BJ63: 8233542.6 | BK63: =ROUND(AVERAGE(BH63,BI63,BJ63),2) -> 8329762.3
A64: 54 | B64: Cambio de Cigüeñal | C64: 1 | D64: 3385971.5 | E64: 2878000 | F64: 3078155.9 | G64: =ROUND(AVERAGE(D64,E64,F64),2) -> 3114042.5 | H64: 4537201.8 | I64: 3856520 | J64: 4124728.9 | K64: =ROUND(AVERAGE(H64,I64,J64),2) -> 4172816.9 | L64: 6079850.4 | M64: 5167736.8 | N64: 5527136.7 | O64: =ROUND(AVERAGE(L64,M64,N64),2) -> 5591574.6 | P64: 4537201.8 | Q64: 3856520 | R64: 4124728.9 | S64: =ROUND(AVERAGE(P64,Q64,R64),2) -> 4172816.9 | T64: 6578942.6 | U64: 5591954 | V64: 5980856.9 | W64: =ROUND(AVERAGE(T64,U64,V64),2) -> 6050584.5 | X64: 5217782 | Y64: 4434998 | Z64: 4743438.2 | AA64: =ROUND(AVERAGE(X64,Y64,Z64),2) -> 4798739.4 | AB64: 7236836.8 | AC64: 6151149.4 | AD64: 6578942.6 | AE64: =ROUND(AVERAGE(AB64,AC64,AD64),2) -> 6655642.9 | AF64: 7598678.7 | AG64: 6458706.9 | AH64: 6907889.7 | AI64: =ROUND(AVERAGE(AF64,AG64,AH64),2) -> 6988425.1 | AJ64: 8358546.5 | AK64: 7104577.6 | AL64: 7598678.7 | AM64: =ROUND(AVERAGE(AJ64,AK64,AL64),2) -> 7687267.6 | AN64: 8776473.9 | AO64: 7459806.4 | AP64: 7978612.6 | AQ64: =ROUND(AVERAGE(AN64,AO64,AP64),2) -> 8071631 | AR64: 8943644.8 | AS64: 7601898 | AT64: 8130586.2 | AU64: =ROUND(AVERAGE(AR64,AS64,AT64),2) -> 8225376.3 | AV64: 9659136.4 | AW64: 8210049.8 | AX64: 8781033.1 | AY64: =ROUND(AVERAGE(AV64,AW64,AX64),2) -> 8883406.4 | AZ64: 11590964 | BA64: 9852059.8 | BB64: 10537240 | BC64: =ROUND(AVERAGE(AZ64,BA64,BB64),2) -> 10660088 | BD64: 11590964 | BE64: 9852059.8 | BF64: 10537240 | BG64: =ROUND(AVERAGE(BD64,BE64,BF64),2) -> 10660088 | BH64: 10045502 | BI64: 8538451.8 | BJ64: 9132274.4 | BK64: =ROUND(AVERAGE(BH64,BI64,BJ64),2) -> 9238742.7
A65: 55 | B65: Cambio de Correa aire acondicionado | C65: 1 | D65: 349346.26 | E65: 297000 | F65: 317587.51 | G65: =ROUND(AVERAGE(D65,E65,F65),2) -> 321311.26 | H65: 468123.99 | I65: 397980 | J65: 425567.27 | K65: =ROUND(AVERAGE(H65,I65,J65),2) -> 430557.09 | L65: 627286.15 | M65: 533293.2 | N65: 570260.14 | O65: =ROUND(AVERAGE(L65,M65,N65),2) -> 576946.49 | P65: 468123.99 | Q65: 397980 | R65: 425567.27 | S65: =ROUND(AVERAGE(P65,Q65,R65),2) -> 430557.09 | T65: 678779.79 | U65: 577071 | V65: 617072.53 | W65: =ROUND(AVERAGE(T65,U65,V65),2) -> 624307.77 | X65: 538342.59 | Y65: 457677 | Z65: 489402.36 | AA65: =ROUND(AVERAGE(X65,Y65,Z65),2) -> 495140.65 | AB65: 746657.77 | AC65: 634778.1 | AD65: 678779.79 | AE65: =ROUND(AVERAGE(AB65,AC65,AD65),2) -> 686738.55 | AF65: 783990.66 | AG65: 666517.01 | AH65: 712718.78 | AI65: =ROUND(AVERAGE(AF65,AG65,AH65),2) -> 721075.48 | AJ65: 862389.72 | AK65: 733168.71 | AL65: 783990.66 | AM65: =ROUND(AVERAGE(AJ65,AK65,AL65),2) -> 793183.03 | AN65: 905509.21 | AO65: 769827.14 | AP65: 823190.19 | AQ65: =ROUND(AVERAGE(AN65,AO65,AP65),2) -> 832842.18 | AR65: 922757 | AS65: 784490.51 | AT65: 838870 | AU65: =ROUND(AVERAGE(AR65,AS65,AT65),2) -> 848705.84 | AV65: 996577.56 | AW65: 847249.76 | AX65: 905979.6 | AY65: =ROUND(AVERAGE(AV65,AW65,AX65),2) -> 916602.31 | AZ65: 1195893.1 | BA65: 1016699.7 | BB65: 1087175.5 | BC65: =ROUND(AVERAGE(AZ65,BA65,BB65),2) -> 1099922.8 | BD65: 1195893.1 | BE65: 1016699.7 | BF65: 1087175.5 | BG65: =ROUND(AVERAGE(BD65,BE65,BF65),2) -> 1099922.8 | BH65: 1036440.7 | BI65: 881139.75 | BJ65: 942218.79 | BK65: =ROUND(AVERAGE(BH65,BI65,BJ65),2) -> 953266.4
A66: 56 | B66: Cambio de Correa alternador | C66: 1 | D66: 349346.26 | E66: 297000 | F66: 317587.51 | G66: =ROUND(AVERAGE(D66,E66,F66),2) -> 321311.26 | H66: 468123.99 | I66: 397980 | J66: 425567.27 | K66: =ROUND(AVERAGE(H66,I66,J66),2) -> 430557.09 | L66: 627286.15 | M66: 533293.2 | N66: 570260.14 | O66: =ROUND(AVERAGE(L66,M66,N66),2) -> 576946.49 | P66: 468123.99 | Q66: 397980 | R66: 425567.27 | S66: =ROUND(AVERAGE(P66,Q66,R66),2) -> 430557.09 | T66: 678779.79 | U66: 577071 | V66: 617072.53 | W66: =ROUND(AVERAGE(T66,U66,V66),2) -> 624307.77 | X66: 538342.59 | Y66: 457677 | Z66: 489402.36 | AA66: =ROUND(AVERAGE(X66,Y66,Z66),2) -> 495140.65 | AB66: 746657.77 | AC66: 634778.1 | AD66: 678779.79 | AE66: =ROUND(AVERAGE(AB66,AC66,AD66),2) -> 686738.55 | AF66: 783990.66 | AG66: 666517.01 | AH66: 712718.78 | AI66: =ROUND(AVERAGE(AF66,AG66,AH66),2) -> 721075.48 | AJ66: 862389.72 | AK66: 733168.71 | AL66: 783990.66 | AM66: =ROUND(AVERAGE(AJ66,AK66,AL66),2) -> 793183.03 | AN66: 905509.21 | AO66: 769827.14 | AP66: 823190.19 | AQ66: =ROUND(AVERAGE(AN66,AO66,AP66),2) -> 832842.18 | AR66: 922757 | AS66: 784490.51 | AT66: 838870 | AU66: =ROUND(AVERAGE(AR66,AS66,AT66),2) -> 848705.84 | AV66: 996577.56 | AW66: 847249.76 | AX66: 905979.6 | AY66: =ROUND(AVERAGE(AV66,AW66,AX66),2) -> 916602.31 | AZ66: 1195893.1 | BA66: 1016699.7 | BB66: 1087175.5 | BC66: =ROUND(AVERAGE(AZ66,BA66,BB66),2) -> 1099922.8 | BD66: 1195893.1 | BE66: 1016699.7 | BF66: 1087175.5 | BG66: =ROUND(AVERAGE(BD66,BE66,BF66),2) -> 1099922.8 | BH66: 1036440.7 | BI66: 881139.75 | BJ66: 942218.79 | BK66: =ROUND(AVERAGE(BH66,BI66,BJ66),2) -> 953266.4
A67: 57 | B67: Cambio de Correa única accesorios | C67: 1 | D67: 349346.26 | E67: 297000 | F67: 317587.51 | G67: =ROUND(AVERAGE(D67,E67,F67),2) -> 321311.26 | H67: 468123.99 | I67: 397980 | J67: 425567.27 | K67: =ROUND(AVERAGE(H67,I67,J67),2) -> 430557.09 | L67: 627286.15 | M67: 533293.2 | N67: 570260.14 | O67: =ROUND(AVERAGE(L67,M67,N67),2) -> 576946.49 | P67: 468123.99 | Q67: 397980 | R67: 425567.27 | S67: =ROUND(AVERAGE(P67,Q67,R67),2) -> 430557.09 | T67: 678779.79 | U67: 577071 | V67: 617072.53 | W67: =ROUND(AVERAGE(T67,U67,V67),2) -> 624307.77 | X67: 538342.59 | Y67: 457677 | Z67: 489402.36 | AA67: =ROUND(AVERAGE(X67,Y67,Z67),2) -> 495140.65 | AB67: 746657.77 | AC67: 634778.1 | AD67: 678779.79 | AE67: =ROUND(AVERAGE(AB67,AC67,AD67),2) -> 686738.55 | AF67: 783990.66 | AG67: 666517.01 | AH67: 712718.78 | AI67: =ROUND(AVERAGE(AF67,AG67,AH67),2) -> 721075.48 | AJ67: 862389.72 | AK67: 733168.71 | AL67: 783990.66 | AM67: =ROUND(AVERAGE(AJ67,AK67,AL67),2) -> 793183.03 | AN67: 905509.21 | AO67: 769827.14 | AP67: 823190.19 | AQ67: =ROUND(AVERAGE(AN67,AO67,AP67),2) -> 832842.18 | AR67: 922757 | AS67: 784490.51 | AT67: 838870 | AU67: =ROUND(AVERAGE(AR67,AS67,AT67),2) -> 848705.84 | AV67: 996577.56 | AW67: 847249.76 | AX67: 905979.6 | AY67: =ROUND(AVERAGE(AV67,AW67,AX67),2) -> 916602.31 | AZ67: 1195893.1 | BA67: 1016699.7 | BB67: 1087175.5 | BC67: =ROUND(AVERAGE(AZ67,BA67,BB67),2) -> 1099922.8 | BD67: 1195893.1 | BE67: 1016699.7 | BF67: 1087175.5 | BG67: =ROUND(AVERAGE(BD67,BE67,BF67),2) -> 1099922.8 | BH67: 1036440.7 | BI67: 881139.75 | BJ67: 942218.79 | BK67: =ROUND(AVERAGE(BH67,BI67,BJ67),2) -> 953266.4
A68: 58 | B68: Cambio de Correa bomba hidráulica | C68: 1 | D68: 349346.26 | E68: 297000 | F68: 317587.51 | G68: =ROUND(AVERAGE(D68,E68,F68),2) -> 321311.26 | H68: 468123.99 | I68: 397980 | J68: 425567.27 | K68: =ROUND(AVERAGE(H68,I68,J68),2) -> 430557.09 | L68: 627286.15 | M68: 533293.2 | N68: 570260.14 | O68: =ROUND(AVERAGE(L68,M68,N68),2) -> 576946.49 | P68: 468123.99 | Q68: 397980 | R68: 425567.27 | S68: =ROUND(AVERAGE(P68,Q68,R68),2) -> 430557.09 | T68: 678779.79 | U68: 577071 | V68: 617072.53 | W68: =ROUND(AVERAGE(T68,U68,V68),2) -> 624307.77 | X68: 538342.59 | Y68: 457677 | Z68: 489402.36 | AA68: =ROUND(AVERAGE(X68,Y68,Z68),2) -> 495140.65 | AB68: 746657.77 | AC68: 634778.1 | AD68: 678779.79 | AE68: =ROUND(AVERAGE(AB68,AC68,AD68),2) -> 686738.55 | AF68: 783990.66 | AG68: 666517.01 | AH68: 712718.78 | AI68: =ROUND(AVERAGE(AF68,AG68,AH68),2) -> 721075.48 | AJ68: 862389.72 | AK68: 733168.71 | AL68: 783990.66 | AM68: =ROUND(AVERAGE(AJ68,AK68,AL68),2) -> 793183.03 | AN68: 905509.21 | AO68: 769827.14 | AP68: 823190.19 | AQ68: =ROUND(AVERAGE(AN68,AO68,AP68),2) -> 832842.18 | AR68: 922757 | AS68: 784490.51 | AT68: 838870 | AU68: =ROUND(AVERAGE(AR68,AS68,AT68),2) -> 848705.84 | AV68: 996577.56 | AW68: 847249.76 | AX68: 905979.6 | AY68: =ROUND(AVERAGE(AV68,AW68,AX68),2) -> 916602.31 | AZ68: 1195893.1 | BA68: 1016699.7 | BB68: 1087175.5 | BC68: =ROUND(AVERAGE(AZ68,BA68,BB68),2) -> 1099922.8 | BD68: 1195893.1 | BE68: 1016699.7 | BF68: 1087175.5 | BG68: =ROUND(AVERAGE(BD68,BE68,BF68),2) -> 1099922.8 | BH68: 1036440.7 | BI68: 881139.75 | BJ68: 942218.79 | BK68: =ROUND(AVERAGE(BH68,BI68,BJ68),2) -> 953266.4
A69: 59 | B69: Cambio de Correa repartición completa | C69: 1 | D69: 2407801.9 | E69: 2047000 | F69: 2188910.8 | G69: =ROUND(AVERAGE(D69,E69,F69),2) -> 2214570.9 | H69: 3226454.6 | I69: 2742980 | J69: 2933140.5 | K69: =ROUND(AVERAGE(H69,I69,J69),2) -> 2967525 | L69: 4323449.2 | M69: 3675593.2 | N69: 3930408.3 | O69: =ROUND(AVERAGE(L69,M69,N69),2) -> 3976483.6 | P69: 3226454.6 | Q69: 2742980 | R69: 2933140.5 | S69: =ROUND(AVERAGE(P69,Q69,R69),2) -> 2967525 | T69: 4678359.2 | U69: 3977321 | V69: 4253053.8 | W69: =ROUND(AVERAGE(T69,U69,V69),2) -> 4302911.3 | X69: 3710422.8 | Y69: 3154427 | Z69: 3373111.6 | AA69: =ROUND(AVERAGE(X69,Y69,Z69),2) -> 3412653.8 | AB69: 5146195.1 | AC69: 4375053.1 | AD69: 4678359.2 | AE69: =ROUND(AVERAGE(AB69,AC69,AD69),2) -> 4733202.4 | AF69: 5403504.8 | AG69: 4593805.8 | AH69: 4912277.1 | AI69: =ROUND(AVERAGE(AF69,AG69,AH69),2) -> 4969862.6 | AJ69: 5943855.3 | AK69: 5053186.3 | AL69: 5403504.8 | AM69: =ROUND(AVERAGE(AJ69,AK69,AL69),2) -> 5466848.8 | AN69: 6241048.1 | AO69: 5305845.6 | AP69: 5673680.1 | AQ69: =ROUND(AVERAGE(AN69,AO69,AP69),2) -> 5740191.3 | AR69: 6359925.2 | AS69: 5406909.4 | AT69: 5781750.2 | AU69: =ROUND(AVERAGE(AR69,AS69,AT69),2) -> 5849528.2 | AV69: 6868719.2 | AW69: 5839462.1 | AX69: 6244290.2 | AY69: =ROUND(AVERAGE(AV69,AW69,AX69),2) -> 6317490.5 | AZ69: 8242463 | BA69: 7007354.5 | BB69: 7493148.2 | BC69: =ROUND(AVERAGE(AZ69,BA69,BB69),2) -> 7580988.6 | BD69: 8242463 | BE69: 7007354.5 | BF69: 7493148.2 | BG69: =ROUND(AVERAGE(BD69,BE69,BF69),2) -> 7580988.6 | BH69: 7143468 | BI69: 6073040.6 | BJ69: 6494061.8 | BK69: =ROUND(AVERAGE(BH69,BI69,BJ69),2) -> 6570190.1
A70: 60 | B70: Cambio de Culata | C70: 1 | D70: 7038521 | E70: 5983000 | F70: 6398655.5 | G70: =ROUND(AVERAGE(D70,E70,F70),2) -> 6473392.2 | H70: 9431618.1 | I70: 8017220 | J70: 8574198.3 | K70: =ROUND(AVERAGE(H70,I70,J70),2) -> 8674345.5 | L70: 12638368 | M70: 10743075 | N70: 11489426 | O70: =ROUND(AVERAGE(L70,M70,N70),2) -> 11623623 | P70: 9431618.1 | Q70: 8017220 | R70: 8574198.3 | S70: =ROUND(AVERAGE(P70,Q70,R70),2) -> 8674345.5 | T70: 13675846 | U70: 11624969 | V70: 12432588 | W70: =ROUND(AVERAGE(T70,U70,V70),2) -> 12577801 | X70: 10846361 | Y70: 9219803 | Z70: 9860328.1 | AA70: =ROUND(AVERAGE(X70,Y70,Z70),2) -> 9975497.3 | AB70: 15043431 | AC70: 12787466 | AD70: 13675846 | AE70: =ROUND(AVERAGE(AB70,AC70,AD70),2) -> 13835581 | AF70: 15795602 | AG70: 13426839 | AH70: 14359639 | AI70: =ROUND(AVERAGE(AF70,AG70,AH70),2) -> 14527360 | AJ70: 17375163 | AK70: 14769523 | AL70: 15795602 | AM70: =ROUND(AVERAGE(AJ70,AK70,AL70),2) -> 15980096 | AN70: 18243921 | AO70: 15507999 | AP70: 16585383 | AQ70: =ROUND(AVERAGE(AN70,AO70,AP70),2) -> 16779101 | AR70: 18591424 | AS70: 15803390 | AT70: 16901295 | AU70: =ROUND(AVERAGE(AR70,AS70,AT70),2) -> 17098703 | AV70: 20078738 | AW70: 17067661 | AX70: 18253398 | AY70: =ROUND(AVERAGE(AV70,AW70,AX70),2) -> 18466599 | AZ70: 24094486 | BA70: 20481193 | BB70: 21904078 | BC70: =ROUND(AVERAGE(AZ70,BA70,BB70),2) -> 22159919 | BD70: 24094486 | BE70: 20481193 | BF70: 21904078 | BG70: =ROUND(AVERAGE(BD70,BE70,BF70),2) -> 22159919 | BH70: 20881888 | BI70: 17750367 | BJ70: 18983534 | BK70: =ROUND(AVERAGE(BH70,BI70,BJ70),2) -> 19205263
A71: 61 | B71: Cambio de Deposito lava vidrios | C71: 1 | D71: 354720.82 | E71: 302000 | F71: 322473.47 | G71: =ROUND(AVERAGE(D71,E71,F71),2) -> 326398.1 | H71: 475325.9 | I71: 404680 | J71: 432114.45 | K71: =ROUND(AVERAGE(H71,I71,J71),2) -> 437373.45 | L71: 636936.71 | M71: 542271.2 | N71: 579033.37 | O71: =ROUND(AVERAGE(L71,M71,N71),2) -> 586080.42 | P71: 475325.9 | Q71: 404680 | R71: 432114.45 | S71: =ROUND(AVERAGE(P71,Q71,R71),2) -> 437373.45 | T71: 689222.55 | U71: 586786 | V71: 626565.96 | W71: =ROUND(AVERAGE(T71,U71,V71),2) -> 634191.5 | X71: 546624.78 | Y71: 465382 | Z71: 496931.62 | AA71: =ROUND(AVERAGE(X71,Y71,Z71),2) -> 502979.47 | AB71: 758144.81 | AC71: 645464.6 | AD71: 689222.55 | AE71: =ROUND(AVERAGE(AB71,AC71,AD71),2) -> 697610.65 | AF71: 796052.05 | AG71: 677737.83 | AH71: 723683.68 | AI71: =ROUND(AVERAGE(AF71,AG71,AH71),2) -> 732491.19 | AJ71: 875657.25 | AK71: 745511.61 | AL71: 796052.05 | AM71: =ROUND(AVERAGE(AJ71,AK71,AL71),2) -> 805740.31 | AN71: 919440.12 | AO71: 782787.19 | AP71: 835854.65 | AQ71: =ROUND(AVERAGE(AN71,AO71,AP71),2) -> 846027.32 | AR71: 936953.26 | AS71: 797697.43 | AT71: 851775.69 | AU71: =ROUND(AVERAGE(AR71,AS71,AT71),2) -> 862142.13 | AV71: 1011909.5 | AW71: 861513.22 | AX71: 919917.75 | AY71: =ROUND(AVERAGE(AV71,AW71,AX71),2) -> 931113.5 | AZ71: 1214291.4 | BA71: 1033815.9 | BB71: 1103901.3 | BC71: =ROUND(AVERAGE(AZ71,BA71,BB71),2) -> 1117336.2 | BD71: 1214291.4 | BE71: 1033815.9 | BF71: 1103901.3 | BG71: =ROUND(AVERAGE(BD71,BE71,BF71),2) -> 1117336.2 | BH71: 1052385.9 | BI71: 895973.75 | BJ71: 956714.46 | BK71: =ROUND(AVERAGE(BH71,BI71,BJ71),2) -> 968358.04
A72: 62 | B72: Cambio de Distribuidor | C72: 1 | D72: 1569370.9 | E72: 1334000 | F72: 1426700.8 | G72: =ROUND(AVERAGE(D72,E72,F72),2) -> 1443357.2 | H72: N/A | I72: N/A | J72: N/A | K72: N/A | L72: N/A | M72: N/A | N72: N/A | O72: N/A | P72: N/A | Q72: N/A | R72: N/A | S72: N/A | T72: N/A | U72: N/A | V72: N/A | W72: N/A | X72: N/A | Y72: N/A | Z72: N/A | AA72: N/A | AB72: N/A | AC72: N/A | AD72: N/A | AE72: N/A | AF72: N/A | AG72: N/A | AH72: N/A | AI72: N/A | AJ72: N/A | AK72: N/A | AL72: N/A | AM72: N/A | AN72: N/A | AO72: N/A | AP72: N/A | AQ72: N/A | AR72: N/A | AS72: N/A | AT72: N/A | AU72: N/A | AV72: N/A | AW72: N/A | AX72: N/A | AY72: N/A | AZ72: N/A | BA72: N/A | BB72: N/A | BC72: N/A | BD72: N/A | BE72: N/A | BF72: N/A | BG72: N/A | BH72: N/A | BI72: N/A | BJ72: N/A | BK72: N/A
A73: 63 | B73: Cambio de Empaquetadura motor completa | C73: 1 | D73: 4278148.1 | E73: 3636000 | F73: 3889225.5 | G73: =ROUND(AVERAGE(D73,E73,F73),2) -> 3934457.9 | H73: 5732718.4 | I73: 4872240 | J73: 5211562.2 | K73: =ROUND(AVERAGE(H73,I73,J73),2) -> 5272173.5 | L73: 7681842.7 | M73: 6528801.6 | N73: 6983493.4 | O73: =ROUND(AVERAGE(L73,M73,N73),2) -> 7064712.5 | P73: 5732718.4 | Q73: 4872240 | R73: 5211562.2 | S73: =ROUND(AVERAGE(P73,Q73,R73),2) -> 5272173.5 | T73: 8312441.7 | U73: 7064748 | V73: 7556765.2 | W73: =ROUND(AVERAGE(T73,U73,V73),2) -> 7644651.6 | X73: 6592626.2 | Y73: 5603076 | Z73: 5993296.5 | AA73: =ROUND(AVERAGE(X73,Y73,Z73),2) -> 6062999.6 | AB73: 9143685.9 | AC73: 7771222.8 | AD73: 8312441.7 | AE73: =ROUND(AVERAGE(AB73,AC73,AD73),2) -> 8409116.8 | AF73: 9600870.2 | AG73: 8159783.9 | AH73: 8728063.8 | AI73: =ROUND(AVERAGE(AF73,AG73,AH73),2) -> 8829572.6 | AJ73: 10560957 | AK73: 8975762.3 | AL73: 9600870.2 | AM73: =ROUND(AVERAGE(AJ73,AK73,AL73),2) -> 9712529.9 | AN73: 11089005 | AO73: 9424550.5 | AP73: 10080914 | AQ73: =ROUND(AVERAGE(AN73,AO73,AP73),2) -> 10198156 | AR73: 11300224 | AS73: 9604065.7 | AT73: 10272931 | AU73: =ROUND(AVERAGE(AR73,AS73,AT73),2) -> 10392407 | AV73: 12204242 | AW73: 10372391 | AX73: 11094766 | AY73: =ROUND(AVERAGE(AV73,AW73,AX73),2) -> 11223800 | AZ73: 14645091 | BA73: 12446869 | BB73: 13313719 | BC73: =ROUND(AVERAGE(AZ73,BA73,BB73),2) -> 13468559 | BD73: 14645091 | BE73: 12446869 | BF73: 13313719 | BG73: =ROUND(AVERAGE(BD73,BE73,BF73),2) -> 13468559 | BH73: 12692412 | BI73: 10787287 | BJ73: 11538556 | BK73: =ROUND(AVERAGE(BH73,BI73,BJ73),2) -> 11672752
A74: 64 | B74: Cambio de Enfocador radiador | C74: 1 | D74: 370844.49 | E74: 315000 | F74: 337131.36 | G74: =ROUND(AVERAGE(D74,E74,F74),2) -> 340991.95 | H74: 496931.62 | I74: 422100 | J74: 451756.02 | K74: =ROUND(AVERAGE(H74,I74,J74),2) -> 456929.21 | L74: 665888.37 | M74: 565614 | N74: 605353.07 | O74: =ROUND(AVERAGE(L74,M74,N74),2) -> 612285.15 | P74: 496931.62 | Q74: 422100 | R74: 451756.02 | S74: =ROUND(AVERAGE(P74,Q74,R74),2) -> 456929.21 | T74: 720550.85 | U74: 612045 | V74: 655046.23 | W74: =ROUND(AVERAGE(T74,U74,V74),2) -> 662547.36 | X74: 571471.37 | Y74: 485415 | Z74: 519519.42 | AA74: =ROUND(AVERAGE(X74,Y74,Z74),2) -> 525468.6 | AB74: 792605.94 | AC74: 673249.5 | AD74: 720550.85 | AE74: =ROUND(AVERAGE(AB74,AC74,AD74),2) -> 728802.1 | AF74: 832236.23 | AG74: 706911.97 | AH74: 756578.39 | AI74: =ROUND(AVERAGE(AF74,AG74,AH74),2) -> 765242.2 | AJ74: 915459.86 | AK74: 777603.17 | AL74: 832236.23 | AM74: =ROUND(AVERAGE(AJ74,AK74,AL74),2) -> 841766.42 | AN74: 961232.85 | AO74: 816483.33 | AP74: 873848.05 | AQ74: =ROUND(AVERAGE(AN74,AO74,AP74),2) -> 883854.74 | AR74: 979542.05 | AS74: 832035.39 | AT74: 890492.77 | AU74: =ROUND(AVERAGE(AR74,AS74,AT74),2) -> 900690.07 | AV74: 1057905.4 | AW74: 898598.23 | AX74: 961732.19 | AY74: =ROUND(AVERAGE(AV74,AW74,AX74),2) -> 972745.28 | AZ74: 1269486.5 | BA74: 1078317.9 | BB74: 1154078.6 | BC74: =ROUND(AVERAGE(AZ74,BA74,BB74),2) -> 1167294.3 | BD74: 1269486.5 | BE74: 1078317.9 | BF74: 1154078.6 | BG74: =ROUND(AVERAGE(BD74,BE74,BF74),2) -> 1167294.3 | BH74: 1100221.6 | BI74: 934542.16 | BJ74: 1000201.5 | BK74: =ROUND(AVERAGE(BH74,BI74,BJ74),2) -> 1011655.1
A75: 65 | B75: Cambio de Filtro de aceite | C75: 1 | D75: 69869.253 | E75: 59000 | F75: 63517.502 | G75: =ROUND(AVERAGE(D75,E75,F75),2) -> 64128.92 | H75: 93624.798 | I75: 79060 | J75: 85113.453 | K75: =ROUND(AVERAGE(H75,I75,J75),2) -> 85932.75 | L75: 125457.23 | M75: 105940.4 | N75: 114052.03 | O75: =ROUND(AVERAGE(L75,M75,N75),2) -> 115149.89 | P75: 93624.798 | Q75: 79060 | R75: 85113.453 | S75: =ROUND(AVERAGE(P75,Q75,R75),2) -> 85932.75 | T75: 434560 | U75: 434560 | V75: 434560 | W75: =ROUND(AVERAGE(T75,U75,V75),2) -> 434560 | X75: 107668.52 | Y75: 90919 | Z75: 97880.471 | AA75: =ROUND(AVERAGE(X75,Y75,Z75),2) -> 98822.66 | AB75: 478016 | AC75: 478016 | AD75: 478016 | AE75: =ROUND(AVERAGE(AB75,AC75,AD75),2) -> 478016 | AF75: 501916.8 | AG75: 501916.8 | AH75: 501916.8 | AI75: =ROUND(AVERAGE(AF75,AG75,AH75),2) -> 501916.8 | AJ75: 552108.48 | AK75: 552108.48 | AL75: 552108.48 | AM75: =ROUND(AVERAGE(AJ75,AK75,AL75),2) -> 552108.48 | AN75: 579713.9 | AO75: 579713.9 | AP75: 579713.9 | AQ75: =ROUND(AVERAGE(AN75,AO75,AP75),2) -> 579713.9 | AR75: 590756.07 | AS75: 590756.07 | AT75: 590756.07 | AU75: =ROUND(AVERAGE(AR75,AS75,AT75),2) -> 590756.07 | AV75: 638016.56 | AW75: 638016.56 | AX75: 638016.56 | AY75: =ROUND(AVERAGE(AV75,AW75,AX75),2) -> 638016.56 | AZ75: 765619.87 | BA75: 765619.87 | BB75: 765619.87 | BC75: =ROUND(AVERAGE(AZ75,BA75,BB75),2) -> 765619.87 | BD75: 765619.87 | BE75: 765619.87 | BF75: 765619.87 | BG75: =ROUND(AVERAGE(BD75,BE75,BF75),2) -> 765619.87 | BH75: 663537.22 | BI75: 663537.22 | BJ75: 663537.22 | BK75: =ROUND(AVERAGE(BH75,BI75,BJ75),2) -> 663537.22
A76: 66 | B76: Cambio de Filtro de aire | C76: 1 | D76: 69869.253 | E76: 59000 | F76: 63517.502 | G76: =ROUND(AVERAGE(D76,E76,F76),2) -> 64128.92 | H76: 93624.798 | I76: 79060 | J76: 85113.453 | K76: =ROUND(AVERAGE(H76,I76,J76),2) -> 85932.75 | L76: 125457.23 | M76: 105940.4 | N76: 114052.03 | O76: =ROUND(AVERAGE(L76,M76,N76),2) -> 115149.89 | P76: 93624.798 | Q76: 79060 | R76: 85113.453 | S76: =ROUND(AVERAGE(P76,Q76,R76),2) -> 85932.75 | T76: 786930 | U76: 786930 | V76: 786930 | W76: =ROUND(AVERAGE(T76,U76,V76),2) -> 786930 | X76: 107668.52 | Y76: 90919 | Z76: 97880.471 | AA76: =ROUND(AVERAGE(X76,Y76,Z76),2) -> 98822.66 | AB76: 865623 | AC76: 865623 | AD76: 865623 | AE76: =ROUND(AVERAGE(AB76,AC76,AD76),2) -> 865623 | AF76: 908904.15 | AG76: 908904.15 | AH76: 908904.15 | AI76: =ROUND(AVERAGE(AF76,AG76,AH76),2) -> 908904.15 | AJ76: 999794.57 | AK76: 999794.57 | AL76: 999794.57 | AM76: =ROUND(AVERAGE(AJ76,AK76,AL76),2) -> 999794.57 | AN76: 1049784.3 | AO76: 1049784.3 | AP76: 1049784.3 | AQ76: =ROUND(AVERAGE(AN76,AO76,AP76),2) -> 1049784.3 | AR76: 1069780.2 | AS76: 1069780.2 | AT76: 1069780.2 | AU76: =ROUND(AVERAGE(AR76,AS76,AT76),2) -> 1069780.2 | AV76: 1155362.6 | AW76: 1155362.6 | AX76: 1155362.6 | AY76: =ROUND(AVERAGE(AV76,AW76,AX76),2) -> 1155362.6 | AZ76: 1386435.1 | BA76: 1386435.1 | BB76: 1386435.1 | BC76: =ROUND(AVERAGE(AZ76,BA76,BB76),2) -> 1386435.1 | BD76: 1386435.1 | BE76: 1386435.1 | BF76: 1386435.1 | BG76: =ROUND(AVERAGE(BD76,BE76,BF76),2) -> 1386435.1 | BH76: 1201577.1 | BI76: 1201577.1 | BJ76: 1201577.1 | BK76: =ROUND(AVERAGE(BH76,BI76,BJ76),2) -> 1201577.1
A77: 67 | B77: Cambio de Filtro de combustible | C77: 1 | D77: 94592.219 | E77: 80000 | F77: 85992.926 | G77: =ROUND(AVERAGE(D77,E77,F77),2) -> 86861.71 | H77: 126753.57 | I77: 107200 | J77: 115230.52 | K77: =ROUND(AVERAGE(H77,I77,J77),2) -> 116394.7 | L77: 169849.79 | M77: 143648 | N77: 154408.9 | O77: =ROUND(AVERAGE(L77,M77,N77),2) -> 155968.9 | P77: 126753.57 | Q77: 107200 | R77: 115230.52 | S77: =ROUND(AVERAGE(P77,Q77,R77),2) -> 116394.7 | T77: 964300 | U77: 964300 | V77: 964300 | W77: =ROUND(AVERAGE(T77,U77,V77),2) -> 964300 | X77: 145766.61 | Y77: 123280 | Z77: 132515.1 | AA77: =ROUND(AVERAGE(X77,Y77,Z77),2) -> 133853.9 | AB77: 1060730 | AC77: 1060730 | AD77: 1060730 | AE77: =ROUND(AVERAGE(AB77,AC77,AD77),2) -> 1060730 | AF77: 1113766.5 | AG77: 1113766.5 | AH77: 1113766.5 | AI77: =ROUND(AVERAGE(AF77,AG77,AH77),2) -> 1113766.5 | AJ77: N/A | AK77: N/A | AL77: N/A | AM77: N/A | AN77: N/A | AO77: N/A | AP77: N/A | AQ77: N/A | AR77: N/A | AS77: N/A | AT77: N/A | AU77: N/A | AV77: N/A | AW77: N/A | AX77: N/A | AY77: N/A | AZ77: N/A | BA77: N/A | BB77: N/A | BC77: N/A | BD77: N/A | BE77: N/A | BF77: N/A | BG77: N/A | BH77: N/A | BI77: N/A | BJ77: N/A | BK77: N/A
A78: 68 | B78: Cambio de Filtro trampa de combustible | C78: 1 | D78: N/A | E78: N/A | F78: N/A | G78: N/A | H78: 134200 | I78: 134200 | J78: 134200 | K78: =ROUND(AVERAGE(H78,I78,J78),2) -> 134200 | L78: N/A | M78: N/A | N78: N/A | O78: N/A | P78: 134200 | Q78: 134200 | R78: 134200 | S78: =ROUND(AVERAGE(P78,Q78,R78),2) -> 134200 | T78: N/A | U78: N/A | V78: N/A | W78: N/A | X78: N/A | Y78: N/A | Z78: N/A | AA78: N/A | AB78: 147620 | AC78: 147620 | AD78: 147620 | AE78: =ROUND(AVERAGE(AB78,AC78,AD78),2) -> 147620 | AF78: 144304 | AG78: 144304 | AH78: 144304 | AI78: =ROUND(AVERAGE(AF78,AG78,AH78),2) -> 144304 | AJ78: 158734.4 | AK78: 158734.4 | AL78: 158734.4 | AM78: =ROUND(AVERAGE(AJ78,AK78,AL78),2) -> 158734.4 | AN78: 166671.12 | AO78: 166671.12 | AP78: 166671.12 | AQ78: =ROUND(AVERAGE(AN78,AO78,AP78),2) -> 166671.12 | AR78: 169845.81 | AS78: 169845.81 | AT78: 169845.81 | AU78: =ROUND(AVERAGE(AR78,AS78,AT78),2) -> 169845.81 | AV78: 183433.47 | AW78: 183433.47 | AX78: 183433.47 | AY78: =ROUND(AVERAGE(AV78,AW78,AX78),2) -> 183433.47 | AZ78: 220120.17 | BA78: 220120.17 | BB78: 220120.17 | BC78: =ROUND(AVERAGE(AZ78,BA78,BB78),2) -> 220120.17 | BD78: 220120.17 | BE78: 220120.17 | BF78: 220120.17 | BG78: =ROUND(AVERAGE(BD78,BE78,BF78),2) -> 220120.17 | BH78: 190770.81 | BI78: 190770.81 | BJ78: 190770.81 | BK78: =ROUND(AVERAGE(BH78,BI78,BJ78),2) -> 190770.81
A79: 69 | B79: Cambio de Guaya acelerador | C79: 1 | D79: 759000 | E79: 645000 | F79: 690000 | G79: =ROUND(AVERAGE(D79,E79,F79),2) -> 698000 | H79: 1017060 | I79: 864300 | J79: 924600 | K79: =ROUND(AVERAGE(H79,I79,J79),2) -> 935320 | L79: N/A | M79: N/A | N79: N/A | O79: N/A | P79: 1017060 | Q79: 864300 | R79: 924600 | S79: =ROUND(AVERAGE(P79,Q79,R79),2) -> 935320 | T79: N/A | U79: N/A | V79: N/A | W79: N/A | X79: N/A | Y79: N/A | Z79: N/A | AA79: N/A | AB79: N/A | AC79: N/A | AD79: N/A | AE79: N/A | AF79: N/A | AG79: N/A | AH79: N/A | AI79: N/A | AJ79: N/A | AK79: N/A | AL79: N/A | AM79: N/A | AN79: N/A | AO79: N/A | AP79: N/A | AQ79: N/A | AR79: N/A | AS79: N/A | AT79: N/A | AU79: N/A | AV79: N/A | AW79: N/A | AX79: N/A | AY79: N/A | AZ79: N/A | BA79: N/A | BB79: N/A | BC79: N/A | BD79: N/A | BE79: N/A | BF79: N/A | BG79: N/A | BH79: N/A | BI79: N/A | BJ79: N/A | BK79: N/A
A80: 70 | B80: Cambio de Guaya embrague | C80: 1 | D80: N/A | E80: N/A | F80: N/A | G80: N/A | H80: N/A | I80: N/A | J80: N/A | K80: N/A | L80: N/A | M80: N/A | N80: N/A | O80: N/A | P80: N/A | Q80: N/A | R80: N/A | S80: N/A | T80: N/A | U80: N/A | V80: N/A | W80: N/A | X80: N/A | Y80: N/A | Z80: N/A | AA80: N/A | AB80: N/A | AC80: N/A | AD80: N/A | AE80: N/A | AF80: N/A | AG80: N/A | AH80: N/A | AI80: N/A | AJ80: N/A | AK80: N/A | AL80: N/A | AM80: N/A | AN80: N/A | AO80: N/A | AP80: N/A | AQ80: N/A | AR80: N/A | AS80: N/A | AT80: N/A | AU80: N/A | AV80: N/A | AW80: N/A | AX80: N/A | AY80: N/A | AZ80: N/A | BA80: N/A | BB80: N/A | BC80: N/A | BD80: N/A | BE80: N/A | BF80: N/A | BG80: N/A | BH80: N/A | BI80: N/A | BJ80: N/A | BK80: N/A
A81: 71 | B81: Cambio de Guaya velocímetro | C81: 1 | D81: 418140.6 | E81: 355000 | F81: 380127.82 | G81: =ROUND(AVERAGE(D81,E81,F81),2) -> 384422.81 | H81: N/A | I81: N/A | J81: N/A | K81: N/A | L81: N/A | M81: N/A | N81: N/A | O81: N/A | P81: N/A | Q81: N/A | R81: N/A | S81: N/A | T81: 1330400 | U81: 1330400 | V81: 1330400 | W81: =ROUND(AVERAGE(T81,U81,V81),2) -> 1330400 | X81: N/A | Y81: N/A | Z81: N/A | AA81: N/A | AB81: N/A | AC81: N/A | AD81: N/A | AE81: N/A | AF81: N/A | AG81: N/A | AH81: N/A | AI81: N/A | AJ81: 645033 | AK81: 645033 | AL81: 645033 | AM81: =ROUND(AVERAGE(AJ81,AK81,AL81),2) -> 645033 | AN81: 677284.65 | AO81: 677284.65 | AP81: 677284.65 | AQ81: =ROUND(AVERAGE(AN81,AO81,AP81),2) -> 677284.65 | AR81: 690185.31 | AS81: 690185.31 | AT81: 690185.31 | AU81: =ROUND(AVERAGE(AR81,AS81,AT81),2) -> 690185.31 | AV81: 745400.13 | AW81: 745400.13 | AX81: 745400.13 | AY81: =ROUND(AVERAGE(AV81,AW81,AX81),2) -> 745400.13 | AZ81: 894480.16 | BA81: 894480.16 | BB81: 894480.16 | BC81: =ROUND(AVERAGE(AZ81,BA81,BB81),2) -> 894480.16 | BD81: 894480.16 | BE81: 894480.16 | BF81: 894480.16 | BG81: =ROUND(AVERAGE(BD81,BE81,BF81),2) -> 894480.16 | BH81: 775216.14 | BI81: 775216.14 | BJ81: 775216.14 | BK81: =ROUND(AVERAGE(BH81,BI81,BJ81),2) -> 775216.14
A82: 72 | B82: Cambio de Guías válvula | C82: 1 | D82: 2085328.5 | E82: 1773000 | F82: 1895753.1 | G82: =ROUND(AVERAGE(D82,E82,F82),2) -> 1918027.2 | H82: 2794340.1 | I82: 2375820 | J82: 2540309.2 | K82: =ROUND(AVERAGE(H82,I82,J82),2) -> 2570156.5 | L82: 3744415.8 | M82: 3183598.8 | N82: 3404014.3 | O82: =ROUND(AVERAGE(L82,M82,N82),2) -> 3444009.6 | P82: 2794340.1 | Q82: 2375820 | R82: 2540309.2 | S82: =ROUND(AVERAGE(P82,Q82,R82),2) -> 2570156.5 | T82: 4051793.2 | U82: 3444939 | V82: 3683448.4 | W82: =ROUND(AVERAGE(T82,U82,V82),2) -> 3726726.9 | X82: 3213491.2 | Y82: 2732193 | Z82: 2921355.6 | AA82: =ROUND(AVERAGE(X82,Y82,Z82),2) -> 2955679.9 | AB82: 4456972.5 | AC82: 3789432.9 | AD82: 4051793.2 | AE82: =ROUND(AVERAGE(AB82,AC82,AD82),2) -> 4099399.5 | AF82: 4679821.1 | AG82: 3978904.5 | AH82: 4254382.9 | AI82: =ROUND(AVERAGE(AF82,AG82,AH82),2) -> 4304369.5 | AJ82: 5147803.3 | AK82: 4376795 | AL82: 4679821.1 | AM82: =ROUND(AVERAGE(AJ82,AK82,AL82),2) -> 4734806.5 | AN82: 5405193.4 | AO82: 4595634.7 | AP82: 4913812.2 | AQ82: =ROUND(AVERAGE(AN82,AO82,AP82),2) -> 4971546.8 | AR82: 5508149.5 | AS82: 4683170.6 | AT82: 5007408.6 | AU82: =ROUND(AVERAGE(AR82,AS82,AT82),2) -> 5066242.9 | AV82: 5948801.4 | AW82: 5057824.3 | AX82: 5408001.3 | AY82: =ROUND(AVERAGE(AV82,AW82,AX82),2) -> 5471542.3 | AZ82: 7138561.7 | BA82: 6069389.2 | BB82: 6489601.6 | BC82: =ROUND(AVERAGE(AZ82,BA82,BB82),2) -> 6565850.8 | BD82: 7138561.7 | BE82: 6069389.2 | BF82: 6489601.6 | BG82: =ROUND(AVERAGE(BD82,BE82,BF82),2) -> 6565850.8 | BH82: 6186753.5 | BI82: 5260137.3 | BJ82: 5624321.4 | BK82: =ROUND(AVERAGE(BH82,BI82,BJ82),2) -> 5690404
A83: 73 | B83: Cambio de Impulsador motor | C83: 1 | D83: 2085328.5 | E83: 1773000 | F83: 1895753.1 | G83: =ROUND(AVERAGE(D83,E83,F83),2) -> 1918027.2 | H83: 2794340.1 | I83: 2375820 | J83: 2540309.2 | K83: =ROUND(AVERAGE(H83,I83,J83),2) -> 2570156.5 | L83: 3744415.8 | M83: 3183598.8 | N83: 3404014.3 | O83: =ROUND(AVERAGE(L83,M83,N83),2) -> 3444009.6 | P83: 2794340.1 | Q83: 2375820 | R83: 2540309.2 | S83: =ROUND(AVERAGE(P83,Q83,R83),2) -> 2570156.5 | T83: 4051793.2 | U83: 3444939 | V83: 3683448.4 | W83: =ROUND(AVERAGE(T83,U83,V83),2) -> 3726726.9 | X83: 3213491.2 | Y83: 2732193 | Z83: 2921355.6 | AA83: =ROUND(AVERAGE(X83,Y83,Z83),2) -> 2955679.9 | AB83: 4456972.5 | AC83: 3789432.9 | AD83: 4051793.2 | AE83: =ROUND(AVERAGE(AB83,AC83,AD83),2) -> 4099399.5 | AF83: 4679821.1 | AG83: 3978904.5 | AH83: 4254382.9 | AI83: =ROUND(AVERAGE(AF83,AG83,AH83),2) -> 4304369.5 | AJ83: 5147803.3 | AK83: 4376795 | AL83: 4679821.1 | AM83: =ROUND(AVERAGE(AJ83,AK83,AL83),2) -> 4734806.5 | AN83: 5405193.4 | AO83: 4595634.7 | AP83: 4913812.2 | AQ83: =ROUND(AVERAGE(AN83,AO83,AP83),2) -> 4971546.8 | AR83: 5508149.5 | AS83: 4683170.6 | AT83: 5007408.6 | AU83: =ROUND(AVERAGE(AR83,AS83,AT83),2) -> 5066242.9 | AV83: 5948801.4 | AW83: 5057824.3 | AX83: 5408001.3 | AY83: =ROUND(AVERAGE(AV83,AW83,AX83),2) -> 5471542.3 | AZ83: 7138561.7 | BA83: 6069389.2 | BB83: 6489601.6 | BC83: =ROUND(AVERAGE(AZ83,BA83,BB83),2) -> 6565850.8 | BD83: 7138561.7 | BE83: 6069389.2 | BF83: 6489601.6 | BG83: =ROUND(AVERAGE(BD83,BE83,BF83),2) -> 6565850.8 | BH83: 6186753.5 | BI83: 5260137.3 | BJ83: 5624321.4 | BK83: =ROUND(AVERAGE(BH83,BI83,BJ83),2) -> 5690404
A84: 74 | B84: Cambio de Kit reparación de motor (pistón, anillos y camisas) | C84: 1 | D84: 8446225.2 | E84: 7179000 | F84: 7678386.6 | G84: =ROUND(AVERAGE(D84,E84,F84),2) -> 7767870.6 | H84: 11317942 | I84: 9619860 | J84: 10289038 | K84: =ROUND(AVERAGE(H84,I84,J84),2) -> 10408947 | L84: 15166042 | M84: 12890612 | N84: 13787311 | O84: =ROUND(AVERAGE(L84,M84,N84),2) -> 13947988 | P84: 11317942 | Q84: 9619860 | R84: 10289038 | S84: =ROUND(AVERAGE(P84,Q84,R84),2) -> 10408947 | T84: 16411016 | U84: 13948797 | V84: 14919105 | W84: =ROUND(AVERAGE(T84,U84,V84),2) -> 15092973 | X84: 13015633 | Y84: 11062839 | Z84: 11832394 | AA84: =ROUND(AVERAGE(X84,Y84,Z84),2) -> 11970289 | AB84: 18052117 | AC84: 15343677 | AD84: 16411016 | AE84: =ROUND(AVERAGE(AB84,AC84,AD84),2) -> 16602270 | AF84: 18954723 | AG84: 16110861 | AH84: 17231566 | AI84: =ROUND(AVERAGE(AF84,AG84,AH84),2) -> 17432383 | AJ84: 20850195 | AK84: 17721947 | AL84: 18954723 | AM84: =ROUND(AVERAGE(AJ84,AK84,AL84),2) -> 19175622 | AN84: 21892705 | AO84: 18608044 | AP84: 19902459 | AQ84: =ROUND(AVERAGE(AN84,AO84,AP84),2) -> 20134403 | AR84: 22309709 | AS84: 18962483 | AT84: 20281554 | AU84: =ROUND(AVERAGE(AR84,AS84,AT84),2) -> 20517915 | AV84: 24094486 | AW84: 20479481 | AX84: 21904078 | AY84: =ROUND(AVERAGE(AV84,AW84,AX84),2) -> 22159348 | AZ84: 28913383 | BA84: 24575378 | BB84: 26284893 | BC84: =ROUND(AVERAGE(AZ84,BA84,BB84),2) -> 26591218 | BD84: 28913383 | BE84: 24575378 | BF84: 26284893 | BG84: =ROUND(AVERAGE(BD84,BE84,BF84),2) -> 26591218 | BH84: 25058265 | BI84: 21298661 | BJ84: 22780241 | BK84: =ROUND(AVERAGE(BH84,BI84,BJ84),2) -> 23045722
A85: 75 | B85: Cambio de Kit repartición motor completa (correa, tensor y patín) | C85: 1 | D85: 2407801.9 | E85: 2047000 | F85: 2188910.8 | G85: =ROUND(AVERAGE(D85,E85,F85),2) -> 2214570.9 | H85: 3226454.6 | I85: 2742980 | J85: 2933140.5 | K85: =ROUND(AVERAGE(H85,I85,J85),2) -> 2967525 | L85: 4323449.2 | M85: 3675593.2 | N85: 3930408.3 | O85: =ROUND(AVERAGE(L85,M85,N85),2) -> 3976483.6 | P85: 3226454.6 | Q85: 2742980 | R85: 2933140.5 | S85: =ROUND(AVERAGE(P85,Q85,R85),2) -> 2967525 | T85: 4678359.2 | U85: 3977321 | V85: 4253053.8 | W85: =ROUND(AVERAGE(T85,U85,V85),2) -> 4302911.3 | X85: 3710422.8 | Y85: 3154427 | Z85: 3373111.6 | AA85: =ROUND(AVERAGE(X85,Y85,Z85),2) -> 3412653.8 | AB85: 5146195.1 | AC85: 4375053.1 | AD85: 4678359.2 | AE85: =ROUND(AVERAGE(AB85,AC85,AD85),2) -> 4733202.4 | AF85: 5403504.8 | AG85: 4593805.8 | AH85: 4912277.1 | AI85: =ROUND(AVERAGE(AF85,AG85,AH85),2) -> 4969862.6 | AJ85: 5943855.3 | AK85: 5053186.3 | AL85: 5403504.8 | AM85: =ROUND(AVERAGE(AJ85,AK85,AL85),2) -> 5466848.8 | AN85: 6241048.1 | AO85: 5305845.6 | AP85: 5673680.1 | AQ85: =ROUND(AVERAGE(AN85,AO85,AP85),2) -> 5740191.3 | AR85: 6359925.2 | AS85: 5406909.4 | AT85: 5781750.2 | AU85: =ROUND(AVERAGE(AR85,AS85,AT85),2) -> 5849528.2 | AV85: 6868719.2 | AW85: 5839462.1 | AX85: 6244290.2 | AY85: =ROUND(AVERAGE(AV85,AW85,AX85),2) -> 6317490.5 | AZ85: 8242463 | BA85: 7007354.5 | BB85: 7493148.2 | BC85: =ROUND(AVERAGE(AZ85,BA85,BB85),2) -> 7580988.6 | BD85: 8242463 | BE85: 7007354.5 | BF85: 7493148.2 | BG85: =ROUND(AVERAGE(BD85,BE85,BF85),2) -> 7580988.6 | BH85: 7143468 | BI85: 6073040.6 | BJ85: 6494061.8 | BK85: =ROUND(AVERAGE(BH85,BI85,BJ85),2) -> 6570190.1
A86: 76 | B86: Cambio de Líquido refrigerante | C86: 1 | D86: 268727.89 | E86: 228000 | F86: 244298.09 | G86: =ROUND(AVERAGE(D86,E86,F86),2) -> 247008.66 | H86: 360095.38 | I86: 305520 | J86: 327359.43 | K86: =ROUND(AVERAGE(H86,I86,J86),2) -> 330991.6 | L86: 482527.81 | M86: 409396.8 | N86: 438661.64 | O86: =ROUND(AVERAGE(L86,M86,N86),2) -> 443528.75 | P86: 360095.38 | Q86: 305520 | R86: 327359.43 | S86: =ROUND(AVERAGE(P86,Q86,R86),2) -> 330991.6 | T86: 522138.3 | U86: 443004 | V86: 474671.18 | W86: =ROUND(AVERAGE(T86,U86,V86),2) -> 479937.83 | X86: 414109.69 | Y86: 351348 | Z86: 376463.35 | AA86: =ROUND(AVERAGE(X86,Y86,Z86),2) -> 380640.35 | AB86: 574352.13 | AC86: 487304.4 | AD86: 522138.3 | AE86: =ROUND(AVERAGE(AB86,AC86,AD86),2) -> 527931.61 | AF86: 603069.73 | AG86: 511669.62 | AH86: 548245.21 | AI86: =ROUND(AVERAGE(AF86,AG86,AH86),2) -> 554328.19 | AJ86: 663376.71 | AK86: 562836.58 | AL86: 603069.73 | AM86: =ROUND(AVERAGE(AJ86,AK86,AL86),2) -> 609761.01 | AN86: 696545.54 | AO86: 590978.41 | AP86: 633223.22 | AQ86: =ROUND(AVERAGE(AN86,AO86,AP86),2) -> 640249.06 | AR86: 709813.08 | AS86: 602235.14 | AT86: 645284.62 | AU86: =ROUND(AVERAGE(AR86,AS86,AT86),2) -> 652444.28 | AV86: 766598.12 | AW86: 650413.95 | AX86: 696907.39 | AY86: =ROUND(AVERAGE(AV86,AW86,AX86),2) -> 704639.82 | AZ86: 919917.75 | BA86: 780496.74 | BB86: 836288.86 | BC86: =ROUND(AVERAGE(AZ86,BA86,BB86),2) -> 845567.79 | BD86: 919917.75 | BE86: 780496.74 | BF86: 836288.86 | BG86: =ROUND(AVERAGE(BD86,BE86,BF86),2) -> 845567.79 | BH86: 797262.05 | BI86: 676430.51 | BJ86: 724783.68 | BK86: =ROUND(AVERAGE(BH86,BI86,BJ86),2) -> 732825.41
A87: 77 | B87: Cambio de Manguera inferior radiador | C87: 1 | D87: 306349.8 | E87: 260000 | F87: 278499.82 | G87: =ROUND(AVERAGE(D87,E87,F87),2) -> 281616.54 | H87: 410508.73 | I87: 348400 | J87: 373189.76 | K87: =ROUND(AVERAGE(H87,I87,J87),2) -> 377366.16 | L87: 550081.7 | M87: 466856 | N87: 500074.27 | O87: =ROUND(AVERAGE(L87,M87,N87),2) -> 505670.66 | P87: 410508.73 | Q87: 348400 | R87: 373189.76 | S87: =ROUND(AVERAGE(P87,Q87,R87),2) -> 377366.16 | T87: 595237.66 | U87: 505180 | V87: 541125.15 | W87: =ROUND(AVERAGE(T87,U87,V87),2) -> 547180.94 | X87: 472085.04 | Y87: 400660 | Z87: 429168.22 | AA87: =ROUND(AVERAGE(X87,Y87,Z87),2) -> 433971.09 | AB87: 654761.43 | AC87: 555698 | AD87: 595237.66 | AE87: =ROUND(AVERAGE(AB87,AC87,AD87),2) -> 601899.03 | AF87: 687499.5 | AG87: 583482.9 | AH87: 624999.54 | AI87: =ROUND(AVERAGE(AF87,AG87,AH87),2) -> 631993.98 | AJ87: 756249.45 | AK87: 641831.19 | AL87: 687499.5 | AM87: =ROUND(AVERAGE(AJ87,AK87,AL87),2) -> 695193.38 | AN87: 794061.92 | AO87: 673922.75 | AP87: 721874.47 | AQ87: =ROUND(AVERAGE(AN87,AO87,AP87),2) -> 729953.05 | AR87: 809186.91 | AS87: 686759.37 | AT87: 735624.46 | AU87: =ROUND(AVERAGE(AR87,AS87,AT87),2) -> 743856.91 | AV87: 873921.86 | AW87: 741700.12 | AX87: 794474.42 | AY87: =ROUND(AVERAGE(AV87,AW87,AX87),2) -> 803365.47 | AZ87: 1048706.2 | BA87: 890040.15 | BB87: 953369.3 | BC87: =ROUND(AVERAGE(AZ87,BA87,BB87),2) -> 964038.56 | BD87: 1048706.2 | BE87: 890040.15 | BF87: 953369.3 | BG87: =ROUND(AVERAGE(BD87,BE87,BF87),2) -> 964038.56 | BH87: 908878.74 | BI87: 771368.13 | BJ87: 826253.4 | BK87: =ROUND(AVERAGE(BH87,BI87,BJ87),2) -> 835500.09
A88: 78 | B88: Cambio de Manguera superior radiador | C88: 1 | D88: 352571 | E88: 300000 | F88: 320519.09 | G88: =ROUND(AVERAGE(D88,E88,F88),2) -> 324363.36 | H88: 472445.14 | I88: 402000 | J88: 429495.58 | K88: =ROUND(AVERAGE(H88,I88,J88),2) -> 434646.9 | L88: 633076.48 | M88: 538680 | N88: 575524.08 | O88: =ROUND(AVERAGE(L88,M88,N88),2) -> 582426.85 | P88: 472445.14 | Q88: 402000 | R88: 429495.58 | S88: =ROUND(AVERAGE(P88,Q88,R88),2) -> 434646.9 | T88: 685045.45 | U88: 582900 | V88: 622768.59 | W88: =ROUND(AVERAGE(T88,U88,V88),2) -> 630238.01 | X88: 543311.91 | Y88: 462300 | Z88: 493919.92 | AA88: =ROUND(AVERAGE(X88,Y88,Z88),2) -> 499843.94 | AB88: 753549.99 | AC88: 641190 | AD88: 685045.45 | AE88: =ROUND(AVERAGE(AB88,AC88,AD88),2) -> 693261.81 | AF88: 791227.49 | AG88: 673249.5 | AH88: 719297.72 | AI88: =ROUND(AVERAGE(AF88,AG88,AH88),2) -> 727924.9 | AJ88: 870350.24 | AK88: 740574.45 | AL88: 791227.49 | AM88: =ROUND(AVERAGE(AJ88,AK88,AL88),2) -> 800717.39 | AN88: 913867.75 | AO88: 777603.17 | AP88: 830788.87 | AQ88: =ROUND(AVERAGE(AN88,AO88,AP88),2) -> 840753.26 | AR88: 931274.76 | AS88: 792414.66 | AT88: 846613.42 | AU88: =ROUND(AVERAGE(AR88,AS88,AT88),2) -> 856767.61 | AV88: 1005776.7 | AW88: 855807.83 | AX88: 914342.49 | AY88: =ROUND(AVERAGE(AV88,AW88,AX88),2) -> 925309.02 | AZ88: 1206932.1 | BA88: 1026969.4 | BB88: 1097211 | BC88: =ROUND(AVERAGE(AZ88,BA88,BB88),2) -> 1110370.8 | BD88: 1206932.1 | BE88: 1026969.4 | BF88: 1097211 | BG88: =ROUND(AVERAGE(BD88,BE88,BF88),2) -> 1110370.8 | BH88: 1046007.8 | BI88: 890040.15 | BJ88: 950916.19 | BK88: =ROUND(AVERAGE(BH88,BI88,BJ88),2) -> 962321.38
A89: 79 | B89: Cambio de Moto-ventilador | C89: 1 | D89: 2665780.7 | E89: 2266000 | F89: 2423437 | G89: =ROUND(AVERAGE(D89,E89,F89),2) -> 2451739.2 | H89: 3572146.2 | I89: 3036440 | J89: 3247405.6 | K89: =ROUND(AVERAGE(H89,I89,J89),2) -> 3285330.6 | L89: 4786675.8 | M89: 4068829.6 | N89: 4351523.5 | O89: =ROUND(AVERAGE(L89,M89,N89),2) -> 4402343 | P89: 3572146.2 | Q89: 3036440 | R89: 3247405.6 | S89: =ROUND(AVERAGE(P89,Q89,R89),2) -> 3285330.6 | T89: 5179611.9 | U89: 4402838 | V89: 4708738.1 | W89: =ROUND(AVERAGE(T89,U89,V89),2) -> 4763729.3 | X89: 4107968.1 | Y89: 3491906 | Z89: 3734516.4 | AA89: =ROUND(AVERAGE(X89,Y89,Z89),2) -> 3778130.2 | AB89: 5697573.1 | AC89: 4843121.8 | AD89: 5179611.9 | AE89: =ROUND(AVERAGE(AB89,AC89,AD89),2) -> 5240102.3 | AF89: 5982451.8 | AG89: 5085277.9 | AH89: 5438592.5 | AI89: =ROUND(AVERAGE(AF89,AG89,AH89),2) -> 5502107.4 | AJ89: 6580696.9 | AK89: 5593805.7 | AL89: 5982451.8 | AM89: =ROUND(AVERAGE(AJ89,AK89,AL89),2) -> 6052318.1 | AN89: 6909731.8 | AO89: 5873496 | AP89: 6281574.4 | AQ89: =ROUND(AVERAGE(AN89,AO89,AP89),2) -> 6354934 | AR89: 7041345.7 | AS89: 5985372.1 | AT89: 6401223.4 | AU89: =ROUND(AVERAGE(AR89,AS89,AT89),2) -> 6475980.4 | AV89: 7604653.4 | AW89: 6464201.8 | AX89: 6913321.3 | AY89: =ROUND(AVERAGE(AV89,AW89,AX89),2) -> 6994058.8 | AZ89: 9125584.1 | BA89: 7757042.2 | BB89: 8295985.5 | BC89: =ROUND(AVERAGE(AZ89,BA89,BB89),2) -> 8392870.6 | BD89: 9125584.1 | BE89: 7757042.2 | BF89: 8295985.5 | BG89: =ROUND(AVERAGE(BD89,BE89,BF89),2) -> 8392870.6 | BH89: 7908839.5 | BI89: 6722769.9 | BJ89: 7189854.1 | BK89: =ROUND(AVERAGE(BH89,BI89,BJ89),2) -> 7273821.2
A90: 80 | B90: Cambio de Patin tensor correa accesorios | C90: 1 | D90: 683321.29 | E90: 581000 | F90: 621201.17 | G90: =ROUND(AVERAGE(D90,E90,F90),2) -> 628507.49 | H90: 915650.53 | I90: 778540 | J90: 832409.57 | K90: =ROUND(AVERAGE(H90,I90,J90),2) -> 842200.03 | L90: 1226971.7 | M90: 1043243.6 | N90: 1115428.8 | O90: =ROUND(AVERAGE(L90,M90,N90),2) -> 1128548 | P90: 915650.53 | Q90: 778540 | R90: 832409.57 | S90: =ROUND(AVERAGE(P90,Q90,R90),2) -> 842200.03 | T90: 1327693.3 | U90: 1128883 | V90: 1206993.9 | W90: =ROUND(AVERAGE(T90,U90,V90),2) -> 1221190.1 | X90: 1052998.1 | Y90: 895321 | Z90: 957271.01 | AA90: =ROUND(AVERAGE(X90,Y90,Z90),2) -> 968530.04 | AB90: 1460462.6 | AC90: 1241771.3 | AD90: 1327693.3 | AE90: =ROUND(AVERAGE(AB90,AC90,AD90),2) -> 1343309.1 | AF90: 1533485.7 | AG90: 1303859.9 | AH90: 1394077.9 | AI90: =ROUND(AVERAGE(AF90,AG90,AH90),2) -> 1410474.5 | AJ90: 1686834.3 | AK90: 1434245.9 | AL90: 1533485.7 | AM90: =ROUND(AVERAGE(AJ90,AK90,AL90),2) -> 1551522 | AN90: 1771176 | AO90: 1505958.1 | AP90: 1610160 | AQ90: =ROUND(AVERAGE(AN90,AO90,AP90),2) -> 1629098.1 | AR90: 1804912.7 | AS90: 1534643.1 | AT90: 1640829.7 | AU90: =ROUND(AVERAGE(AR90,AS90,AT90),2) -> 1660128.5 | AV90: 1949305.7 | AW90: 1657414.5 | AX90: 1772096.1 | AY90: =ROUND(AVERAGE(AV90,AW90,AX90),2) -> 1792938.8 | AZ90: 2339166.9 | BA90: 1988897.4 | BB90: 2126515.3 | BC90: =ROUND(AVERAGE(AZ90,BA90,BB90),2) -> 2151526.5 | BD90: 2339166.9 | BE90: 1988897.4 | BF90: 2126515.3 | BG90: =ROUND(AVERAGE(BD90,BE90,BF90),2) -> 2151526.5 | BH90: 2027277.9 | BI90: 1723711.1 | BJ90: 1842979.9 | BK90: =ROUND(AVERAGE(BH90,BI90,BJ90),2) -> 1864656.3
A91: 81 | B91: Cambio de Polea cigüeñal | C91: 1 | D91: 835851.24 | E91: 710000 | F91: 759864.77 | G91: =ROUND(AVERAGE(D91,E91,F91),2) -> 768572 | H91: 1120040.7 | I91: 951400 | J91: 1018218.8 | K91: =ROUND(AVERAGE(H91,I91,J91),2) -> 1029886.5 | L91: 1500854.5 | M91: 1274876 | N91: 1364413.2 | O91: =ROUND(AVERAGE(L91,M91,N91),2) -> 1380047.9 | P91: 1120040.7 | Q91: 951400 | R91: 1018218.8 | S91: =ROUND(AVERAGE(P91,Q91,R91),2) -> 1029886.5 | T91: 1624059 | U91: 1379530 | V91: 1476417.2 | W91: =ROUND(AVERAGE(T91,U91,V91),2) -> 1493335.4 | X91: 1288046.8 | Y91: 1094110 | Z91: 1170951.6 | AA91: =ROUND(AVERAGE(X91,Y91,Z91),2) -> 1184369.5 | AB91: 1786464.9 | AC91: 1517483 | AD91: 1624059 | AE91: =ROUND(AVERAGE(AB91,AC91,AD91),2) -> 1642668.9 | AF91: 1875788.1 | AG91: 1593357.2 | AH91: 1705261.9 | AI91: =ROUND(AVERAGE(AF91,AG91,AH91),2) -> 1724802.4 | AJ91: 2063366.9 | AK91: 1752692.9 | AL91: 1875788.1 | AM91: =ROUND(AVERAGE(AJ91,AK91,AL91),2) -> 1897282.6 | AN91: 2166535.3 | AO91: 1840327.5 | AP91: 1969577.5 | AQ91: =ROUND(AVERAGE(AN91,AO91,AP91),2) -> 1992146.8 | AR91: 2207802.6 | AS91: 1875381.4 | AT91: 2007093.3 | AU91: =ROUND(AVERAGE(AR91,AS91,AT91),2) -> 2030092.4 | AV91: 2384426.8 | AW91: 2025411.9 | AX91: 2167660.7 | AY91: =ROUND(AVERAGE(AV91,AW91,AX91),2) -> 2192499.8 | AZ91: 2861312.2 | BA91: 2430494.2 | BB91: 2601192.9 | BC91: =ROUND(AVERAGE(AZ91,BA91,BB91),2) -> 2630999.8 | BD91: 2861312.2 | BE91: 2430494.2 | BF91: 2601192.9 | BG91: =ROUND(AVERAGE(BD91,BE91,BF91),2) -> 2630999.8 | BH91: 2479803.9 | BI91: 2106428.3 | BJ91: 2254367.2 | BK91: =ROUND(AVERAGE(BH91,BI91,BJ91),2) -> 2280199.8
A92: 82 | B92: Cambio de Radiador | C92: 1 | D92: 847997.74 | E92: 721000 | F92: 770907.04 | G92: =ROUND(AVERAGE(D92,E92,F92),2) -> 779968.26 | H92: 1136317 | I92: 966140 | J92: 1033015.4 | K92: =ROUND(AVERAGE(H92,I92,J92),2) -> 1045157.5 | L92: 1522664.7 | M92: 1294627.6 | N92: 1384240.7 | O92: =ROUND(AVERAGE(L92,M92,N92),2) -> 1400511 | P92: 1136317 | Q92: 966140 | R92: 1033015.4 | S92: =ROUND(AVERAGE(P92,Q92,R92),2) -> 1045157.5 | T92: 1647659.6 | U92: 1400903 | V92: 1497872.4 | W92: =ROUND(AVERAGE(T92,U92,V92),2) -> 1515478.3 | X92: 1306764.5 | Y92: 1111061 | Z92: 1187967.7 | AA92: =ROUND(AVERAGE(X92,Y92,Z92),2) -> 1201931.1 | AB92: 1812425.6 | AC92: 1540993.3 | AD92: 1647659.6 | AE92: =ROUND(AVERAGE(AB92,AC92,AD92),2) -> 1667026.2 | AF92: 1903046.9 | AG92: 1618043 | AH92: 1730042.6 | AI92: =ROUND(AVERAGE(AF92,AG92,AH92),2) -> 1750377.5 | AJ92: 2093351.5 | AK92: 1779847.3 | AL92: 1903046.9 | AM92: =ROUND(AVERAGE(AJ92,AK92,AL92),2) -> 1925415.2 | AN92: 2198019.1 | AO92: 1868839.6 | AP92: 1998199.2 | AQ92: =ROUND(AVERAGE(AN92,AO92,AP92),2) -> 2021686 | AR92: 2239886.1 | AS92: 1904436.6 | AT92: 2036260.1 | AU92: =ROUND(AVERAGE(AR92,AS92,AT92),2) -> 2060194.3 | AV92: 2419077 | AW92: 2056791.5 | AX92: 2199160.9 | AY92: =ROUND(AVERAGE(AV92,AW92,AX92),2) -> 2225009.8 | AZ92: 2902892.4 | BA92: 2468149.8 | BB92: 2638993.1 | BC92: =ROUND(AVERAGE(AZ92,BA92,BB92),2) -> 2670011.8 | BD92: 2902892.4 | BE92: 2468149.8 | BF92: 2638993.1 | BG92: =ROUND(AVERAGE(BD92,BE92,BF92),2) -> 2670011.8 | BH92: 2515840.1 | BI92: 2139063.2 | BJ92: 2287127.4 | BK92: =ROUND(AVERAGE(BH92,BI92,BJ92),2) -> 2314010.2
A93: 83 | B93: Cambio de Refrigerante aire acondicionado | C93: 1 | D93: 374069.23 | E93: 318000 | F93: 340062.94 | G93: =ROUND(AVERAGE(D93,E93,F93),2) -> 344044.05 | H93: 501252.77 | I93: 426120 | J93: 455684.33 | K93: =ROUND(AVERAGE(H93,I93,J93),2) -> 461019.03 | L93: 671678.71 | M93: 571000.8 | N93: 610617.01 | O93: =ROUND(AVERAGE(L93,M93,N93),2) -> 617765.5 | P93: 501252.77 | Q93: 426120 | R93: 455684.33 | S93: =ROUND(AVERAGE(P93,Q93,R93),2) -> 461019.03 | T93: 726816.51 | U93: 617874 | V93: 660742.28 | W93: =ROUND(AVERAGE(T93,U93,V93),2) -> 668477.6 | X93: 576440.68 | Y93: 490038 | Z93: 524036.98 | AA93: =ROUND(AVERAGE(X93,Y93,Z93),2) -> 530171.89 | AB93: 799498.16 | AC93: 679661.4 | AD93: 726816.51 | AE93: =ROUND(AVERAGE(AB93,AC93,AD93),2) -> 735325.36 | AF93: 839473.07 | AG93: 713644.47 | AH93: 763157.34 | AI93: =ROUND(AVERAGE(AF93,AG93,AH93),2) -> 772091.63 | AJ93: 923420.38 | AK93: 785008.92 | AL93: 839473.07 | AM93: =ROUND(AVERAGE(AJ93,AK93,AL93),2) -> 849300.79 | AN93: 969591.4 | AO93: 824259.36 | AP93: 881446.72 | AQ93: =ROUND(AVERAGE(AN93,AO93,AP93),2) -> 891765.83 | AR93: 988059.8 | AS93: 839959.54 | AT93: 898236.19 | AU93: =ROUND(AVERAGE(AR93,AS93,AT93),2) -> 908751.84 | AV93: 1067104.6 | AW93: 907156.3 | AX93: 970095.08 | AY93: =ROUND(AVERAGE(AV93,AW93,AX93),2) -> 981451.99 | AZ93: 1280525.5 | BA93: 1088587.6 | BB93: 1164114.1 | BC93: =ROUND(AVERAGE(AZ93,BA93,BB93),2) -> 1177742.4 | BD93: 1280525.5 | BE93: 1088587.6 | BF93: 1164114.1 | BG93: =ROUND(AVERAGE(BD93,BE93,BF93),2) -> 1177742.4 | BH93: 1109788.8 | BI93: 943442.56 | BJ93: 1008898.9 | BK93: =ROUND(AVERAGE(BH93,BI93,BJ93),2) -> 1020710.1
... A110: 100 | B110: Cambio Retenedor delantero cigüeñal | C110: 1 | D110: 696542.7 | E110: 592000 | F110: 633220.64 | G110: =ROUND(AVERAGE(D110,E110,F110),2) -> 640587.78 | H110: 933367.22 | I110: 793280 | J110: 848515.66 | K110: =ROUND(AVERAGE(H110,I110,J110),2) -> 858387.63 | L110: 1250712.1 | M110: 1062995.2 | N110: 1137011 | O110: =ROUND(AVERAGE(L110,M110,N110),2) -> 1150239.4 | P110: 933367.22 | Q110: 793280 | R110: 848515.66 | S110: =ROUND(AVERAGE(P110,Q110,R110),2) -> 858387.63 | T110: 1353382.5 | U110: 1150256 | V110: 1230347.7 | W110: =ROUND(AVERAGE(T110,U110,V110),2) -> 1244662.1 | X110: 1073372.3 | Y110: 912272 | Z110: 975793 | AA110: =ROUND(AVERAGE(X110,Y110,Z110),2) -> 987145.77 | AB110: 1488720.7 | AC110: 1265281.6 | AD110: 1353382.5 | AE110: =ROUND(AVERAGE(AB110,AC110,AD110),2) -> 1369128.3 | AF110: 1563156.8 | AG110: 1328545.7 | AH110: 1421051.6 | AI110: =ROUND(AVERAGE(AF110,AG110,AH110),2) -> 1437584.7 | AJ110: 1719472.4 | AK110: 1461400.2 | AL110: 1563156.8 | AM110: =ROUND(AVERAGE(AJ110,AK110,AL110),2) -> 1581343.1 | AN110: 1805446 | AO110: 1534470.3 | AP110: 1641314.6 | AQ110: =ROUND(AVERAGE(AN110,AO110,AP110),2) -> 1660410.3 | AR110: 1839835.5 | AS110: 1563698.3 | AT110: 1672577.7 | AU110: =ROUND(AVERAGE(AR110,AS110,AT110),2) -> 1692037.2 | AV110: 1987022.3 | AW110: 1688794.1 | AX110: 1806383.9 | AY110: =ROUND(AVERAGE(AV110,AW110,AX110),2) -> 1827400.1 | AZ110: 2384426.8 | BA110: 2026553 | BB110: 2167660.7 | BC110: =ROUND(AVERAGE(AZ110,BA110,BB110),2) -> 2192880.2 | BD110: 2384426.8 | BE110: 2026553 | BF110: 2167660.7 | BG110: =ROUND(AVERAGE(BD110,BE110,BF110),2) -> 2192880.2 | BH110: 2066503.2 | BI110: 1756345.9 | BJ110: 1878639.3 | BK110: =ROUND(AVERAGE(BH110,BI110,BJ110),2) -> 1900496.1
B111: SISTEMA DE EMBRAGUE
A112: 101 | B112: Cambio de Balinera volante motor | C112: 1 | D112: 905075.55 | E112: 769000 | F112: 822795.95 | G112: =ROUND(AVERAGE(D112,E112,F112),2) -> 832290.5 | H112: 1212801.2 | I112: 1030460 | J112: 1102546.6 | K112: =ROUND(AVERAGE(H112,I112,J112),2) -> 1115269.3 | L112: 1625153.7 | M112: 1380816.4 | N112: 1477412.4 | O112: =ROUND(AVERAGE(L112,M112,N112),2) -> 1494460.8 | P112: 1212801.2 | Q112: 1030460 | R112: 1102546.6 | S112: =ROUND(AVERAGE(P112,Q112,R112),2) -> 1115269.3 | T112: 1758561.8 | U112: 1494167 | V112: 1598692.5 | W112: =ROUND(AVERAGE(T112,U112,V112),2) -> 1617140.4 | X112: 1394721.4 | Y112: 1185029 | Z112: 1267928.6 | AA112: =ROUND(AVERAGE(X112,Y112,Z112),2) -> 1282559.7 | AB112: 1934418 | AC112: 1643583.7 | AD112: 1758561.8 | AE112: =ROUND(AVERAGE(AB112,AC112,AD112),2) -> 1778854.5 | AF112: 2031138.9 | AG112: 1725762.9 | AH112: 1846489.9 | AI112: =ROUND(AVERAGE(AF112,AG112,AH112),2) -> 1867797.2 | AJ112: 2234252.8 | AK112: 1898339.2 | AL112: 2031138.9 | AM112: =ROUND(AVERAGE(AJ112,AK112,AL112),2) -> 2054576.9 | AN112: 2345965.4 | AO112: 1993256.1 | AP112: 2132695.8 | AQ112: =ROUND(AVERAGE(AN112,AO112,AP112),2) -> 2157305.8 | AR112: 2390650.4 | AS112: 2031222.9 | AT112: 2173318.6 | AU112: =ROUND(AVERAGE(AR112,AS112,AT112),2) -> 2198397.3 | AV112: 2581902.5 | AW112: 2193720.7 | AX112: 2347184.1 | AY112: =ROUND(AVERAGE(AV112,AW112,AX112),2) -> 2374269.1 | AZ112: 3098283 | BA112: 2632464.9 | BB112: 2816620.9 | BC112: =ROUND(AVERAGE(AZ112,BA112,BB112),2) -> 2849122.9 | BD112: 3098283 | BE112: 2632464.9 | BF112: 2816620.9 | BG112: =ROUND(AVERAGE(BD112,BE112,BF112),2) -> 2849122.9 | BH112: 2685178.6 | BI112: 2281469.6 | BJ112: 2441071.4 | BK112: =ROUND(AVERAGE(BH112,BI112,BJ112),2) -> 2469239.9
A113: 102 | B113: Cambio de Bomba auxiliar de embrague | C113: 1 | D113: 1257959.3 | E113: 1069000 | F113: 1143599.3 | G113: =ROUND(AVERAGE(D113,E113,F113),2) -> 1156852.9 | H113: 1685665.4 | I113: 1432460 | J113: 1532423.1 | K113: =ROUND(AVERAGE(H113,I113,J113),2) -> 1550182.9 | L113: 2258791.7 | M113: 1919496.4 | N113: 2053447 | O113: =ROUND(AVERAGE(L113,M113,N113),2) -> 2077245 | P113: 1685665.4 | Q113: 1432460 | R113: 1532423.1 | S113: =ROUND(AVERAGE(P113,Q113,R113),2) -> 1550182.9 | T113: 2444214.9 | U113: 2077067 | V113: 2222013.5 | W113: =ROUND(AVERAGE(T113,U113,V113),2) -> 2247765.1 | X113: 1938515.3 | Y113: 1647329 | Z113: 1762286.6 | AA113: =ROUND(AVERAGE(X113,Y113,Z113),2) -> 1782710.3 | AB113: 2688636.4 | AC113: 2284773.7 | AD113: 2444214.9 | AE113: =ROUND(AVERAGE(AB113,AC113,AD113),2) -> 2472541.6 | AF113: 2823068.2 | AG113: 2399012.4 | AH113: 2566425.6 | AI113: =ROUND(AVERAGE(AF113,AG113,AH113),2) -> 2596168.7 | AJ113: 3105375 | AK113: 2638913.6 | AL113: 2823068.2 | AM113: =ROUND(AVERAGE(AJ113,AK113,AL113),2) -> 2855785.6 | AN113: 3260643.8 | AO113: 2770859.3 | AP113: 2964221.6 | AQ113: =ROUND(AVERAGE(AN113,AO113,AP113),2) -> 2998574.9 | AR113: 3322751.3 | AS113: 2823637.6 | AT113: 3020683 | AU113: =ROUND(AVERAGE(AR113,AS113,AT113),2) -> 3055690.6 | AV113: 3588571.4 | AW113: 3049528.6 | AX113: 3262337.6 | AY113: =ROUND(AVERAGE(AV113,AW113,AX113),2) -> 3300145.9 | AZ113: 4306285.6 | BA113: 3659434.3 | BB113: 3914805.1 | BC113: =ROUND(AVERAGE(AZ113,BA113,BB113),2) -> 3960175 | BD113: 4306285.6 | BE113: 3659434.3 | BF113: 3914805.1 | BG113: =ROUND(AVERAGE(BD113,BE113,BF113),2) -> 3960175 | BH113: 3732114.2 | BI113: 3171509.7 | BJ113: 3392831.1 | BK113: =ROUND(AVERAGE(BH113,BI113,BJ113),2) -> 3432151.7
A114: 103 | B114: Cambio de Bomba principal embrague | C114: 1 | D114: 1002270.2 | E114: 852000 | F114: 911154.76 | G114: =ROUND(AVERAGE(D114,E114,F114),2) -> 921808.33 | H114: 1343042.1 | I114: 1141680 | J114: 1220947.4 | K114: =ROUND(AVERAGE(H114,I114,J114),2) -> 1235223.2 | L114: 1799676.4 | M114: 1529851.2 | N114: 1636069.5 | O114: =ROUND(AVERAGE(L114,M114,N114),2) -> 1655199 | P114: 1343042.1 | Q114: 1141680 | R114: 1220947.4 | S114: =ROUND(AVERAGE(P114,Q114,R114),2) -> 1235223.2 | T114: 1947411.1 | U114: 1655436 | V114: 1770373.7 | W114: =ROUND(AVERAGE(T114,U114,V114),2) -> 1791073.6 | X114: 1544498.4 | Y114: 1312932 | Z114: 1404089.5 | AA114: =ROUND(AVERAGE(X114,Y114,Z114),2) -> 1420506.6 | AB114: 2142152.2 | AC114: 1820979.6 | AD114: 1947411.1 | AE114: =ROUND(AVERAGE(AB114,AC114,AD114),2) -> 1970180.9 | AF114: 2249259.8 | AG114: 1912028.6 | AH114: 2044781.6 | AI114: =ROUND(AVERAGE(AF114,AG114,AH114),2) -> 2068690 | AJ114: 2474185.8 | AK114: 2103231.4 | AL114: 2249259.8 | AM114: =ROUND(AVERAGE(AJ114,AK114,AL114),2) -> 2275559 | AN114: 2597895 | AO114: 2208393 | AP114: 2361722.8 | AQ114: =ROUND(AVERAGE(AN114,AO114,AP114),2) -> 2389336.9 | AR114: 2647378.8 | AS114: 2250457.6 | AT114: 2406708 | AU114: =ROUND(AVERAGE(AR114,AS114,AT114),2) -> 2434848.1 | AV114: 2859169.1 | AW114: 2430494.2 | AX114: 2599244.6 | AY114: =ROUND(AVERAGE(AV114,AW114,AX114),2) -> 2629636 | AZ114: 3431002.9 | BA114: 2916593.1 | BB114: 3119093.5 | BC114: =ROUND(AVERAGE(AZ114,BA114,BB114),2) -> 3155563.2 | BD114: 3431002.9 | BE114: 2916593.1 | BF114: 3119093.5 | BG114: =ROUND(AVERAGE(BD114,BE114,BF114),2) -> 3155563.2 | BH114: 2973535.8 | BI114: 2527714 | BJ114: 2703214.4 | BK114: =ROUND(AVERAGE(BH114,BI114,BJ114),2) -> 2734821.4
A115: 104 | B115: Cambio de Guardapolvo horquilla | C115: 1 | D115: 179713.36 | E115: 153000 | F115: 163375.78 | G115: =ROUND(AVERAGE(D115,E115,F115),2) -> 165363.05 | H115: 240815.9 | I115: 205020 | J115: 218923.55 | K115: =ROUND(AVERAGE(H115,I115,J115),2) -> 221586.48 | L115: 322693.31 | M115: 274726.8 | N115: 293357.55 | O115: =ROUND(AVERAGE(L115,M115,N115),2) -> 296925.89 | P115: 240815.9 | Q115: 205020 | R115: 218923.55 | S115: =ROUND(AVERAGE(P115,Q115,R115),2) -> 221586.48 | T115: 349183.06 | U115: 297279 | V115: 317439.14 | W115: =ROUND(AVERAGE(T115,U115,V115),2) -> 321300.4 | X115: 276938.29 | Y115: 235773 | Z115: 251762.08 | AA115: =ROUND(AVERAGE(X115,Y115,Z115),2) -> 254824.46 | AB115: 384101.36 | AC115: 327006.9 | AD115: 349183.06 | AE115: =ROUND(AVERAGE(AB115,AC115,AD115),2) -> 353430.44 | AF115: 403306.43 | AG115: 343357.25 | AH115: 366642.21 | AI115: =ROUND(AVERAGE(AF115,AG115,AH115),2) -> 371101.96 | AJ115: 443637.07 | AK115: 377692.97 | AL115: 403306.43 | AM115: =ROUND(AVERAGE(AJ115,AK115,AL115),2) -> 408212.16 | AN115: 465818.93 | AO115: 396577.62 | AP115: 423471.75 | AQ115: =ROUND(AVERAGE(AN115,AO115,AP115),2) -> 428622.77 | AR115: 474691.67 | AS115: 404131.48 | AT115: 431537.88 | AU115: =ROUND(AVERAGE(AR115,AS115,AT115),2) -> 436787.01 | AV115: 512667 | AW115: 436462 | AX115: 466060.91 | AY115: =ROUND(AVERAGE(AV115,AW115,AX115),2) -> 471729.97 | AZ115: 615200.4 | BA115: 523754.39 | BB115: 559273.09 | BC115: =ROUND(AVERAGE(AZ115,BA115,BB115),2) -> 566075.96 | BD115: 615200.4 | BE115: 523754.39 | BF115: 559273.09 | BG115: =ROUND(AVERAGE(BD115,BE115,BF115),2) -> 566075.96 | BH115: 533173.68 | BI115: 453920.48 | BJ115: 484703.35 | BK115: =ROUND(AVERAGE(BH115,BI115,BJ115),2) -> 490599.17
A116: 105 | B116: Cambio de Horquilla embrague | C116: 1 | D116: 580020.86 | E116: 493000 | F116: 527291.69 | G116: =ROUND(AVERAGE(D116,E116,F116),2) -> 533437.52 | H116: 777227.95 | I116: 660620 | J116: 706570.86 | K116: =ROUND(AVERAGE(H116,I116,J116),2) -> 714806.27 | L116: 1041485.5 | M116: 885230.8 | N116: 946804.96 | O116: =ROUND(AVERAGE(L116,M116,N116),2) -> 957840.4 | P116: 777227.95 | Q116: 660620 | R116: 706570.86 | S116: =ROUND(AVERAGE(P116,Q116,R116),2) -> 714806.27 | T116: 1126980.5 | U116: 957899 | V116: 1024527.8 | W116: =ROUND(AVERAGE(T116,U116,V116),2) -> 1036469.1 | X116: 893812.14 | Y116: 759713 | Z116: 812556.49 | AA116: =ROUND(AVERAGE(X116,Y116,Z116),2) -> 822027.21 | AB116: 1239678.6 | AC116: 1053688.9 | AD116: 1126980.5 | AE116: =ROUND(AVERAGE(AB116,AC116,AD116),2) -> 1140116 | AF116: 1301662.5 | AG116: 1106373.3 | AH116: 1183329.6 | AI116: =ROUND(AVERAGE(AF116,AG116,AH116),2) -> 1197121.8 | AJ116: 1431828.8 | AK116: 1217010.7 | AL116: 1301662.5 | AM116: =ROUND(AVERAGE(AJ116,AK116,AL116),2) -> 1316834 | AN116: 1503420.2 | AO116: 1277861.2 | AP116: 1366745.6 | AQ116: =ROUND(AVERAGE(AN116,AO116,AP116),2) -> 1382675.7 | AR116: 1532056.8 | AS116: 1302201.4 | AT116: 1392778.9 | AU116: =ROUND(AVERAGE(AR116,AS116,AT116),2) -> 1409012.4 | AV116: 1654621.3 | AW116: 1406377.5 | AX116: 1504201.2 | AY116: =ROUND(AVERAGE(AV116,AW116,AX116),2) -> 1521733.4 | AZ116: 1985545.6 | BA116: 1687653 | BB116: 1805041.4 | BC116: =ROUND(AVERAGE(AZ116,BA116,BB116),2) -> 1826080 | BD116: 1985545.6 | BE116: 1687653 | BF116: 1805041.4 | BG116: =ROUND(AVERAGE(BD116,BE116,BF116),2) -> 1826080 | BH116: 1720806.2 | BI116: 1462632.6 | BJ116: 1564369.2 | BK116: =ROUND(AVERAGE(BH116,BI116,BJ116),2) -> 1582602.7
A117: 106 | B117: Cambio de Kit embrague(disco, prensa y balinera) | C117: 1 | D117: 3873209.6 | E117: 3292000 | F117: 3521099.6 | G117: =ROUND(AVERAGE(D117,E117,F117),2) -> 3562103 | H117: 5190100.8 | I117: 4411280 | J117: 4718273.5 | K117: =ROUND(AVERAGE(H117,I117,J117),2) -> 4773218.1 | L117: 6954735.1 | M117: 5911115.2 | N117: 6322486.4 | O117: =ROUND(AVERAGE(L117,M117,N117),2) -> 6396112.2 | P117: 5190100.8 | Q117: 4411280 | R117: 4718273.5 | S117: =ROUND(AVERAGE(P117,Q117,R117),2) -> 4773218.1 | T117: 7525646.2 | U117: 6396356 | V117: 6841496.5 | W117: =ROUND(AVERAGE(T117,U117,V117),2) -> 6921166.2 | X117: 5968615.9 | Y117: 5072972 | Z117: 5426014.5 | AA117: =ROUND(AVERAGE(X117,Y117,Z117),2) -> 5489200.8 | AB117: 8278210.8 | AC117: 7035991.6 | AD117: 7525646.2 | AE117: =ROUND(AVERAGE(AB117,AC117,AD117),2) -> 7613282.8 | AF117: 8692121.3 | AG117: 7387791.2 | AH117: 7901928.5 | AI117: =ROUND(AVERAGE(AF117,AG117,AH117),2) -> 7993947 | AJ117: 9561333.5 | AK117: 8126570.3 | AL117: 8692121.3 | AM117: =ROUND(AVERAGE(AJ117,AK117,AL117),2) -> 8793341.7 | AN117: 10039400 | AO117: 8532898.8 | AP117: 9126727.4 | AQ117: =ROUND(AVERAGE(AN117,AO117,AP117),2) -> 9233008.8 | AR117: 10230627 | AS117: 8695430.2 | AT117: 9300569.8 | AU117: =ROUND(AVERAGE(AR117,AS117,AT117),2) -> 9408875.6 | AV117: 11049077 | AW117: 9391064.6 | AX117: 10044615 | AY117: =ROUND(AVERAGE(AV117,AW117,AX117),2) -> 10161586 | AZ117: 13258892 | BA117: 11269278 | BB117: 12053538 | BC117: =ROUND(AVERAGE(AZ117,BA117,BB117),2) -> 12193903 | BD117: 13258892 | BE117: 11269278 | BF117: 12053538 | BG117: =ROUND(AVERAGE(BD117,BE117,BF117),2) -> 12193903 | BH117: 11491040 | BI117: 9766707.2 | BJ117: 10446400 | BK117: =ROUND(AVERAGE(BH117,BI117,BJ117),2) -> 10568049
A118: 107 | B118: Cambio Mangueras Liquido embrague con acoples | C118: 1 | D118: 299396.17 | E118: 254000 | F118: 272178.34 | G118: =ROUND(AVERAGE(D118,E118,F118),2) -> 275191.51 | H118: 401190.87 | I118: 340360 | J118: 364718.98 | K118: =ROUND(AVERAGE(H118,I118,J118),2) -> 368756.62 | L118: 537595.77 | M118: 456082.4 | N118: 488723.43 | O118: =ROUND(AVERAGE(L118,M118,N118),2) -> 494133.87 | P118: 401190.87 | Q118: 340360 | R118: 364718.98 | S118: =ROUND(AVERAGE(P118,Q118,R118),2) -> 368756.62 | T118: 581726.77 | U118: 493522 | V118: 528842.52 | W118: =ROUND(AVERAGE(T118,U118,V118),2) -> 534697.09 | X118: 461369.51 | Y118: 391414 | Z118: 419426.82 | AA118: =ROUND(AVERAGE(X118,Y118,Z118),2) -> 424070.11 | AB118: 639899.44 | AC118: 542874.2 | AD118: 581726.77 | AE118: =ROUND(AVERAGE(AB118,AC118,AD118),2) -> 588166.8 | AF118: 671894.42 | AG118: 570017.91 | AH118: 610813.11 | AI118: =ROUND(AVERAGE(AF118,AG118,AH118),2) -> 617575.14 | AJ118: 739083.86 | AK118: 627019.7 | AL118: 671894.42 | AM118: =ROUND(AVERAGE(AJ118,AK118,AL118),2) -> 679332.66 | AN118: 776038.05 | AO118: 658370.69 | AP118: 705489.14 | AQ118: =ROUND(AVERAGE(AN118,AO118,AP118),2) -> 713299.29 | AR118: 790819.73 | AS118: 670911.08 | AT118: 718927.03 | AU118: =ROUND(AVERAGE(AR118,AS118,AT118),2) -> 726885.95 | AV118: 854085.31 | AW118: 724583.97 | AX118: 776441.19 | AY118: =ROUND(AVERAGE(AV118,AW118,AX118),2) -> 785036.82 | AZ118: 1024902.4 | BA118: 869500.76 | BB118: 931729.43 | BC118: =ROUND(AVERAGE(AZ118,BA118,BB118),2) -> 942044.18 | BD118: 1024902.4 | BE118: 869500.76 | BF118: 931729.43 | BG118: =ROUND(AVERAGE(BD118,BE118,BF118),2) -> 942044.18 | BH118: 888248.72 | BI118: 753567.33 | BJ118: 807498.84 | BK118: =ROUND(AVERAGE(BH118,BI118,BJ118),2) -> 816438.29
A119: 108 | B119: Cambio Tuberia liquido embrague con acoples | C119: 1 | D119: 277378.28 | E119: 236000 | F119: 252162.07 | G119: =ROUND(AVERAGE(D119,E119,F119),2) -> 255180.12 | H119: 371686.89 | I119: 316240 | J119: 337897.17 | K119: =ROUND(AVERAGE(H119,I119,J119),2) -> 341941.36 | L119: 498060.43 | M119: 423761.6 | N119: 452782.21 | O119: =ROUND(AVERAGE(L119,M119,N119),2) -> 458201.42 | P119: 371686.89 | Q119: 316240 | R119: 337897.17 | S119: =ROUND(AVERAGE(P119,Q119,R119),2) -> 341941.36 | T119: 538945.99 | U119: 458548 | V119: 489950.9 | W119: =ROUND(AVERAGE(T119,U119,V119),2) -> 495814.97 | X119: 427439.93 | Y119: 363676 | Z119: 388581.75 | AA119: =ROUND(AVERAGE(X119,Y119,Z119),2) -> 393232.56 | AB119: 592840.59 | AC119: 504402.8 | AD119: 538945.99 | AE119: =ROUND(AVERAGE(AB119,AC119,AD119),2) -> 545396.46 | AF119: 622482.62 | AG119: 529622.94 | AH119: 565893.29 | AI119: =ROUND(AVERAGE(AF119,AG119,AH119),2) -> 572666.28 | AJ119: 684730.88 | AK119: 582585.23 | AL119: 622482.62 | AM119: =ROUND(AVERAGE(AJ119,AK119,AL119),2) -> 629932.91 | AN119: 718967.43 | AO119: 611714.5 | AP119: 653606.75 | AQ119: =ROUND(AVERAGE(AN119,AO119,AP119),2) -> 661429.56 | AR119: 732662.05 | AS119: 623366.2 | AT119: 666056.41 | AU119: =ROUND(AVERAGE(AR119,AS119,AT119),2) -> 674028.22 | AV119: 791275.01 | AW119: 673235.5 | AX119: 719340.92 | AY119: =ROUND(AVERAGE(AV119,AW119,AX119),2) -> 727950.47 | AZ119: 949530.01 | BA119: 807882.6 | BB119: 863209.1 | BC119: =ROUND(AVERAGE(AZ119,BA119,BB119),2) -> 873540.57 | BD119: 949530.01 | BE119: 807882.6 | BF119: 863209.1 | BG119: =ROUND(AVERAGE(BD119,BE119,BF119),2) -> 873540.57 | BH119: 822926.01 | BI119: 700164.92 | BJ119: 748114.55 | BK119: =ROUND(AVERAGE(BH119,BI119,BJ119),2) -> 757068.49
A120: 109 | B120: Cambio Liquido de embrague | C120: 1 | D120: 119707.55 | E120: 102000 | F120: 108825.04 | G120: =ROUND(AVERAGE(D120,E120,F120),2) -> 110177.53 | H120: 160408.12 | I120: 136680 | J120: 145825.56 | K120: =ROUND(AVERAGE(H120,I120,J120),2) -> 147637.89 | L120: 214946.88 | M120: 183151.2 | N120: 195406.25 | O120: =ROUND(AVERAGE(L120,M120,N120),2) -> 197834.78 | P120: 160408.12 | Q120: 136680 | R120: 145825.56 | S120: =ROUND(AVERAGE(P120,Q120,R120),2) -> 147637.89 | T120: 232591.77 | U120: 198186 | V120: 211447.06 | W120: =ROUND(AVERAGE(T120,U120,V120),2) -> 214074.94 | X120: 184469.33 | Y120: 157182 | Z120: 167699.39 | AA120: =ROUND(AVERAGE(X120,Y120,Z120),2) -> 169783.58 | AB120: 255850.95 | AC120: 218004.6 | AD120: 232591.77 | AE120: =ROUND(AVERAGE(AB120,AC120,AD120),2) -> 235482.44 | AF120: 268643.49 | AG120: 228904.83 | AH120: 244221.36 | AI120: =ROUND(AVERAGE(AF120,AG120,AH120),2) -> 247256.56 | AJ120: 295507.84 | AK120: 251795.31 | AL120: 268643.49 | AM120: =ROUND(AVERAGE(AJ120,AK120,AL120),2) -> 271982.22 | AN120: 310283.23 | AO120: 264385.08 | AP120: 282075.67 | AQ120: =ROUND(AVERAGE(AN120,AO120,AP120),2) -> 285581.33 | AR120: 316193.39 | AS120: 269420.98 | AT120: 287448.54 | AU120: =ROUND(AVERAGE(AR120,AS120,AT120),2) -> 291020.97 | AV120: 341488.86 | AW120: 290974.66 | AX120: 310444.42 | AY120: =ROUND(AVERAGE(AV120,AW120,AX120),2) -> 314302.65 | AZ120: 409786.63 | BA120: 349169.6 | BB120: 372533.3 | BC120: =ROUND(AVERAGE(AZ120,BA120,BB120),2) -> 377163.18 | BD120: 409786.63 | BE120: 349169.6 | BF120: 372533.3 | BG120: =ROUND(AVERAGE(BD120,BE120,BF120),2) -> 377163.18 | BH120: 355148.42 | BI120: 302613.65 | BJ120: 322862.2 | BK120: =ROUND(AVERAGE(BH120,BI120,BJ120),2) -> 326874.75
A121: 110 | B121: Cambio de parabrisas | C121: 1 | D121: 3375383.6 | E121: 2869000 | F121: 3068530.5 | G121: =ROUND(AVERAGE(D121,E121,F121),2) -> 3104304.7 | H121: 4523014 | I121: 3844460 | J121: 4111830.9 | K121: =ROUND(AVERAGE(H121,I121,J121),2) -> 4159768.3 | L121: 6060838.8 | M121: 5151576.4 | N121: 5509853.4 | O121: =ROUND(AVERAGE(L121,M121,N121),2) -> 5574089.5 | P121: 4523014 | Q121: 3844460 | R121: 4111830.9 | S121: =ROUND(AVERAGE(P121,Q121,R121),2) -> 4159768.3 | T121: 6558370.3 | U121: 5574467 | V121: 5962154.8 | W121: =ROUND(AVERAGE(T121,U121,V121),2) -> 6031664 | X121: 5201466.1 | Y121: 4421129 | Z121: 4728605.6 | AA121: =ROUND(AVERAGE(X121,Y121,Z121),2) -> 4783733.5 | AB121: 7214207.3 | AC121: 6131913.7 | AD121: 6558370.3 | AE121: =ROUND(AVERAGE(AB121,AC121,AD121),2) -> 6634830.5 | AF121: 7574917.7 | AG121: 6438509.4 | AH121: 6886288.8 | AI121: =ROUND(AVERAGE(AF121,AG121,AH121),2) -> 6966572 | AJ121: 8332409.5 | AK121: 7082360.3 | AL121: 7574917.7 | AM121: =ROUND(AVERAGE(AJ121,AK121,AL121),2) -> 7663229.2 | AN121: 8749030 | AO121: 7436478.3 | AP121: 7953663.6 | AQ121: =ROUND(AVERAGE(AN121,AO121,AP121),2) -> 8046390.6 | AR121: 8915678.1 | AS121: 7578125.5 | AT121: 8105162 | AU121: =ROUND(AVERAGE(AR121,AS121,AT121),2) -> 8199655.2 | AV121: 9628932.4 | AW121: 8184375.6 | AX121: 8753574.9 | AY121: =ROUND(AVERAGE(AV121,AW121,AX121),2) -> 8855627.6 | AZ121: 11554719 | BA121: 9821250.7 | BB121: 10504290 | BC121: =ROUND(AVERAGE(AZ121,BA121,BB121),2) -> 10626753 | BD121: 11554719 | BE121: 9821250.7 | BF121: 10504290 | BG121: =ROUND(AVERAGE(BD121,BE121,BF121),2) -> 10626753 | BH121: 10014090 | BI121: 8511750.6 | BJ121: 9103717.9 | BK121: =ROUND(AVERAGE(BH121,BI121,BJ121),2) -> 9209852.7
...

Sheet VEHICULOS UTILITARIOS POR ITEMS
A1: ESTUDIO DE MERCADO PROCESO CUYO OBJETO ES: “LA PRESTACIÓN DEL SERVICIO DE MANTENIMIENTO GENERAL A TODO COSTO Y REVISIÓN TÉCNICO-MECÁNICA PARA LOS VEHÍCULOS PERTENECIENTES A EL GRUPO AÉREO DEL ORIENTE”.
A5: ITEM | B5: DESCRIPCIÓN / VEHÍCULO | C5: N° UNIDADES | D5: POLARIS RANGER 570 | H5: POLARIS XP900 | L5: POLARIS RANGER CREW DIESEL | P5: TOYOTA CLUBCAR | T5: JHON DEERE GATOR 4X2
D6: FUENTE 1: TALLERES REGIONALES DE TRANSPORTE NIT: 901.645.666-1 | E6: FUENTE 2: IMPORTADORA KOREA SAS NIT: 830.023.518-3 | F6: FUENTE 3: CARVIP COLOMBIA NIT: 901.663.266-5 | G6: VALOR PROMEDIO (VALOR ESTIMADO POR LA ENTIDAD) | H6: FUENTE 1: TALLERES REGIONALES DE TRANSPORTE NIT: 901.645.666-1 | I6: FUENTE 2: IMPORTADORA KOREA SAS NIT: 830.023.518-3 | J6: FUENTE 3: CARVIP COLOMBIA NIT: 901.663.266-5 | K6: VALOR PROMEDIO (VALOR ESTIMADO POR LA ENTIDAD) | L6: FUENTE 1: TALLERES REGIONALES DE TRANSPORTE NIT: 901.645.666-1 | M6: FUENTE 2: IMPORTADORA KOREA SAS NIT: 830.023.518-3 | N6: FUENTE 3: CARVIP COLOMBIA NIT: 901.663.266-5 | O6: VALOR PROMEDIO (VALOR ESTIMADO POR LA ENTIDAD) | P6: FUENTE 1: TALLERES REGIONALES DE TRANSPORTE NIT: 901.645.666-1 | Q6: FUENTE 2: IMPORTADORA KOREA SAS NIT: 830.023.518-3 | R6: FUENTE 3: CARVIP COLOMBIA NIT: 901.663.266-5 | S6: VALOR PROMEDIO (VALOR ESTIMADO POR LA ENTIDAD) | T6: FUENTE 1: TALLERES REGIONALES DE TRANSPORTE NIT: 901.645.666-1 | U6: FUENTE 2: IMPORTADORA KOREA SAS NIT: 830.023.518-3 | V6: FUENTE 3: CARVIP COLOMBIA NIT: 901.663.266-5 | W6: VALOR PROMEDIO (VALOR ESTIMADO POR LA ENTIDAD)
B7: DESCRIPCIÓN | D7: VALOR UNITARIO A TODO COSTO SIN IVA | E7: VALOR UNITARIO A TODO COSTO SIN IVA | F7: VALOR UNITARIO A TODO COSTO SIN IVA | G7: VALOR UNITARIO A TODO COSTO SIN IVA | H7: VALOR UNITARIO A TODO COSTO SIN IVA | I7: VALOR UNITARIO A TODO COSTO SIN IVA | J7: VALOR UNITARIO A TODO COSTO SIN IVA | K7: VALOR UNITARIO A TODO COSTO SIN IVA | L7: VALOR UNITARIO A TODO COSTO SIN IVA | M7: VALOR UNITARIO A TODO COSTO SIN IVA | N7: VALOR UNITARIO A TODO COSTO SIN IVA | O7: VALOR UNITARIO A TODO COSTO SIN IVA | P7: VALOR UNITARIO A TODO COSTO SIN IVA | Q7: VALOR UNITARIO A TODO COSTO SIN IVA | R7: VALOR UNITARIO A TODO COSTO SIN IVA | S7: VALOR UNITARIO A TODO COSTO SIN IVA | T7: VALOR UNITARIO A TODO COSTO SIN IVA | U7: VALOR UNITARIO A TODO COSTO SIN IVA | V7: VALOR UNITARIO A TODO COSTO SIN IVA | W7: VALOR UNITARIO A TODO COSTO SIN IVA
B8: COMPONENTES MOTOR
A9: 1 | B9: Cambio de Aceite motor | C9: 1 | D9: 584930.12 | E9: 702000 | F9: 731162.65 | G9: =ROUND(AVERAGE(D9,E9,F9),2) -> 672697.59 | H9: 543985.01 | I9: 702000 | J9: 877395.18 | K9: =ROUND(AVERAGE(H9,I9,J9),2) -> 707793.39 | L9: 571184.26 | M9: 737100 | N9: 1272223 | O9: =ROUND(AVERAGE(L9,M9,N9),2) -> 860169.09 | P9: 611167.16 | Q9: 810810 | R9: 1590278.8 | S9: =ROUND(AVERAGE(P9,Q9,R9),2) -> 1004085.3 | T9: 598943.81 | U9: 770269.5 | V9: 2099168 | W9: =ROUND(AVERAGE(T9,U9,V9),2) -> 1156127.1
A10: 2 | B10: Cambio de valvulina | C10: 1 | D10: 240853.58 | E10: 289000 | F10: 301066.97 | G10: =ROUND(AVERAGE(D10,E10,F10),2) -> 276973.52 | H10: 223993.83 | I10: 289000 | J10: 361280.37 | K10: =ROUND(AVERAGE(H10,I10,J10),2) -> 291424.73 | L10: 235193.52 | M10: 303450 | N10: 523856.53 | O10: =ROUND(AVERAGE(L10,M10,N10),2) -> 354166.68 | P10: 251657.06 | Q10: 333795 | R10: 654820.66 | S10: =ROUND(AVERAGE(P10,Q10,R10),2) -> 413424.24 | T10: 246623.92 | U10: 317105.25 | V10: 864363.28 | W10: =ROUND(AVERAGE(T10,U10,V10),2) -> 476030.82
A11: 3 | B11: Cambio Arandelas De Inyectores | C11: 1 | D11: 26343.36 | E11: 32000 | F11: 32929.2 | G11: =ROUND(AVERAGE(D11,E11,F11),2) -> 30424.19 | H11: 24499.325 | I11: 32000 | J11: 39515.04 | K11: =ROUND(AVERAGE(H11,I11,J11),2) -> 32004.79 | L11: 25724.291 | M11: 33600 | N11: 57296.808 | O11: =ROUND(AVERAGE(L11,M11,N11),2) -> 38873.7 | P11: 27524.991 | Q11: 36960 | R11: 71621.01 | S11: =ROUND(AVERAGE(P11,Q11,R11),2) -> 45368.67 | T11: 26974.492 | U11: 35112 | V11: 94539.733 | W11: =ROUND(AVERAGE(T11,U11,V11),2) -> 52208.74
A12: 4 | B12: Cambio Bomba De Inyeccion De Combustible | C12: 1 | D12: 2095103.6 | E12: 2514000 | F12: 2618879.4 | G12: =ROUND(AVERAGE(D12,E12,F12),2) -> 2409327.7 | H12: 1948446.3 | I12: 2514000 | J12: 3142655.3 | K12: =ROUND(AVERAGE(H12,I12,J12),2) -> 2535033.9 | L12: 2045868.6 | M12: 2639700 | N12: 4556850.2 | O12: =ROUND(AVERAGE(L12,M12,N12),2) -> 3080806.3 | P12: 2189079.4 | Q12: 2903670 | R12: 5696062.8 | S12: =ROUND(AVERAGE(P12,Q12,R12),2) -> 3596270.7 | T12: 2145297.8 | U12: 2758486.5 | V12: 7518802.9 | W12: =ROUND(AVERAGE(T12,U12,V12),2) -> 4140862.4
A13: 5 | B13: Cambio Bombin | C13: 1 | D13: 529931.63 | E13: 636000 | F13: 662414.54 | G13: =ROUND(AVERAGE(D13,E13,F13),2) -> 609448.72 | H13: 492836.42 | I13: 636000 | J13: 794897.45 | K13: =ROUND(AVERAGE(H13,I13,J13),2) -> 641244.62 | L13: 517478.24 | M13: 667800 | N13: 1152601.3 | O13: =ROUND(AVERAGE(L13,M13,N13),2) -> 779293.18 | P13: 553701.72 | Q13: 734580 | R13: 1440751.6 | S13: =ROUND(AVERAGE(P13,Q13,R13),2) -> 909677.78 | T13: 542627.68 | U13: 697851 | V13: 1901792.1 | W13: =ROUND(AVERAGE(T13,U13,V13),2) -> 1047423.6
A14: 6 | B14: Cambio Camisas Bloque | C14: 1 | D14: 1446035.4 | E14: 1735000 | F14: 1807544.3 | G14: =ROUND(AVERAGE(D14,E14,F14),2) -> 1662859.9 | H14: 1344812.9 | I14: 1735000 | J14: 2169053.1 | K14: =ROUND(AVERAGE(H14,I14,J14),2) -> 1749622 | L14: 1412053.6 | M14: 1821750 | N14: 3145127 | O14: =ROUND(AVERAGE(L14,M14,N14),2) -> 2126310.2 | P14: 1510897.3 | Q14: 2003925 | R14: 3931408.8 | S14: =ROUND(AVERAGE(P14,Q14,R14),2) -> 2482077 | T14: 1480679.4 | U14: 1903728.8 | V14: 5189459.6 | W14: =ROUND(AVERAGE(T14,U14,V14),2) -> 2857955.9
A15: 7 | B15: Cambio Catalizador | C15: 1 | D15: 1744575.6 | E15: 2093000 | F15: 2180719.5 | G15: =ROUND(AVERAGE(D15,E15,F15),2) -> 2006098.4 | H15: 1622455.3 | I15: 2093000 | J15: 2616863.4 | K15: =ROUND(AVERAGE(H15,I15,J15),2) -> 2110772.9 | L15: 1703578.1 | M15: 2197650 | N15: 3794451.9 | O15: =ROUND(AVERAGE(L15,M15,N15),2) -> 2565226.6 | P15: 1822828.5 | Q15: 2417415 | R15: 4743064.9 | S15: =ROUND(AVERAGE(P15,Q15,R15),2) -> 2994436.1 | T15: 1786371.9 | U15: 2296544.2 | V15: 6260845.6 | W15: =ROUND(AVERAGE(T15,U15,V15),2) -> 3447920.6
A16: 8 | B16: Cambio Cauchos Valvulas | C16: 1 | D16: 529555.3 | E16: 635000 | F16: 661944.12 | G16: =ROUND(AVERAGE(D16,E16,F16),2) -> 608833.14 | H16: 492486.43 | I16: 635000 | J16: 794332.95 | K16: =ROUND(AVERAGE(H16,I16,J16),2) -> 640606.46 | L16: 517110.75 | M16: 666750 | N16: 1151782.8 | O16: =ROUND(AVERAGE(L16,M16,N16),2) -> 778547.84 | P16: 553308.5 | Q16: 733425 | R16: 1439728.5 | S16: =ROUND(AVERAGE(P16,Q16,R16),2) -> 908820.66 | T16: 542242.33 | U16: 696753.75 | V16: 1900441.6 | W16: =ROUND(AVERAGE(T16,U16,V16),2) -> 1046479.2
A17: 9 | B17: Cambio Correa De Reparticion | C17: 1 | D17: 943844.96 | E17: 1133000 | F17: 1179806.2 | G17: =ROUND(AVERAGE(D17,E17,F17),2) -> 1085550.4 | H17: 877775.81 | I17: 1133000 | J17: 1415767.4 | K17: =ROUND(AVERAGE(H17,I17,J17),2) -> 1142181.1 | L17: 921664.6 | M17: 1189650 | N17: 2052862.8 | O17: =ROUND(AVERAGE(L17,M17,N17),2) -> 1388059.1 | P17: 986181.12 | Q17: 1308615 | R17: 2566078.5 | S17: =ROUND(AVERAGE(P17,Q17,R17),2) -> 1620291.5 | T17: 966457.5 | U17: 1243184.2 | V17: 3387223.6 | W17: =ROUND(AVERAGE(T17,U17,V17),2) -> 1865621.8
A18: 10 | B18: Cambio Cremallera Volante | C18: 1 | D18: 134834.99 | E18: 162000 | F18: 168543.74 | G18: =ROUND(AVERAGE(D18,E18,F18),2) -> 155126.25 | H18: 125396.54 | I18: 162000 | J18: 202252.49 | K18: =ROUND(AVERAGE(H18,I18,J18),2) -> 163216.35 | L18: 131666.37 | M18: 170100 | N18: 293266.11 | O18: =ROUND(AVERAGE(L18,M18,N18),2) -> 198344.16 | P18: 140883.02 | Q18: 187110 | R18: 366582.64 | S18: =ROUND(AVERAGE(P18,Q18,R18),2) -> 231525.22 | T18: 138065.36 | U18: 177754.5 | V18: 483889.08 | W18: =ROUND(AVERAGE(T18,U18,V18),2) -> 266569.65
A19: 11 | B19: Suministro Y Cambio Damper Cigüeñal | C19: 1 | D19: 242014.84 | E19: 290000 | F19: 302518.54 | G19: =ROUND(AVERAGE(D19,E19,F19),2) -> 278177.79 | H19: 225073.8 | I19: 290000 | J19: 363022.25 | K19: =ROUND(AVERAGE(H19,I19,J19),2) -> 292698.68 | L19: 236327.49 | M19: 304500 | N19: 526382.27 | O19: =ROUND(AVERAGE(L19,M19,N19),2) -> 355736.59 | P19: 252870.41 | Q19: 334950 | R19: 657977.84 | S19: =ROUND(AVERAGE(P19,Q19,R19),2) -> 415266.08 | T19: 247813 | U19: 318202.5 | V19: 868530.74 | W19: =ROUND(AVERAGE(T19,U19,V19),2) -> 478182.08
A20: 12 | B20: Cambio Empaque Carter | C20: 1 | D20: 98491.909 | E20: 118000 | F20: 123114.89 | G20: =ROUND(AVERAGE(D20,E20,F20),2) -> 113202.27 | H20: 91597.476 | I20: 118000 | J20: 147737.86 | K20: =ROUND(AVERAGE(H20,I20,J20),2) -> 119111.78 | L20: 96177.35 | M20: 123900 | N20: 214219.9 | O20: =ROUND(AVERAGE(L20,M20,N20),2) -> 144765.75 | P20: 102909.76 | Q20: 136290 | R20: 267774.88 | S20: =ROUND(AVERAGE(P20,Q20,R20),2) -> 168991.55 | T20: 100851.57 | U20: 129475.5 | V20: 353462.84 | W20: =ROUND(AVERAGE(T20,U20,V20),2) -> 194596.64
... A26: 18 | B26: Cambio Guia De Valvula | C26: 1 | D26: 422031.38 | E26: 506000 | F26: 527539.23 | G26: =ROUND(AVERAGE(D26,E26,F26),2) -> 485190.2 | H26: 392489.18 | I26: 506000 | J26: 633047.07 | K26: =ROUND(AVERAGE(H26,I26,J26),2) -> 510512.08 | L26: 412113.64 | M26: 531300 | N26: 917918.25 | O26: =ROUND(AVERAGE(L26,M26,N26),2) -> 620443.97 | P26: 440961.6 | Q26: 584430 | R26: 1147397.8 | S26: =ROUND(AVERAGE(P26,Q26,R26),2) -> 724263.14 | T26: 432142.37 | U26: 555208.5 | V26: 1514565.1 | W26: =ROUND(AVERAGE(T26,U26,V26),2) -> 833971.99
A27: 19 | B27: Cambio Inyector De Combustible GASOLINA | C27: 1 | D27: 790667.2 | E27: 949000 | F27: 988334 | G27: =ROUND(AVERAGE(D27,E27,F27),2) -> 909333.73 | H27: 735320.5 | I27: 949000 | J27: 1186000.8 | K27: =ROUND(AVERAGE(H27,I27,J27),2) -> 956773.77 | L27: N/A | M27: N/A | N27: N/A | O27: N/A | P27: N/A | Q27: N/A | R27: N/A | S27: N/A | T27: 720614.09 | U27: 949000 | V27: 1565521.1 | W27: =ROUND(AVERAGE(T27,U27,V27),2) -> 1078378.4
A28: 20 | B28: Cambio Inyector De Combustible DIESEL | C28: 1 | D28: N/A | E28: N/A | F28: N/A | G28: N/A | H28: N/A | I28: N/A | J28: N/A | K28: N/A | L28: 1683173 | M28: 2171400 | N28: 1433084.3 | O28: =ROUND(AVERAGE(L28,M28,N28),2) -> 1762552.4 | P28: N/A | Q28: N/A | R28: N/A | S28: N/A | T28: N/A | U28: N/A | V28: N/A | W28: N/A
A29: 21 | B29: Cambio Piñon Cigüeñal | C29: 1 | D29: 439670.4 | E29: 528000 | F29: 549588 | G29: =ROUND(AVERAGE(D29,E29,F29),2) -> 505752.8 | H29: 408893.47 | I29: 528000 | J29: 659505.6 | K29: =ROUND(AVERAGE(H29,I29,J29),2) -> 532133.02 | L29: 429338.15 | M29: 554400 | N29: 956283.12 | O29: =ROUND(AVERAGE(L29,M29,N29),2) -> 646673.76 | P29: 459391.82 | Q29: 609840 | R29: 1195353.9 | S29: =ROUND(AVERAGE(P29,Q29,R29),2) -> 754861.91 | T29: 450203.98 | U29: 579348 | V29: 1577867.1 | W29: =ROUND(AVERAGE(T29,U29,V29),2) -> 869139.71
A30: 22 | B30: Cambio Piston | C30: 1 | D30: 1146035.2 | E30: 1375000 | F30: 1432544 | G30: =ROUND(AVERAGE(D30,E30,F30),2) -> 1317859.7 | H30: 1065812.7 | I30: 1375000 | J30: 1719052.8 | K30: =ROUND(AVERAGE(H30,I30,J30),2) -> 1386621.9 | L30: 1119103.4 | M30: 1443750 | N30: 2492626.6 | O30: =ROUND(AVERAGE(L30,M30,N30),2) -> 1685160 | P30: 1197440.6 | Q30: 1588125 | R30: 3115783.2 | S30: =ROUND(AVERAGE(P30,Q30,R30),2) -> 1967116.3 | T30: 1173491.8 | U30: 1508718.8 | V30: 4112833.8 | W30: =ROUND(AVERAGE(T30,U30,V30),2) -> 2265014.8
A31: 23 | B31: Cambio Polea Con Rodamiento | C31: 1 | D31: 711600 | E31: 854000 | F31: 889500 | G31: =ROUND(AVERAGE(D31,E31,F31),2) -> 818366.67 | H31: 661788 | I31: 854000 | J31: 1067400 | K31: =ROUND(AVERAGE(H31,I31,J31),2) -> 861062.67 | L31: 694877.4 | M31: 896700 | N31: 1547730 | O31: =ROUND(AVERAGE(L31,M31,N31),2) -> 1046435.8 | P31: 743518.82 | Q31: 986370 | R31: 1934662.5 | S31: =ROUND(AVERAGE(P31,Q31,R31),2) -> 1221517.1 | T31: 728648.44 | U31: 937051.5 | V31: 2553754.5 | W31: =ROUND(AVERAGE(T31,U31,V31),2) -> 1406484.8
A32: 24 | B32: Cambio Punta De Inyector DIESEL | C32: 1 | D32: N/A | E32: N/A | F32: N/A | G32: N/A | H32: N/A | I32: N/A | J32: N/A | K32: N/A | L32: 694877.4 | M32: 896700 | N32: 1289775 | O32: =ROUND(AVERAGE(L32,M32,N32),2) -> 960450.8 | P32: N/A | Q32: N/A | R32: N/A | S32: N/A | T32: N/A | U32: N/A | V32: N/A | W32: N/A
A33: 25 | B33: Cambio Retenedor De Inyector | C33: 1 | D33: 25311.13 | E33: 30000 | F33: 31638.913 | G33: =ROUND(AVERAGE(D33,E33,F33),2) -> 28983.35 | H33: 23539.351 | I33: 30000 | J33: 37966.696 | K33: =ROUND(AVERAGE(H33,I33,J33),2) -> 30502.02 | L33: 24716.319 | M33: 31500 | N33: 55051.709 | O33: =ROUND(AVERAGE(L33,M33,N33),2) -> 37089.34 | P33: 26446.461 | Q33: 34650 | R33: 68814.636 | S33: =ROUND(AVERAGE(P33,Q33,R33),2) -> 43303.7 | T33: 25917.532 | U33: 32917.5 | V33: 90835.319 | W33: =ROUND(AVERAGE(T33,U33,V33),2) -> 49890.12
A34: 26 | B34: Cambio Silenciador | C34: 1 | D34: 1321469 | E34: 1586000 | F34: 1651836.2 | G34: =ROUND(AVERAGE(D34,E34,F34),2) -> 1519768.4 | H34: 1228966.1 | I34: 1586000 | J34: 1982203.4 | K34: =ROUND(AVERAGE(H34,I34,J34),2) -> 1599056.5 | L34: 1290414.4 | M34: 1665300 | N34: 2874195 | O34: =ROUND(AVERAGE(L34,M34,N34),2) -> 1943303.1 | P34: 1380743.4 | Q34: 1831830 | R34: 3592743.7 | S34: =ROUND(AVERAGE(P34,Q34,R34),2) -> 2268439.1 | T34: 1353128.6 | U34: 1740238.5 | V34: 4742421.7 | W34: =ROUND(AVERAGE(T34,U34,V34),2) -> 2611929.6
A35: 27 | B35: Cambio Soporte De Bateria | C35: 1 | D35: 9139.5331 | E35: 11000 | F35: 11424.416 | G35: =ROUND(AVERAGE(D35,E35,F35),2) -> 10521.32 | H35: 8499.7658 | I35: 11000 | J35: 13709.3 | K35: =ROUND(AVERAGE(H35,I35,J35),2) -> 11069.69 | L35: 8924.7541 | M35: 11550 | N35: 19878.484 | O35: =ROUND(AVERAGE(L35,M35,N35),2) -> 13451.08 | P35: 9549.4868 | Q35: 12705 | R35: 24848.106 | S35: =ROUND(AVERAGE(P35,Q35,R35),2) -> 15700.86 | T35: 9358.4971 | U35: 12069.75 | V35: 32799.499 | W35: =ROUND(AVERAGE(T35,U35,V35),2) -> 18075.92
A36: 28 | B36: Cambio Tapon De Motor | C36: 1 | D36: 13483.499 | E36: 16000 | F36: 16854.374 | G36: =ROUND(AVERAGE(D36,E36,F36),2) -> 15445.96 | H36: 12539.654 | I36: 16000 | J36: 20225.249 | K36: =ROUND(AVERAGE(H36,I36,J36),2) -> 16254.97 | L36: 13166.637 | M36: 16800 | N36: 29326.611 | O36: =ROUND(AVERAGE(L36,M36,N36),2) -> 19764.42 | P36: 14088.302 | Q36: 18480 | R36: 36658.264 | S36: =ROUND(AVERAGE(P36,Q36,R36),2) -> 23075.52 | T36: 13806.536 | U36: 17556 | V36: 48388.908 | W36: =ROUND(AVERAGE(T36,U36,V36),2) -> 26583.81
A37: 29 | B37: Cambio Valvulas Admision Y Escape | C37: 1 | D37: 530899.35 | E37: 637000 | F37: 663624.19 | G37: =ROUND(AVERAGE(D37,E37,F37),2) -> 610507.84 | H37: 493736.39 | I37: 637000 | J37: 796349.02 | K37: =ROUND(AVERAGE(H37,I37,J37),2) -> 642361.81 | L37: 518423.21 | M37: 668850 | N37: 1154706.1 | O37: =ROUND(AVERAGE(L37,M37,N37),2) -> 780659.77 | P37: 554712.84 | Q37: 735735 | R37: 1443382.6 | S37: =ROUND(AVERAGE(P37,Q37,R37),2) -> 911276.81 | T37: 543618.58 | U37: 698948.25 | V37: 1905265 | W37: =ROUND(AVERAGE(T37,U37,V37),2) -> 1049277.3
A38: 30 | B38: Cambio riel de presion de combustible | C38: 1 | D38: 783849.37 | E38: 941000 | F38: 979811.71 | G38: =ROUND(AVERAGE(D38,E38,F38),2) -> 901553.69 | H38: 728979.91 | I38: 941000 | J38: 1175774 | K38: =ROUND(AVERAGE(H38,I38,J38),2) -> 948584.65 | L38: 765428.91 | M38: 988050 | N38: 1704872.4 | O38: =ROUND(AVERAGE(L38,M38,N38),2) -> 1152783.8 | P38: 819008.93 | Q38: 1086855 | R38: 2131090.5 | S38: =ROUND(AVERAGE(P38,Q38,R38),2) -> 1345651.5 | T38: 802628.75 | U38: 1032512.2 | V38: 2813039.4 | W38: =ROUND(AVERAGE(T38,U38,V38),2) -> 1549393.5
A39: 31 | B39: cambio sensor presion combustible GASOLINA | C39: 1 | D39: 970399.2 | E39: 1164000 | F39: 1212999 | G39: =ROUND(AVERAGE(D39,E39,F39),2) -> 1115799.4 | H39: 902471.26 | I39: 1164000 | J39: 1455598.8 | K39: =ROUND(AVERAGE(H39,I39,J39),2) -> 1174023.4 | L39: N/A | M39: N/A | N39: N/A | O39: N/A | P39: N/A | Q39: N/A | R39: N/A | S39: N/A | T39: 1122779.4 | U39: 1164000 | V39: 1921390.4 | W39: =ROUND(AVERAGE(T39,U39,V39),2) -> 1402723.3
A40: 32 | B40: cambio sensor presion combustible DIESEL | C40: 1 | D40: N/A | E40: N/A | F40: N/A | G40: N/A | H40: N/A | I40: N/A | J40: N/A | K40: N/A | L40: 1809863.5 | M40: 2171400 | N40: 1758848.6 | O40: =ROUND(AVERAGE(L40,M40,N40),2) -> 1913370.7 | P40: N/A | Q40: N/A | R40: N/A | S40: N/A | T40: N/A | U40: N/A | V40: N/A | W40: N/A
A41: 33 | B41: Cambio sensor flujo de aire | C41: 1 | D41: 1483839.2 | E41: 1781000 | F41: 1854799 | G41: =ROUND(AVERAGE(D41,E41,F41),2) -> 1706546.1 | H41: 1379970.5 | I41: 1781000 | J41: 2225758.8 | K41: =ROUND(AVERAGE(H41,I41,J41),2) -> 1795576.4 | L41: 1448969 | M41: 1870050 | N41: 3227350.3 | O41: =ROUND(AVERAGE(L41,M41,N41),2) -> 2182123.1 | P41: 1550396.8 | Q41: 2057055 | R41: 4034187.8 | S41: =ROUND(AVERAGE(P41,Q41,R41),2) -> 2547213.2 | T41: 1519388.9 | U41: 1954202.3 | V41: 5325127.9 | W41: =ROUND(AVERAGE(T41,U41,V41),2) -> 2932906.4
A42: 34 | B42: Cambio riel de inyeccion GASOLINA | C42: 1 | D42: 889788 | E42: 1068000 | F42: 490433 | G42: =ROUND(AVERAGE(D42,E42,F42),2) -> 816073.67 | H42: 827502.84 | I42: 1068000 | J42: 588519.6 | K42: =ROUND(AVERAGE(H42,I42,J42),2) -> 828007.48 | L42: N/A | M42: N/A | N42: N/A | O42: N/A | P42: N/A | Q42: N/A | R42: N/A | S42: N/A | T42: 1419989.6 | U42: 1068000 | V42: 776845.87 | W42: =ROUND(AVERAGE(T42,U42,V42),2) -> 1088278.5
A43: 35 | B43: Cambio riel de inyeccion DIESEL | C43: 1 | D43: N/A | E43: N/A | F43: N/A | G43: N/A | H43: N/A | I43: N/A | J43: N/A | K43: N/A | L43: 1448969 | M43: 1870050 | N43: 711127.85 | O43: =ROUND(AVERAGE(L43,M43,N43),2) -> 1343382.3 | P43: N/A | Q43: N/A | R43: N/A | S43: N/A | T43: N/A | U43: N/A | V43: N/A | W43: N/A
A44: 36 | B44: Cambio pedal de acelerador | C44: 1 | D44: 107934.91 | E44: 130000 | F44: 134918.64 | G44: =ROUND(AVERAGE(D44,E44,F44),2) -> 124284.51 | H44: 100379.47 | I44: 130000 | J44: 161902.36 | K44: =ROUND(AVERAGE(H44,I44,J44),2) -> 130760.61 | L44: N/A | M44: N/A | N44: N/A | O44: N/A | P44: N/A | Q44: N/A | R44: N/A | S44: N/A | T44: 1419989.6 | U44: 130000 | V44: 213711.12 | W44: =ROUND(AVERAGE(T44,U44,V44),2) -> 587900.24
A45: 37 | B45: Cambio Ventilador O Ventaviola | C45: 1 | D45: 202294.61 | E45: 243000 | F45: 252868.26 | G45: =ROUND(AVERAGE(D45,E45,F45),2) -> 232720.96 | H45: 188133.99 | I45: 243000 | J45: 303441.92 | K45: =ROUND(AVERAGE(H45,I45,J45),2) -> 244858.64 | L45: 197540.69 | M45: 255150 | N45: 439990.78 | O45: =ROUND(AVERAGE(L45,M45,N45),2) -> 297560.49 | P45: 211368.54 | Q45: 280665 | R45: 549988.48 | S45: =ROUND(AVERAGE(P45,Q45,R45),2) -> 347340.67 | T45: 207141.17 | U45: 266631.75 | V45: 725984.79 | W45: =ROUND(AVERAGE(T45,U45,V45),2) -> 399919.23
A46: 38 | B46: Cambio de Anillos del pistón o de motor | C46: 1 | D46: 685318.36 | E46: 822000 | F46: 856647.95 | G46: =ROUND(AVERAGE(D46,E46,F46),2) -> 787988.77 | H46: 637346.07 | I46: 822000 | J46: 1027977.5 | K46: =ROUND(AVERAGE(H46,I46,J46),2) -> 829107.87 | L46: 669213.38 | M46: 863100 | N46: 1490567.4 | O46: =ROUND(AVERAGE(L46,M46,N46),2) -> 1007626.9 | P46: 716058.31 | Q46: 949410 | R46: 1863209.3 | S46: =ROUND(AVERAGE(P46,Q46,R46),2) -> 1176225.9 | T46: 701737.15 | U46: 901939.5 | V46: 2459436.3 | W46: =ROUND(AVERAGE(T46,U46,V46),2) -> 1354371
A47: 39 | B47: Cambio de Árbol de levas | C47: 1 | D47: 929934.38 | E47: 1116000 | F47: 1162418 | G47: =ROUND(AVERAGE(D47,E47,F47),2) -> 1069450.8 | H47: 864838.98 | I47: 1116000 | J47: 1394901.6 | K47: =ROUND(AVERAGE(H47,I47,J47),2) -> 1125246.9 | L47: 908080.93 | M47: 1171800 | N47: 2022607.3 | O47: =ROUND(AVERAGE(L47,M47,N47),2) -> 1367496.1 | P47: 971646.59 | Q47: 1288980 | R47: 2528259.1 | S47: =ROUND(AVERAGE(P47,Q47,R47),2) -> 1596295.2 | T47: 952213.66 | U47: 1224531 | V47: 3337302 | W47: =ROUND(AVERAGE(T47,U47,V47),2) -> 1838015.6
A48: 40 | B48: Cambio de Biela | C48: 1 | D48: 215760.52 | E48: 259000 | F48: 269700.65 | G48: =ROUND(AVERAGE(D48,E48,F48),2) -> 248153.72 | H48: 200657.28 | I48: 259000 | J48: 323640.77 | K48: =ROUND(AVERAGE(H48,I48,J48),2) -> 261099.35 | L48: 210690.14 | M48: 271950 | N48: 469279.12 | O48: =ROUND(AVERAGE(L48,M48,N48),2) -> 317306.42 | P48: 225438.45 | Q48: 299145 | R48: 586598.9 | S48: =ROUND(AVERAGE(P48,Q48,R48),2) -> 370394.12 | T48: 220929.69 | U48: 284187.75 | V48: 774310.55 | W48: =ROUND(AVERAGE(T48,U48,V48),2) -> 426476
A49: 41 | B49: Cambio de Bloque motor | C49: 1 | D49: 1630336.3 | E49: 1956000 | F49: 2037920.4 | G49: =ROUND(AVERAGE(D49,E49,F49),2) -> 1874752.2 | H49: 1516212.8 | I49: 1956000 | J49: 2445504.5 | K49: =ROUND(AVERAGE(H49,I49,J49),2) -> 1972572.4 | L49: 1592023.4 | M49: 2053800 | N49: 3545981.5 | O49: =ROUND(AVERAGE(L49,M49,N49),2) -> 2397268.3 | P49: 1703465 | Q49: 2259180 | R49: 4432476.8 | S49: =ROUND(AVERAGE(P49,Q49,R49),2) -> 2798374 | T49: 1669395.7 | U49: 2146221 | V49: 5850869.4 | W49: =ROUND(AVERAGE(T49,U49,V49),2) -> 3222162
A50: 42 | B50: Cambio de Bomba de aceite | C50: 1 | D50: 797188.11 | E50: 957000 | F50: 996485.14 | G50: =ROUND(AVERAGE(D50,E50,F50),2) -> 916891.08 | H50: 741384.94 | I50: 957000 | J50: 1195782.2 | K50: =ROUND(AVERAGE(H50,I50,J50),2) -> 964722.37 | L50: 778454.19 | M50: 1004850 | N50: 1733884.1 | O50: =ROUND(AVERAGE(L50,M50,N50),2) -> 1172396.1 | P50: 832945.98 | Q50: 1105335 | R50: 2167355.2 | S50: =ROUND(AVERAGE(P50,Q50,R50),2) -> 1368545.4 | T50: 816287.06 | U50: 1050068.2 | V50: 2860908.8 | W50: =ROUND(AVERAGE(T50,U50,V50),2) -> 1575754.7
A51: 43 | B51: Cambio de Bomba de agua | C51: 1 | D51: 539401.29 | E51: 647000 | F51: 674251.61 | G51: =ROUND(AVERAGE(D51,E51,F51),2) -> 620217.63 | H51: 501643.2 | I51: 647000 | J51: 809101.94 | K51: =ROUND(AVERAGE(H51,I51,J51),2) -> 652581.71 | L51: 2117150.1 | M51: 2541000 | N51: 1173197.8 | O51: =ROUND(AVERAGE(L51,M51,N51),2) -> 1943782.6 | P51: 2265350.6 | Q51: 2795100 | R51: 1466497.3 | S51: =ROUND(AVERAGE(P51,Q51,R51),2) -> 2175649.3 | T51: 2220043.6 | U51: 2655345 | V51: 1935776.4 | W51: =ROUND(AVERAGE(T51,U51,V51),2) -> 2270388.3
A52: 44 | B52: Cambio de Bomba combustible (con D/M tanque) | C52: 1 | D52: 2016333.4 | E52: 2420000 | F52: 2520416.7 | G52: =ROUND(AVERAGE(D52,E52,F52),2) -> 2318916.7 | H52: 1875190.1 | I52: 2420000 | J52: 3024500.1 | K52: =ROUND(AVERAGE(H52,I52,J52),2) -> 2439896.7 | L52: 1968949.6 | M52: 2541000 | N52: 4385525.1 | O52: =ROUND(AVERAGE(L52,M52,N52),2) -> 2965158.2 | P52: 2106776 | Q52: 2795100 | R52: 5481906.4 | S52: =ROUND(AVERAGE(P52,Q52,R52),2) -> 3461260.8 | T52: 2064640.5 | U52: 2655345 | V52: 7236116.5 | W52: =ROUND(AVERAGE(T52,U52,V52),2) -> 3985367.3
A53: 45 | B53: Cambio deBomba combustible (sin D/M tanque) | C53: 1 | D53: 1723679.5 | E53: 2068000 | F53: 2154599.4 | G53: =ROUND(AVERAGE(D53,E53,F53),2) -> 1982093 | H53: 1603021.9 | I53: 2068000 | J53: 2585519.3 | K53: =ROUND(AVERAGE(H53,I53,J53),2) -> 2085513.7 | L53: 1683173 | M53: 2171400 | N53: 3749002.9 | O53: =ROUND(AVERAGE(L53,M53,N53),2) -> 2534525.3 | P53: 1800995.1 | Q53: 2388540 | R53: 4686253.7 | S53: =ROUND(AVERAGE(P53,Q53,R53),2) -> 2958596.3 | T53: 1764975.2 | U53: 2269113 | V53: 6185854.8 | W53: =ROUND(AVERAGE(T53,U53,V53),2) -> 3406647.7
A54: 46 | B54: Cambio Bujía motor Gasolina | C54: 1 | D54: 173133.06 | E54: 208000 | F54: 216416.32 | G54: =ROUND(AVERAGE(D54,E54,F54),2) -> 199183.13 | H54: 161013.74 | I54: 208000 | J54: 259699.59 | K54: =ROUND(AVERAGE(H54,I54,J54),2) -> 209571.11 | L54: 169064.43 | M54: 218400 | N54: 376564.4 | O54: =ROUND(AVERAGE(L54,M54,N54),2) -> 254676.28 | P54: 180898.94 | Q54: 240240 | R54: 470705.5 | S54: =ROUND(AVERAGE(P54,Q54,R54),2) -> 297281.48 | T54: 177280.96 | U54: 228228 | V54: 621331.26 | W54: =ROUND(AVERAGE(T54,U54,V54),2) -> 342280.08
A55: 47 | B55: Cambio de Cárter | C55: 1 | D55: 274127.34 | E55: 329000 | F55: 342659.18 | G55: =ROUND(AVERAGE(D55,E55,F55),2) -> 315262.17 | H55: 254938.43 | I55: 329000 | J55: 411191.01 | K55: =ROUND(AVERAGE(H55,I55,J55),2) -> 331709.81 | L55: 267685.35 | M55: 345450 | N55: 596226.97 | O55: =ROUND(AVERAGE(L55,M55,N55),2) -> 403120.77 | P55: 286423.32 | Q55: 379995 | R55: 745283.71 | S55: =ROUND(AVERAGE(P55,Q55,R55),2) -> 470567.35 | T55: 280694.86 | U55: 360995.25 | V55: 983774.5 | W55: =ROUND(AVERAGE(T55,U55,V55),2) -> 541821.54
A56: 48 | B56: Cambio de Casquetes de bancada | C56: 1 | D56: 299867.77 | E56: 360000 | F56: 374834.71 | G56: =ROUND(AVERAGE(D56,E56,F56),2) -> 344900.83 | H56: 278877.03 | I56: 360000 | J56: 449801.65 | K56: =ROUND(AVERAGE(H56,I56,J56),2) -> 362892.89 | L56: 292820.88 | M56: 378000 | N56: 652212.4 | O56: =ROUND(AVERAGE(L56,M56,N56),2) -> 441011.09 | P56: 313318.34 | Q56: 415800 | R56: 815265.5 | S56: =ROUND(AVERAGE(P56,Q56,R56),2) -> 514794.61 | T56: 307051.97 | U56: 395010 | V56: 1076150.5 | W56: =ROUND(AVERAGE(T56,U56,V56),2) -> 592737.48
... A98: 90 | B98: Cambio Retenedor delantero cigüeñal | C98: 1 | D98: 177833.01 | E98: 213000 | F98: 222291.26 | G98: =ROUND(AVERAGE(D98,E98,F98),2) -> 204374.76 | H98: 165384.7 | I98: 213000 | J98: 266749.51 | K98: =ROUND(AVERAGE(H98,I98,J98),2) -> 215044.74 | L98: 173653.93 | M98: 223650 | N98: 386786.79 | O98: =ROUND(AVERAGE(L98,M98,N98),2) -> 261363.58 | P98: 185809.71 | Q98: 246015 | R98: 483483.49 | S98: =ROUND(AVERAGE(P98,Q98,R98),2) -> 305102.73 | T98: 182093.51 | U98: 233714.25 | V98: 638198.21 | W98: =ROUND(AVERAGE(T98,U98,V98),2) -> 351335.33
B99: SISTEMA DE TRASMISION
A100: 91 | B100: Cambio de Balinera volante motor | C100: 1 | D100: 194993.29 | E100: 234000 | F100: 243741.62 | G100: =ROUND(AVERAGE(D100,E100,F100),2) -> 224244.97 | H100: 181343.76 | I100: 234000 | J100: 292489.94 | K100: =ROUND(AVERAGE(H100,I100,J100),2) -> 235944.57 | L100: 190410.95 | M100: 245700 | N100: 424110.41 | O100: =ROUND(AVERAGE(L100,M100,N100),2) -> 286740.45 | P100: 203739.72 | Q100: 270270 | R100: 530138.02 | S100: =ROUND(AVERAGE(P100,Q100,R100),2) -> 334715.91 | T100: 199664.92 | U100: 256756.5 | V100: 699782.18 | W100: =ROUND(AVERAGE(T100,U100,V100),2) -> 385401.2
A101: 92 | B101: Cambio correa de transmision | C101: 1 | D101: 503331.9 | E101: 604000 | F101: 629164.88 | G101: =ROUND(AVERAGE(D101,E101,F101),2) -> 578832.26 | H101: 468098.67 | I101: 604000 | J101: 754997.86 | K101: =ROUND(AVERAGE(H101,I101,J101),2) -> 609032.18 | L101: 491503.6 | M101: 634200 | N101: 1094746.9 | O101: =ROUND(AVERAGE(L101,M101,N101),2) -> 740150.16 | P101: 525908.86 | Q101: 697620 | R101: 1368433.6 | S101: =ROUND(AVERAGE(P101,Q101,R101),2) -> 863987.49 | T101: 515390.68 | U101: 662739 | V101: 1806332.4 | W101: =ROUND(AVERAGE(T101,U101,V101),2) -> 994820.68
B102: SISTEMA DE DIRECCION
A103: 93 | B103: Cambio de Amortiguador dirección | C103: 1 | D103: 311869.04 | E103: 374000 | F103: 389836.3 | G103: =ROUND(AVERAGE(D103,E103,F103),2) -> 358568.45 | H103: 290038.21 | I103: 374000 | J103: 467803.56 | K103: =ROUND(AVERAGE(H103,I103,J103),2) -> 377280.59 | L103: 304540.12 | M103: 392700 | N103: 678315.16 | O103: =ROUND(AVERAGE(L103,M103,N103),2) -> 458518.42 | P103: 325857.92 | Q103: 431970 | R103: 847893.95 | S103: =ROUND(AVERAGE(P103,Q103,R103),2) -> 535240.62 | T103: 319340.77 | U103: 410371.5 | V103: 1119220 | W103: =ROUND(AVERAGE(T103,U103,V103),2) -> 616310.76
A104: 94 | B104: Cambio de Brazo axial dirección | C104: 1 | D104: 304742.6 | E104: 366000 | F104: 380928.25 | G104: =ROUND(AVERAGE(D104,E104,F104),2) -> 350556.95 | H104: 283410.62 | I104: 366000 | J104: 457113.9 | K104: =ROUND(AVERAGE(H104,I104,J104),2) -> 368841.51 | L104: 297581.15 | M104: 384300 | N104: 662815.16 | O104: =ROUND(AVERAGE(L104,M104,N104),2) -> 448232.1 | P104: 318411.83 | Q104: 422730 | R104: 828518.95 | S104: =ROUND(AVERAGE(P104,Q104,R104),2) -> 523220.26 | T104: 312043.59 | U104: 401593.5 | V104: 1093645 | W104: =ROUND(AVERAGE(T104,U104,V104),2) -> 602427.37
A105: 95 | B105: Cambio de Caja de dirección | C105: 1 | D105: 1778330.1 | E105: 2134000 | F105: 2222912.6 | G105: =ROUND(AVERAGE(D105,E105,F105),2) -> 2045080.9 | H105: 1653847 | I105: 2134000 | J105: 2667495.1 | K105: =ROUND(AVERAGE(H105,I105,J105),2) -> 2151780.7 | L105: 1736539.3 | M105: 2240700 | N105: 3867867.9 | O105: =ROUND(AVERAGE(L105,M105,N105),2) -> 2615035.8 | P105: 1858097.1 | Q105: 2464770 | R105: 4834834.9 | S105: =ROUND(AVERAGE(P105,Q105,R105),2) -> 3052567.3 | T105: 1820935.1 | U105: 2341531.5 | V105: 6381982.1 | W105: =ROUND(AVERAGE(T105,U105,V105),2) -> 3514816.2
A106: 96 | B106: Cambio de Empaquetadura completa caja dirección | C106: 1 | D106: 375449.53 | E106: 451000 | F106: 469311.91 | G106: =ROUND(AVERAGE(D106,E106,F106),2) -> 431920.48 | H106: 349168.06 | I106: 451000 | J106: 563174.3 | K106: =ROUND(AVERAGE(H106,I106,J106),2) -> 454447.45 | L106: 366626.47 | M106: 473550 | N106: 816602.73 | O106: =ROUND(AVERAGE(L106,M106,N106),2) -> 552259.73 | P106: 392290.32 | Q106: 520905 | R106: 1020753.4 | S106: =ROUND(AVERAGE(P106,Q106,R106),2) -> 644649.58 | T106: 384444.51 | U106: 494859.75 | V106: 1347394.5 | W106: =ROUND(AVERAGE(T106,U106,V106),2) -> 742232.92
A107: 97 | B107: Cambio de Guarda polvos caja de dirección | C107: 1 | D107: 357414.84 | E107: 429000 | F107: 446768.55 | G107: =ROUND(AVERAGE(D107,E107,F107),2) -> 411061.13 | H107: 332395.8 | I107: 429000 | J107: 536122.26 | K107: =ROUND(AVERAGE(H107,I107,J107),2) -> 432506.02 | L107: 349015.59 | M107: 450450 | N107: 777377.27 | O107: =ROUND(AVERAGE(L107,M107,N107),2) -> 525614.29 | P107: 373446.68 | Q107: 495495 | R107: 971721.59 | S107: =ROUND(AVERAGE(P107,Q107,R107),2) -> 613554.42 | T107: 365977.75 | U107: 470720.25 | V107: 1282672.5 | W107: =ROUND(AVERAGE(T107,U107,V107),2) -> 706456.83
A108: 98 | B108: Cambio de Bujes caja dirección | C108: 1 | D108: 188981.73 | E108: 227000 | F108: 236227.16 | G108: =ROUND(AVERAGE(D108,E108,F108),2) -> 217402.96 | H108: 175753.01 | I108: 227000 | J108: 283472.59 | K108: =ROUND(AVERAGE(H108,I108,J108),2) -> 228741.87 | L108: 184540.66 | M108: 238350 | N108: 411035.26 | O108: =ROUND(AVERAGE(L108,M108,N108),2) -> 277975.31 | P108: 197458.5 | Q108: 262185 | R108: 513794.08 | S108: =ROUND(AVERAGE(P108,Q108,R108),2) -> 324479.19 | T108: 193509.33 | U108: 249075.75 | V108: 678208.18 | W108: =ROUND(AVERAGE(T108,U108,V108),2) -> 373597.75
A109: 99 | B109: Cambio de Terminal dirección | C109: 1 | D109: 188981.73 | E109: 227000 | F109: 236227.16 | G109: =ROUND(AVERAGE(D109,E109,F109),2) -> 217402.96 | H109: 175753.01 | I109: 227000 | J109: 283472.59 | K109: =ROUND(AVERAGE(H109,I109,J109),2) -> 228741.87 | L109: 184540.66 | M109: 238350 | N109: 411035.26 | O109: =ROUND(AVERAGE(L109,M109,N109),2) -> 277975.31 | P109: 197458.5 | Q109: 262185 | R109: 513794.08 | S109: =ROUND(AVERAGE(P109,Q109,R109),2) -> 324479.19 | T109: 193509.33 | U109: 249075.75 | V109: 678208.18 | W109: =ROUND(AVERAGE(T109,U109,V109),2) -> 373597.75
A110: 100 | B110: Cambio de Terminal dirección corta | C110: 1 | D110: 212590.78 | E110: 255000 | F110: 265738.48 | G110: =ROUND(AVERAGE(D110,E110,F110),2) -> 244443.09 | H110: 197709.43 | I110: 255000 | J110: 318886.17 | K110: =ROUND(AVERAGE(H110,I110,J110),2) -> 257198.53 | L110: 207594.9 | M110: 267750 | N110: 462384.95 | O110: =ROUND(AVERAGE(L110,M110,N110),2) -> 312576.62 | P110: 222126.54 | Q110: 294525 | R110: 577981.19 | S110: =ROUND(AVERAGE(P110,Q110,R110),2) -> 364877.58 | T110: 217684.01 | U110: 279798.75 | V110: 762935.17 | W110: =ROUND(AVERAGE(T110,U110,V110),2) -> 420139.31
A111: 101 | B111: Cambio de Terminal dirección larga | C111: 1 | D111: 232264.99 | E111: 279000 | F111: 290331.24 | G111: =ROUND(AVERAGE(D111,E111,F111),2) -> 267198.75 | H111: 216006.44 | I111: 279000 | J111: 348397.49 | K111: =ROUND(AVERAGE(H111,I111,J111),2) -> 281134.64 | L111: 226806.77 | M111: 292950 | N111: 505176.36 | O111: =ROUND(AVERAGE(L111,M111,N111),2) -> 341644.38 | P111: 242683.24 | Q111: 322245 | R111: 631470.45 | S111: =ROUND(AVERAGE(P111,Q111,R111),2) -> 398799.56 | T111: 237829.58 | U111: 306132.75 | V111: 833541 | W111: =ROUND(AVERAGE(T111,U111,V111),2) -> 459167.77
B112: COMPONENTES DE CAJA O DIFERENCIAL
A113: 102 | B113: Cambio de Bronces sincronizadores (juego) | C113: 1 | D113: 539401.29 | E113: 647000 | F113: 674251.61 | G113: =ROUND(AVERAGE(D113,E113,F113),2) -> 620217.63 | H113: 501643.2 | I113: 647000 | J113: 809101.94 | K113: =ROUND(AVERAGE(H113,I113,J113),2) -> 652581.71 | L113: 526725.36 | M113: 679350 | N113: 1173197.8 | O113: =ROUND(AVERAGE(L113,M113,N113),2) -> 793091.06 | P113: 563596.14 | Q113: 747285 | R113: 1466497.3 | S113: =ROUND(AVERAGE(P113,Q113,R113),2) -> 925792.8 | T113: 552324.21 | U113: 709920.75 | V113: 1935776.4 | W113: =ROUND(AVERAGE(T113,U113,V113),2) -> 1066007.1
A114: 103 | B114: Cambio de Buje control cambios | C114: 1 | D114: 339374.68 | E114: 407000 | F114: 424218.35 | G114: =ROUND(AVERAGE(D114,E114,F114),2) -> 390197.68 | H114: 315618.45 | I114: 407000 | J114: 509062.02 | K114: =ROUND(AVERAGE(H114,I114,J114),2) -> 410560.16 | L114: 331399.37 | M114: 427350 | N114: 738139.93 | O114: =ROUND(AVERAGE(L114,M114,N114),2) -> 498963.1 | P114: 354597.33 | Q114: 470085 | R114: 922674.91 | S114: =ROUND(AVERAGE(P114,Q114,R114),2) -> 582452.41 | T114: 347505.38 | U114: 446580.75 | V114: 1217930.9 | W114: =ROUND(AVERAGE(T114,U114,V114),2) -> 670672.34
A115: 104 | B115: Cambio de Cardan delantero | C115: 1 | D115: 796805.55 | E115: 956000 | F115: 996006.94 | G115: =ROUND(AVERAGE(D115,E115,F115),2) -> 916270.83 | H115: 741029.17 | I115: 956000 | J115: 1195208.3 | K115: =ROUND(AVERAGE(H115,I115,J115),2) -> 964079.17 | L115: 778080.62 | M115: 1003800 | N115: 1733052.1 | O115: =ROUND(AVERAGE(L115,M115,N115),2) -> 1171644.2 | P115: 832546.27 | Q115: 1104180 | R115: 2166315.1 | S115: =ROUND(AVERAGE(P115,Q115,R115),2) -> 1367680.5 | T115: 815895.34 | U115: 1048971 | V115: 2859535.9 | W115: =ROUND(AVERAGE(T115,U115,V115),2) -> 1574800.8
A116: 105 | B116: Cambio de Cardan trasero | C116: 1 | D116: 685318.36 | E116: 822000 | F116: 856647.95 | G116: =ROUND(AVERAGE(D116,E116,F116),2) -> 787988.77 | H116: 637346.07 | I116: 822000 | J116: 1027977.5 | K116: =ROUND(AVERAGE(H116,I116,J116),2) -> 829107.87 | L116: 669213.38 | M116: 863100 | N116: 1490567.4 | O116: =ROUND(AVERAGE(L116,M116,N116),2) -> 1007626.9 | P116: 716058.31 | Q116: 949410 | R116: 1863209.3 | S116: =ROUND(AVERAGE(P116,Q116,R116),2) -> 1176225.9 | T116: 701737.15 | U116: 901939.5 | V116: 2459436.3 | W116: =ROUND(AVERAGE(T116,U116,V116),2) -> 1354371
A117: 106 | B117: Cambio de Corona y speed | C117: 1 | D117: 1343311.4 | E117: 1612000 | F117: 1679139.3 | G117: =ROUND(AVERAGE(D117,E117,F117),2) -> 1544816.9 | H117: 1249279.6 | I117: 1612000 | J117: 2014967.1 | K117: =ROUND(AVERAGE(H117,I117,J117),2) -> 1625415.6 | L117: 1311743.6 | M117: 1692600 | N117: 2921702.3 | O117: =ROUND(AVERAGE(L117,M117,N117),2) -> 1975348.6 | P117: 1403565.7 | Q117: 1861860 | R117: 3652127.9 | S117: =ROUND(AVERAGE(P117,Q117,R117),2) -> 2305851.2 | T117: 1375494.3 | U117: 1768767 | V117: 4820808.9 | W117: =ROUND(AVERAGE(T117,U117,V117),2) -> 2655023.4
A118: 107 | B118: Cambio de Cruceta cardan | C118: 1 | D118: 307207.34 | E118: 369000 | F118: 384009.18 | G118: =ROUND(AVERAGE(D118,E118,F118),2) -> 353405.51 | H118: 285702.83 | I118: 369000 | J118: 460811.01 | K118: =ROUND(AVERAGE(H118,I118,J118),2) -> 371837.95 | L118: 299987.97 | M118: 387450 | N118: 668175.97 | O118: =ROUND(AVERAGE(L118,M118,N118),2) -> 451871.31 | P118: 320987.13 | Q118: 426195 | R118: 835219.96 | S118: =ROUND(AVERAGE(P118,Q118,R118),2) -> 527467.36 | T118: 314567.39 | U118: 404885.25 | V118: 1102490.4 | W118: =ROUND(AVERAGE(T118,U118,V118),2) -> 607314.33
A119: 108 | B119: Cambio de Palanca de cambio | C119: 1 | D119: 288806.49 | E119: 347000 | F119: 361008.11 | G119: =ROUND(AVERAGE(D119,E119,F119),2) -> 332271.53 | H119: 268590.04 | I119: 347000 | J119: 433209.74 | K119: =ROUND(AVERAGE(H119,I119,J119),2) -> 349599.92 | L119: 282019.54 | M119: 364350 | N119: 628154.12 | O119: =ROUND(AVERAGE(L119,M119,N119),2) -> 424841.22 | P119: 301760.91 | Q119: 400785 | R119: 785192.65 | S119: =ROUND(AVERAGE(P119,Q119,R119),2) -> 495912.85 | T119: 295725.69 | U119: 380745.75 | V119: 1036454.3 | W119: =ROUND(AVERAGE(T119,U119,V119),2) -> 570975.24
A120: 109 | B120: Cambio de Planetarios | C120: 1 | D120: 490215.76 | E120: 588000 | F120: 612769.7 | G120: =ROUND(AVERAGE(D120,E120,F120),2) -> 563661.82 | H120: 455900.66 | I120: 588000 | J120: 735323.64 | K120: =ROUND(AVERAGE(H120,I120,J120),2) -> 593074.77 | L120: 478695.69 | M120: 617400 | N120: 1066219.3 | O120: =ROUND(AVERAGE(L120,M120,N120),2) -> 720771.66 | P120: 512204.39 | Q120: 679140 | R120: 1332774.1 | S120: =ROUND(AVERAGE(P120,Q120,R120),2) -> 841372.83 | T120: 501960.3 | U120: 645183 | V120: 1759261.8 | W120: =ROUND(AVERAGE(T120,U120,V120),2) -> 968801.71
A121: 110 | B121: Cambio de Satelites | C121: 1 | D121: 685318.36 | E121: 822000 | F121: 856647.95 | G121: =ROUND(AVERAGE(D121,E121,F121),2) -> 787988.77 | H121: 637346.07 | I121: 822000 | J121: 1027977.5 | K121: =ROUND(AVERAGE(H121,I121,J121),2) -> 829107.87 | L121: 669213.38 | M121: 863100 | N121: 1490567.4 | O121: =ROUND(AVERAGE(L121,M121,N121),2) -> 1007626.9 | P121: 716058.31 | Q121: 949410 | R121: 1863209.3 | S121: =ROUND(AVERAGE(P121,Q121,R121),2) -> 1176225.9 | T121: 701737.15 | U121: 901939.5 | V121: 2459436.3 | W121: =ROUND(AVERAGE(T121,U121,V121),2) -> 1354371
A122: 111 | B122: Cambio de Soporte caja de velocidades | C122: 1 | D122: 456736.81 | E122: 548000 | F122: 570921.02 | G122: =ROUND(AVERAGE(D122,E122,F122),2) -> 525219.28 | H122: 424765.24 | I122: 548000 | J122: 685105.22 | K122: =ROUND(AVERAGE(H122,I122,J122),2) -> 552623.49 | L122: 446003.5 | M122: 575400 | N122: 993402.57 | O122: =ROUND(AVERAGE(L122,M122,N122),2) -> 671602.02 | P122: 477223.74 | Q122: 632940 | R122: 1241753.2 | S122: =ROUND(AVERAGE(P122,Q122,R122),2) -> 783972.32 | T122: 467679.27 | U122: 601293 | V122: 1639114.2 | W122: =ROUND(AVERAGE(T122,U122,V122),2) -> 902695.5
A123: 112 | B123: Cambio de Valvulina caja x 1 cuarto | C123: 1 | D123: 56836.61 | E123: 68000 | F123: 71045.763 | G123: =ROUND(AVERAGE(D123,E123,F123),2) -> 65294.12 | H123: 52858.047 | I123: 68000 | J123: 85254.915 | K123: =ROUND(AVERAGE(H123,I123,J123),2) -> 68704.32 | L123: 55500.95 | M123: 71400 | N123: 123619.63 | O123: =ROUND(AVERAGE(L123,M123,N123),2) -> 83506.86 | P123: 59386.016 | Q123: 78540 | R123: 154524.53 | S123: =ROUND(AVERAGE(P123,Q123,R123),2) -> 97483.52 | T123: 58198.296 | U123: 74613 | V123: 203972.38 | W123: =ROUND(AVERAGE(T123,U123,V123),2) -> 112261.23
A124: 113 | B124: Cambio de Valvulina transmision x 1 cuarto | C124: 1 | D124: 56836.61 | E124: 68000 | F124: 71045.763 | G124: =ROUND(AVERAGE(D124,E124,F124),2) -> 65294.12 | H124: 52858.047 | I124: 68000 | J124: 85254.915 | K124: =ROUND(AVERAGE(H124,I124,J124),2) -> 68704.32 | L124: 55500.95 | M124: 71400 | N124: 123619.63 | O124: =ROUND(AVERAGE(L124,M124,N124),2) -> 83506.86 | P124: 59386.016 | Q124: 78540 | R124: 154524.53 | S124: =ROUND(AVERAGE(P124,Q124,R124),2) -> 97483.52 | T124: 58198.296 | U124: 74613 | V124: 203972.38 | W124: =ROUND(AVERAGE(T124,U124,V124),2) -> 112261.23
... A133: 122 | B133: Cambio de Retenedores ejees | C133: 1 | D133: 245927.64 | E133: 295000 | F133: 307409.55 | G133: =ROUND(AVERAGE(D133,E133,F133),2) -> 282779.06 | H133: 228712.71 | I133: 295000 | J133: 368891.46 | K133: =ROUND(AVERAGE(H133,I133,J133),2) -> 297534.72 | L133: 240148.34 | M133: 309750 | N133: 534892.62 | O133: =ROUND(AVERAGE(L133,M133,N133),2) -> 361596.99 | P133: 256958.72 | Q133: 340725 | R133: 668615.77 | S133: =ROUND(AVERAGE(P133,Q133,R133),2) -> 422099.83 | T133: 251819.55 | U133: 323688.75 | V133: 882572.82 | W133: =ROUND(AVERAGE(T133,U133,V133),2) -> 486027.04
B134: SUSPENSIÓN
A135: 123 | B135: Cambio de Amortiguador delantero | C135: 1 | D135: 486390.22 | E135: 584000 | F135: 607987.78 | G135: =ROUND(AVERAGE(D135,E135,F135),2) -> 559459.33 | H135: 452342.91 | I135: 584000 | J135: 729585.33 | K135: =ROUND(AVERAGE(H135,I135,J135),2) -> 588642.75 | L135: 474960.05 | M135: 613200 | N135: 1057898.7 | O135: =ROUND(AVERAGE(L135,M135,N135),2) -> 715352.93 | P135: 508207.26 | Q135: 674520 | R135: 1322373.4 | S135: =ROUND(AVERAGE(P135,Q135,R135),2) -> 835033.56 | T135: 498043.11 | U135: 640794 | V135: 1745532.9 | W135: =ROUND(AVERAGE(T135,U135,V135),2) -> 961456.67
A136: 124 | B136: Cambio de Amortiguador trasero | C136: 1 | D136: 415737.94 | E136: 499000 | F136: 519672.43 | G136: =ROUND(AVERAGE(D136,E136,F136),2) -> 478136.79 | H136: 386636.29 | I136: 499000 | J136: 623606.91 | K136: =ROUND(AVERAGE(H136,I136,J136),2) -> 503081.07 | L136: 405968.1 | M136: 523950 | N136: 904230.03 | O136: =ROUND(AVERAGE(L136,M136,N136),2) -> 611382.71 | P136: 434385.87 | Q136: 576345 | R136: 1130287.5 | S136: =ROUND(AVERAGE(P136,Q136,R136),2) -> 713672.8 | T136: 425698.15 | U136: 547527.75 | V136: 1491979.5 | W136: =ROUND(AVERAGE(T136,U136,V136),2) -> 821735.15
A137: 125 | B137: Cambio de Barra estabilizadora | C137: 1 | D137: 856921.2 | E137: 1028000 | F137: 1071151.5 | G137: =ROUND(AVERAGE(D137,E137,F137),2) -> 985357.57 | H137: 796936.72 | I137: 1028000 | J137: 1285381.8 | K137: =ROUND(AVERAGE(H137,I137,J137),2) -> 1036772.8 | L137: 836783.55 | M137: 1079400 | N137: 1863803.6 | O137: =ROUND(AVERAGE(L137,M137,N137),2) -> 1259995.7 | P137: 895358.4 | Q137: 1187340 | R137: 2329754.5 | S137: =ROUND(AVERAGE(P137,Q137,R137),2) -> 1470817.6 | T137: 877451.23 | U137: 1127973 | V137: 3075276 | W137: =ROUND(AVERAGE(T137,U137,V137),2) -> 1693566.7
A138: 126 | B138: Cambio de Brazo axial | C138: 1 | D138: 457108.44 | E138: 549000 | F138: 571385.55 | G138: =ROUND(AVERAGE(D138,E138,F138),2) -> 525831.33 | H138: 425110.85 | I138: 549000 | J138: 685662.66 | K138: =ROUND(AVERAGE(H138,I138,J138),2) -> 553257.83 | L138: 446366.39 | M138: 576450 | N138: 994210.85 | O138: =ROUND(AVERAGE(L138,M138,N138),2) -> 672342.41 | P138: 477612.04 | Q138: 634095 | R138: 1242763.6 | S138: =ROUND(AVERAGE(P138,Q138,R138),2) -> 784823.53 | T138: 468059.8 | U138: 602390.25 | V138: 1640447.9 | W138: =ROUND(AVERAGE(T138,U138,V138),2) -> 903632.65
A139: 127 | B139: Cambio de Buje tijera inferior | C139: 1 | D139: 291621 | E139: 350000 | F139: 364526.24 | G139: =ROUND(AVERAGE(D139,E139,F139),2) -> 335382.41 | H139: 271207.53 | I139: 350000 | J139: 437431.49 | K139: =ROUND(AVERAGE(H139,I139,J139),2) -> 352879.67 | L139: 284767.9 | M139: 367500 | N139: 634275.67 | O139: =ROUND(AVERAGE(L139,M139,N139),2) -> 428847.86 | P139: 304701.66 | Q139: 404250 | R139: 792844.58 | S139: =ROUND(AVERAGE(P139,Q139,R139),2) -> 500598.75 | T139: 298607.62 | U139: 384037.5 | V139: 1046554.8 | W139: =ROUND(AVERAGE(T139,U139,V139),2) -> 576399.99
A140: 128 | B140: Cambio de Buje tijera superior | C140: 1 | D140: 133893.94 | E140: 161000 | F140: 167367.42 | G140: =ROUND(AVERAGE(D140,E140,F140),2) -> 154087.12 | H140: 124521.36 | I140: 161000 | J140: 200840.91 | K140: =ROUND(AVERAGE(H140,I140,J140),2) -> 162120.76 | L140: 130747.43 | M140: 169050 | N140: 291219.31 | O140: =ROUND(AVERAGE(L140,M140,N140),2) -> 197005.58 | P140: 139899.75 | Q140: 185955 | R140: 364024.14 | S140: =ROUND(AVERAGE(P140,Q140,R140),2) -> 229959.63 | T140: 137101.76 | U140: 176657.25 | V140: 480511.87 | W140: =ROUND(AVERAGE(T140,U140,V140),2) -> 264756.96
A141: 129 | B141: Cambio de Bujes barra estabilizadora (centrales con caucho) | C141: 1 | D141: 177614.41 | E141: 213000 | F141: 222018.01 | G141: =ROUND(AVERAGE(D141,E141,F141),2) -> 204210.81 | H141: 165181.4 | I141: 213000 | J141: 266421.61 | K141: =ROUND(AVERAGE(H141,I141,J141),2) -> 214867.67 | L141: 173440.47 | M141: 223650 | N141: 386311.33 | O141: =ROUND(AVERAGE(L141,M141,N141),2) -> 261133.93 | P141: 185581.3 | Q141: 246015 | R141: 482889.17 | S141: =ROUND(AVERAGE(P141,Q141,R141),2) -> 304828.49 | T141: 181869.68 | U141: 233714.25 | V141: 637413.7 | W141: =ROUND(AVERAGE(T141,U141,V141),2) -> 350999.21
A142: 130 | B142: Cambio de Grasa de litio | C142: 1 | D142: 67766.728 | E142: 81000 | F142: 84708.409 | G142: =ROUND(AVERAGE(D142,E142,F142),2) -> 77825.05 | H142: 63023.057 | I142: 81000 | J142: 101650.09 | K142: =ROUND(AVERAGE(H142,I142,J142),2) -> 81891.05 | L142: 66174.209 | M142: 85050 | N142: 147392.63 | O142: =ROUND(AVERAGE(L142,M142,N142),2) -> 99538.95 | P142: 70806.404 | Q142: 93555 | R142: 184240.79 | S142: =ROUND(AVERAGE(P142,Q142,R142),2) -> 116200.73 | T142: 69390.276 | U142: 88877.25 | V142: 243197.84 | W142: =ROUND(AVERAGE(T142,U142,V142),2) -> 133821.79
A143: 131 | B143: Cambio de Muñeco o templete estabilizadora | C143: 1 | D143: 102792.29 | E143: 123000 | F143: 128490.36 | G143: =ROUND(AVERAGE(D143,E143,F143),2) -> 118094.22 | H143: 95596.828 | I143: 123000 | J143: 154188.43 | K143: =ROUND(AVERAGE(H143,I143,J143),2) -> 124261.75 | L143: 100376.67 | M143: 129150 | N143: 223573.23 | O143: =ROUND(AVERAGE(L143,M143,N143),2) -> 151033.3 | P143: 107403.04 | Q143: 142065 | R143: 279466.53 | S143: =ROUND(AVERAGE(P143,Q143,R143),2) -> 176311.52 | T143: 105254.98 | U143: 134961.75 | V143: 368895.83 | W143: =ROUND(AVERAGE(T143,U143,V143),2) -> 203037.52
A144: 132 | B144: Cambio de Rodamiento rueda delantero interno | C144: 1 | D144: 250299.69 | E144: 300000 | F144: 312874.61 | G144: =ROUND(AVERAGE(D144,E144,F144),2) -> 287724.77 | H144: 232778.71 | I144: 300000 | J144: 375449.53 | K144: =ROUND(AVERAGE(H144,I144,J144),2) -> 302742.75 | L144: 244417.64 | M144: 315000 | N144: 544401.82 | O144: =ROUND(AVERAGE(L144,M144,N144),2) -> 367939.82 | P144: 261526.88 | Q144: 346500 | R144: 680502.27 | S144: =ROUND(AVERAGE(P144,Q144,R144),2) -> 429509.72 | T144: 256296.34 | U144: 329175 | V144: 898263 | W144: =ROUND(AVERAGE(T144,U144,V144),2) -> 494578.11
A145: 133 | B145: Cambio de Rodamiento rueda delantero externo | C145: 1 | D145: 232264.99 | E145: 279000 | F145: 290331.24 | G145: =ROUND(AVERAGE(D145,E145,F145),2) -> 267198.75 | H145: 216006.44 | I145: 279000 | J145: 348397.49 | K145: =ROUND(AVERAGE(H145,I145,J145),2) -> 281134.64 | L145: 226806.77 | M145: 292950 | N145: 505176.36 | O145: =ROUND(AVERAGE(L145,M145,N145),2) -> 341644.38 | P145: 242683.24 | Q145: 322245 | R145: 631470.45 | S145: =ROUND(AVERAGE(P145,Q145,R145),2) -> 398799.56 | T145: 237829.58 | U145: 306132.75 | V145: 833541 | W145: =ROUND(AVERAGE(T145,U145,V145),2) -> 459167.77
A146: 134 | B146: Cambio de Rodamiento trasero rueda | C146: 1 | D146: 171974.47 | E146: 206000 | F146: 214968.08 | G146: =ROUND(AVERAGE(D146,E146,F146),2) -> 197647.52 | H146: 159936.25 | I146: 206000 | J146: 257961.7 | K146: =ROUND(AVERAGE(H146,I146,J146),2) -> 207965.98 | L146: 167933.07 | M146: 216300 | N146: 374044.46 | O146: =ROUND(AVERAGE(L146,M146,N146),2) -> 252759.18 | P146: 179688.38 | Q146: 237930 | R146: 467555.58 | S146: =ROUND(AVERAGE(P146,Q146,R146),2) -> 295057.99 | T146: 176094.61 | U146: 226033.5 | V146: 617173.37 | W146: =ROUND(AVERAGE(T146,U146,V146),2) -> 339767.16
